Workbook
Name ____xlnm.Print_Area_2: #REF!
Name ____xlnm.Print_Area_3: #REF!
Name ____xlnm.Print_Area_3_1: #REF!
Name ____xlnm.Print_Titles_2: #REF!
Name ____xlnm.Print_Titles_3: #REF!
Name ___xlnm.Print_Area_2: #REF!
Name ___xlnm.Print_Area_2: #REF!
Name ___xlnm.Print_Area_3: #REF!
Name ___xlnm.Print_Area_3_1: #REF!
Name ___xlnm.Print_Titles_2: #REF!
Name ___xlnm.Print_Titles_2: #REF!
Name ___xlnm.Print_Titles_3: #REF!
Name ___xlnm.Print_Titles_3: #REF!
Name __Anonymous_Sheet_DB__0: #REF!
Name __xlnm.Print_Area_2: #REF!
Name __xlnm.Print_Area_3: #REF!
Name __xlnm.Print_Area_3_1: #REF!
Name __xlnm.Print_Titles_2: #REF!
Name __xlnm.Print_Titles_3: #REF!
Name _R10P: #REF!
Name _R10P: #REF!
Name _R10R: #REF!
Name _R10R: #REF!
Name _R10R: #REF!
Name _R11P: #REF!
Name _R11P: #REF!
Name _R11R: #REF!
Name _R12P: #REF!
Name _R12R: #REF!
Name _R13P: #REF!
Name _R13R: #REF!
Name _R14P: #REF!
Name _R14R: #REF!
Name _R15P: #REF!
Name _R15R: #REF!
Name _R16P: #REF!
Name _R16R: #REF!
Name _R17P: #REF!
Name _R17R: #REF!
Name _R18P: #REF!
Name _R18R: #REF!
Name _R19P: #REF!
Name _R19R: #REF!
Name _R1P: #REF!
Name _R1R: #REF!
Name _R20P: #REF!
Name _R20R: #REF!
Name _R21P: #REF!
Name _R21R: #REF!
Name _R22P: #REF!
Name _R22R: #REF!
Name _R23P: #REF!
Name _R23R: #REF!
Name _R24P: #REF!
Name _R24R: #REF!
Name _R2P: #REF!
Name _R2R: #REF!
Name _R3P: #REF!
Name _R3R: #REF!
Name _R4P: #REF!

Sheet faixas_ultima_medição
A1: =Dados_Obra!A2 -> USO EXCLUSIVO PARA CONVÊNIOS COM A SECID E O PARANACIDADE
B2: FAIXA DE % PARA ÚLTIMA MEDIÇÃO (MÍNIMO) | H2: REGRA DOS CONTRATOS DE ILUMINAÇÃO
B3: OBRAS DE ENGENHARIA | H3: Última medição não pode ser inferior a 25% do valor contratual (desde 2020).
B5: VALORES DOS CONTRATOS | D5: % | E5: ÚLTIMA MEDIÇÃO (VALOR MÍNIMO)
B6: INICIAL | C6: FINAL | E6: INICIAL | F6: FINAL
B7: 0 | C7: 150000 | D7: 0.15 | E7: =$D7*B7 -> 0 | F7: =$D7*C7 -> 22500
B8: =C7+1 -> 150001 | C8: 300000 | D8: 0.13 | E8: =$D8*B8 -> 19500.13 | F8: =$D8*C8 -> 39000
B9: =C8+1 -> 300001 | C9: 500000 | D9: 0.12 | E9: =$D9*B9 -> 36000.12 | F9: =$D9*C9 -> 60000
B10: =C9+1 -> 500001 | C10: =C9+500000 -> 1000000 | D10: 0.1 | E10: =$D10*B10 -> 50000.1 | F10: =$D10*C10 -> 100000
B11: =C10+1 -> 1000001 | C11: =C10+500000 -> 1500000 | D11: =D10-1% -> 0.09 | E11: =$D11*B11 -> 90000.09 | F11: =$D11*C11 -> 135000
B12: =C11+1 -> 1500001 | C12: =C11+500000 -> 2000000 | D12: =D11-1% -> 0.08 | E12: =$D12*B12 -> 120000.08 | F12: =$D12*C12 -> 160000
B13: =C12+1 -> 2000001 | C13: =C12+500000 -> 2500000 | D13: =D12-1% -> 0.07 | E13: =$D13*B13 -> 140000.07 | F13: =$D13*C13 -> 175000
B14: =C13+1 -> 2500001 | C14: =C13+500000 -> 3000000 | D14: =D13-1% -> 0.06 | E14: =$D14*B14 -> 150000.06 | F14: =$D14*C14 -> 180000
B15: =C14+1 -> 3000001 | C15: =C14+500000 -> 3500000 | D15: =D14-1% -> 0.05 | E15: =$D15*B15 -> 150000.05 | F15: =$D15*C15 -> 175000
B16: =C15+1 -> 3500001 | C16: =C15+500000 -> 4000000 | D16: =D15 -> 0.05 | E16: =$D16*B16 -> 175000.05 | F16: =$D16*C16 -> 200000
B17: =C16+1 -> 4000001 | C17: =C16+500000 -> 4500000 | D17: =D16 -> 0.05 | E17: =$D17*B17 -> 200000.05 | F17: =$D17*C17 -> 225000
B18: =C17+1 -> 4500001 | C18: =C17+500000 -> 5000000 | D18: =D17 -> 0.05 | E18: =$D18*B18 -> 225000.05 | F18: =$D18*C18 -> 250000
B19: =C18+1 -> 5000001 | C19: =C18+500000 -> 5500000 | D19: =D18 -> 0.05 | E19: =$D19*B19 -> 250000.05 | F19: =$D19*C19 -> 275000
B20: =C19+1 -> 5500001 | C20: =C19+500000 -> 6000000 | D20: =D19 -> 0.05 | E20: =$D20*B20 -> 275000.05 | F20: =$D20*C20 -> 300000
B21: =C20+1 -> 6000001 | C21: =C20+500000 -> 6500000 | D21: =D20 -> 0.05 | E21: =$D21*B21 -> 300000.05 | F21: =$D21*C21 -> 325000
B22: =C21+1 -> 6500001 | C22: =C21+500000 -> 7000000 | D22: =D21 -> 0.05 | E22: =$D22*B22 -> 325000.05 | F22: =$D22*C22 -> 350000
B23: =C22+1 -> 7000001 | C23: =C22+500000 -> 7500000 | D23: =D22 -> 0.05 | E23: =$D23*B23 -> 350000.05 | F23: =$D23*C23 -> 375000
B24: =C23+1 -> 7500001 | C24: =C23+500000 -> 8000000 | D24: =D23 -> 0.05 | E24: =$D24*B24 -> 375000.05 | F24: =$D24*C24 -> 400000
B25: Acima de R$ 3,00 milhões será de 5,0% o percentual mínimo para última medição.
B26: Para a conclusão da medição final do contrato, TODOS OS ENSAIOS TECNOLÓGICOS, deverão estar 100% APROVADOS pela fiscalização municipal e pela Supervisão do Paranacidade (preferencialmente até a penúltima medição).

Sheet Cronograma_Empresa
F1: =MEDIÇÃO_GLOBAL!F6 -> DUBAI CONSTRUÇÕES E PAVIMENTAÇÕES LTDA
B2: Município: | C2: =MEDIÇÃO_GLOBAL!F4 -> SANTA TEREZA DO OESTE | F2: SAM | G2: =MEDIÇÃO_GLOBAL!M4 -> 53 | H2: Data Assinatura Contrato | K2: Fonte do RECURSO | N2: Prioridade Nº | O2: =Dados_Obra!$L$3 -> 65 | X2: Valor Total do CONTRATO: | Y2: 0 | Z2: =IF(Y23=0,0,(Y2/Y23)) -> 0
B3: Projeto : | C3: =MEDIÇÃO_GLOBAL!F5 -> PAVIMENTAÇÃO DE VIAS URBANAS | F3: LOTE nº | G3: =MEDIÇÃO_GLOBAL!M5 -> 1 | H3: Data | I3: =MEDIÇÃO_GLOBAL!O6 -> 45926 | K3: Sigla | L3: =Dados_Obra!L6 -> PAM | X3: Contrapartida do Proponente | Y3: =Y23-Y2 -> 4250000 | Z3: =IF(Y3=0,0,1-Z2) -> 1
B4: Quantidade: | C4: =Dados_Obra!B7 -> 25069.86 | D4: =[1]Dados_Obra!D7 -> m2 | E4: CRONOGRAMA FÍSICO FINANCEIRO | X4: Valor Total | Y4: =Y23 -> 4250000 | Z4: =SUM(Z2:Z3) -> 1
B5: GRUPO | C5: SERVIÇOS | E5: Nº | F5: NÚMERO DE MEDIÇÕES / ETAPAS (%) | X5: Nº DE | Y5: TOTAL | Z5: % S/ | AD5: Controle | AE5: =IF(Y4=Y55,"OK","erro") -> OK
B6: ITEM | D6: =IF(E7<180,"Deve ser no mínimo 180 dias =","ok") -> ok | E6: =Dados_Obra!D14 -> 7 | F6: 1 | G6: 2 | H6: =IF(H7>0,G6+1,"") -> 3 | I6: =IF(I7>0,H6+1,"") -> 4 | J6: =IF(J7>0,I6+1,"") -> 5 | K6: =IF(K7>0,J6+1,"") -> 6 | L6: =IF(L7>0,K6+1,"") -> 7 | M6: =IF(M7>0,L6+1,"") | N6: =IF(N7>0,M6+1,"") | O6: =IF(O7>0,N6+1,"") | ... W6: =IF(W7>0,V6+1,"") | X6: ETAPAS | Y6: ITEM (R$) | Z6: TOTAL
D7: Número de DIAS de cada ETAPA: | E7: =SUM(F7:W7) -> 210 | F7: =Dados_Obra!E16 -> 30 | G7: =Dados_Obra!F16 -> 30 | H7: =Dados_Obra!G16 -> 30 | I7: =Dados_Obra!H16 -> 30 | J7: =Dados_Obra!I16 -> 30 | K7: =Dados_Obra!J16 -> 30 | L7: =Dados_Obra!K16 -> 30 | M7: =Dados_Obra!L16 -> 0 | ... W7: =Dados_Obra!V16 -> 0
C8: Data Início | F8: =IF(E6=0,0,I3) -> 45926 | G8: =IF(G6=0,0,F9+1) -> 45957 | H8: =IF(H6="",0,G9+1) -> 45988 | I8: =IF(I6="",0,H9+1) -> 46019 | J8: =IF(J6="",0,I9+1) -> 46050 | K8: =IF(K6="",0,J9+1) -> 46081 | L8: =IF(L6="",0,K9+1) -> 46112 | M8: =IF(M6="",0,L9+1) -> 0 | N8: =IF(N6="",0,M9+1) -> 0 | O8: =IF(O6="",0,N9+1) -> 0 | ... W8: =IF(W6="",0,V9+1) -> 0
C9: Data Fim | F9: =F8+F7 -> 45956 | G9: =G8+G7 -> 45987 | H9: =H8+H7 -> 46018 | I9: =I8+I7 -> 46049 | J9: =J8+J7 -> 46080 | K9: =K8+K7 -> 46111 | L9: =L8+L7 -> 46142 | M9: =M8+M7 -> 0 | ... W9: =W8+W7 -> 0 | BV9: Linhas Gde Itens
A10: =CONCATENATE($E$6,"|",B10) -> 7|1 | B10: 1 | C10: =RESUMO_GLOBAL!E16 -> SERVIÇOS PRELIMINARES | E10: % | F10: =IF(ISERR(RESUMO_GLOBAL!AB16),0,RESUMO_GLOBAL!AB16) -> 13.905184 | G10: =IF(ISERR(RESUMO_GLOBAL!AC16),0,RESUMO_GLOBAL!AC16) -> 27.122762 | H10: =IF(ISERR(RESUMO_GLOBAL!AD16),0,RESUMO_GLOBAL!AD16) -> 16.959425 | I10: =IF(ISERR(RESUMO_GLOBAL!AE16),0,RESUMO_GLOBAL!AE16) -> 15.481743 | J10: =IF(ISERR(RESUMO_GLOBAL!AF16),0,RESUMO_GLOBAL!AF16) -> 8.779329 | K10: =IF(ISERR(RESUMO_GLOBAL!AG16),0,RESUMO_GLOBAL!AG16) -> 17.751557 | L10: =IF(ISERR(RESUMO_GLOBAL!AH16),0,RESUMO_GLOBAL!AH16) -> 0 | M10: =IF(ISERR(RESUMO_GLOBAL!AI16),0,RESUMO_GLOBAL!AI16) -> 0 | ... W10: =IF(ISERR(RESUMO_GLOBAL!AS16),0,RESUMO_GLOBAL!AS16) -> 0 | X10: =COUNTIF(F10:W10,">0") -> 6 | Y10: =RESUMO_GLOBAL!M16 -> 40363.22 | Z10: =IF($Y$23=0,0,ROUND(Y10/$Y$23,4)) -> 0.0095 | AC10: =SUM(F10:W10) -> 100 | AD10: =Y10-Cronograma_Proposta_Empresa!X7 -> 0 | BV10: 21
A11: =CONCATENATE($E$6,"|",B11) -> 7|2 | B11: 2 | C11: =RESUMO_GLOBAL!E17 -> TERRAPLENAGEM | E11: % | F11: =IF(ISERR(RESUMO_GLOBAL!AB17),0,RESUMO_GLOBAL!AB17) -> 8.717265 | G11: =IF(ISERR(RESUMO_GLOBAL!AC17),0,RESUMO_GLOBAL!AC17) -> 10.045225 | H11: =IF(ISERR(RESUMO_GLOBAL!AD17),0,RESUMO_GLOBAL!AD17) -> 7.939795 | I11: =IF(ISERR(RESUMO_GLOBAL!AE17),0,RESUMO_GLOBAL!AE17) -> 23.829747 | J11: =IF(ISERR(RESUMO_GLOBAL!AF17),0,RESUMO_GLOBAL!AF17) -> 16.441216 | K11: =IF(ISERR(RESUMO_GLOBAL!AG17),0,RESUMO_GLOBAL!AG17) -> 24.619908 | L11: =IF(ISERR(RESUMO_GLOBAL!AH17),0,RESUMO_GLOBAL!AH17) -> 8.406845 | M11: =IF(ISERR(RESUMO_GLOBAL!AI17),0,RESUMO_GLOBAL!AI17) -> 0 | ... W11: =IF(ISERR(RESUMO_GLOBAL!AS17),0,RESUMO_GLOBAL!AS17) -> 0 | X11: =COUNTIF(F11:W11,">0") -> 7 | Y11: =RESUMO_GLOBAL!M17 -> 130561.95 | Z11: =IF($Y$23=0,0,ROUND(Y11/$Y$23,4)) -> 0.0307 | AC11: =SUM(F11:W11) -> 100 | AD11: =Y11-Cronograma_Proposta_Empresa!X8 -> 0.01 | BV11: 222
A12: =CONCATENATE($E$6,"|",B12) -> 7|3 | B12: 3 | C12: =RESUMO_GLOBAL!E18 -> DRENAGEM | E12: % | F12: =IF(ISERR(RESUMO_GLOBAL!AB18),0,RESUMO_GLOBAL!AB18) -> 10.185283 | G12: =IF(ISERR(RESUMO_GLOBAL!AC18),0,RESUMO_GLOBAL!AC18) -> 14.060247 | H12: =IF(ISERR(RESUMO_GLOBAL!AD18),0,RESUMO_GLOBAL!AD18) -> 6.551837 | I12: =IF(ISERR(RESUMO_GLOBAL!AE18),0,RESUMO_GLOBAL!AE18) -> 11.077572 | J12: =IF(ISERR(RESUMO_GLOBAL!AF18),0,RESUMO_GLOBAL!AF18) -> 15.294607 | K12: =IF(ISERR(RESUMO_GLOBAL!AG18),0,RESUMO_GLOBAL!AG18) -> 34.584189 | L12: =IF(ISERR(RESUMO_GLOBAL!AH18),0,RESUMO_GLOBAL!AH18) -> 8.246264 | M12: =IF(ISERR(RESUMO_GLOBAL!AI18),0,RESUMO_GLOBAL!AI18) -> 0 | ... W12: =IF(ISERR(RESUMO_GLOBAL!AS18),0,RESUMO_GLOBAL!AS18) -> 0 | X12: =COUNTIF(F12:W12,">0") -> 7 | Y12: =RESUMO_GLOBAL!M18 -> 469897.99 | Z12: =IF($Y$23=0,0,ROUND(Y12/$Y$23,4)) -> 0.1106 | AC12: =SUM(F12:W12) -> 99.999999 | AD12: =Y12-Cronograma_Proposta_Empresa!X9 -> 0 | BV12: 1321
A13: =CONCATENATE($E$6,"|",B13) -> 7|4 | B13: 4 | C13: =RESUMO_GLOBAL!E19 -> BASE / SUB-BASE | E13: % | F13: =IF(ISERR(RESUMO_GLOBAL!AB19),0,RESUMO_GLOBAL!AB19) -> 10.904434 | G13: =IF(ISERR(RESUMO_GLOBAL!AC19),0,RESUMO_GLOBAL!AC19) -> 11.711258 | H13: =IF(ISERR(RESUMO_GLOBAL!AD19),0,RESUMO_GLOBAL!AD19) -> 12.309979 | I13: =IF(ISERR(RESUMO_GLOBAL!AE19),0,RESUMO_GLOBAL!AE19) -> 10.90128 | J13: =IF(ISERR(RESUMO_GLOBAL!AF19),0,RESUMO_GLOBAL!AF19) -> 10.986462 | K13: =IF(ISERR(RESUMO_GLOBAL!AG19),0,RESUMO_GLOBAL!AG19) -> 21.089136 | L13: =IF(ISERR(RESUMO_GLOBAL!AH19),0,RESUMO_GLOBAL!AH19) -> 22.097451 | M13: =IF(ISERR(RESUMO_GLOBAL!AI19),0,RESUMO_GLOBAL!AI19) -> 0 | ... W13: =IF(ISERR(RESUMO_GLOBAL!AS19),0,RESUMO_GLOBAL!AS19) -> 0 | X13: =COUNTIF(F13:W13,">0") -> 7 | Y13: =RESUMO_GLOBAL!M19 -> 1043340.9 | Z13: =IF($Y$23=0,0,ROUND(Y13/$Y$23,4)) -> 0.2455 | AC13: =SUM(F13:W13) -> 100 | AD13: =Y13-Cronograma_Proposta_Empresa!X10 -> 0 | BV13: 1430
A14: =CONCATENATE($E$6,"|",B14) -> 7|5 | B14: 5 | C14: =RESUMO_GLOBAL!E20 -> REVESTIMENTO | E14: % | F14: =IF(ISERR(RESUMO_GLOBAL!AB20),0,RESUMO_GLOBAL!AB20) -> 11.165948 | G14: =IF(ISERR(RESUMO_GLOBAL!AC20),0,RESUMO_GLOBAL!AC20) -> 11.988183 | H14: =IF(ISERR(RESUMO_GLOBAL!AD20),0,RESUMO_GLOBAL!AD20) -> 10.208505 | I14: =IF(ISERR(RESUMO_GLOBAL!AE20),0,RESUMO_GLOBAL!AE20) -> 11.15914 | J14: =IF(ISERR(RESUMO_GLOBAL!AF20),0,RESUMO_GLOBAL!AF20) -> 11.250483 | K14: =IF(ISERR(RESUMO_GLOBAL!AG20),0,RESUMO_GLOBAL!AG20) -> 25.248776 | L14: =IF(ISERR(RESUMO_GLOBAL!AH20),0,RESUMO_GLOBAL!AH20) -> 18.978965 | M14: =IF(ISERR(RESUMO_GLOBAL!AI20),0,RESUMO_GLOBAL!AI20) -> 0 | ... W14: =IF(ISERR(RESUMO_GLOBAL!AS20),0,RESUMO_GLOBAL!AS20) -> 0 | X14: =COUNTIF(F14:W14,">0") -> 7 | Y14: =RESUMO_GLOBAL!M20 -> 1450053.7 | Z14: =IF($Y$23=0,0,ROUND(Y14/$Y$23,4)) -> 0.3412 | AC14: =SUM(F14:W14) -> 100 | AD14: =Y14-Cronograma_Proposta_Empresa!X11 -> -0.01 | BV14: 2087
A15: =CONCATENATE($E$6,"|",B15) -> 7|6 | B15: 6 | C15: =RESUMO_GLOBAL!E21 -> MEIO-FIO E SARJETA | E15: % | F15: =IF(ISERR(RESUMO_GLOBAL!AB21),0,RESUMO_GLOBAL!AB21) -> 3.65815 | G15: =IF(ISERR(RESUMO_GLOBAL!AC21),0,RESUMO_GLOBAL!AC21) -> 21.519674 | H15: =IF(ISERR(RESUMO_GLOBAL!AD21),0,RESUMO_GLOBAL!AD21) -> 17.409548 | I15: =IF(ISERR(RESUMO_GLOBAL!AE21),0,RESUMO_GLOBAL!AE21) -> 7.594506 | J15: =IF(ISERR(RESUMO_GLOBAL!AF21),0,RESUMO_GLOBAL!AF21) -> 8.044269 | K15: =IF(ISERR(RESUMO_GLOBAL!AG21),0,RESUMO_GLOBAL!AG21) -> 27.219485 | L15: =IF(ISERR(RESUMO_GLOBAL!AH21),0,RESUMO_GLOBAL!AH21) -> 14.554367 | M15: =IF(ISERR(RESUMO_GLOBAL!AI21),0,RESUMO_GLOBAL!AI21) -> 0 | ... W15: =IF(ISERR(RESUMO_GLOBAL!AS21),0,RESUMO_GLOBAL!AS21) -> 0 | X15: =COUNTIF(F15:W15,">0") -> 7 | Y15: =RESUMO_GLOBAL!M21 -> 266996.42 | Z15: =IF($Y$23=0,0,ROUND(Y15/$Y$23,4)) -> 0.0628 | AC15: =SUM(F15:W15) -> 99.999999 | AD15: =Y15-Cronograma_Proposta_Empresa!X12 -> 0 | BV15: 2430
A16: =CONCATENATE($E$6,"|",B16) -> 7|7 | B16: 7 | C16: =RESUMO_GLOBAL!E22 -> SERVIÇOS DE URBANIZAÇÃO | E16: % | F16: =IF(ISERR(RESUMO_GLOBAL!AB22),0,RESUMO_GLOBAL!AB22) -> 18.639556 | G16: =IF(ISERR(RESUMO_GLOBAL!AC22),0,RESUMO_GLOBAL!AC22) -> 10.354966 | H16: =IF(ISERR(RESUMO_GLOBAL!AD22),0,RESUMO_GLOBAL!AD22) -> 9.481657 | I16: =IF(ISERR(RESUMO_GLOBAL!AE22),0,RESUMO_GLOBAL!AE22) -> 9.926519 | J16: =IF(ISERR(RESUMO_GLOBAL!AF22),0,RESUMO_GLOBAL!AF22) -> 12.920543 | K16: =IF(ISERR(RESUMO_GLOBAL!AG22),0,RESUMO_GLOBAL!AG22) -> 23.711064 | L16: =IF(ISERR(RESUMO_GLOBAL!AH22),0,RESUMO_GLOBAL!AH22) -> 14.965695 | M16: =IF(ISERR(RESUMO_GLOBAL!AI22),0,RESUMO_GLOBAL!AI22) -> 0 | ... W16: =IF(ISERR(RESUMO_GLOBAL!AS22),0,RESUMO_GLOBAL!AS22) -> 0 | X16: =COUNTIF(F16:W16,">0") -> 7 | Y16: =RESUMO_GLOBAL!M22 -> 697054.92 | Z16: =IF($Y$23=0,0,ROUND(Y16/$Y$23,4)) -> 0.164 | AC16: =SUM(F16:W16) -> 100 | AD16: =Y16-Cronograma_Proposta_Empresa!X13 -> 0 | BV16: 2661
A17: =CONCATENATE($E$6,"|",B17) -> 7|8 | B17: 8 | C17: =RESUMO_GLOBAL!E23 -> SINALIZAÇÃO DE TRÂNSITO | E17: % | F17: =IF(ISERR(RESUMO_GLOBAL!AB23),0,RESUMO_GLOBAL!AB23) -> 11.680694 | G17: =IF(ISERR(RESUMO_GLOBAL!AC23),0,RESUMO_GLOBAL!AC23) -> 21.53611 | H17: =IF(ISERR(RESUMO_GLOBAL!AD23),0,RESUMO_GLOBAL!AD23) -> 9.819845 | I17: =IF(ISERR(RESUMO_GLOBAL!AE23),0,RESUMO_GLOBAL!AE23) -> 17.219138 | J17: =IF(ISERR(RESUMO_GLOBAL!AF23),0,RESUMO_GLOBAL!AF23) -> 15.788647 | K17: =IF(ISERR(RESUMO_GLOBAL!AG23),0,RESUMO_GLOBAL!AG23) -> 12.382862 | L17: =IF(ISERR(RESUMO_GLOBAL!AH23),0,RESUMO_GLOBAL!AH23) -> 11.572704 | M17: =IF(ISERR(RESUMO_GLOBAL!AI23),0,RESUMO_GLOBAL!AI23) -> 0 | ... W17: =IF(ISERR(RESUMO_GLOBAL!AS23),0,RESUMO_GLOBAL!AS23) -> 0 | X17: =COUNTIF(F17:W17,">0") -> 7 | Y17: =RESUMO_GLOBAL!M23 -> 94823.39 | Z17: =IF($Y$23=0,0,ROUND(Y17/$Y$23,4)) -> 0.0223 | AC17: =SUM(F17:W17) -> 100 | AD17: =Y17-Cronograma_Proposta_Empresa!X14 -> 0 | BV17: 2946
A18: =CONCATENATE($E$6,"|",B18) -> 7|9 | B18: 9 | C18: =RESUMO_GLOBAL!E24 -> ENSAIOS TECNOLÓGICOS | E18: % | F18: =IF(ISERR(RESUMO_GLOBAL!AB24),0,RESUMO_GLOBAL!AB24) -> 14.444792 | G18: =IF(ISERR(RESUMO_GLOBAL!AC24),0,RESUMO_GLOBAL!AC24) -> 14.444792 | H18: =IF(ISERR(RESUMO_GLOBAL!AD24),0,RESUMO_GLOBAL!AD24) -> 14.444792 | I18: =IF(ISERR(RESUMO_GLOBAL!AE24),0,RESUMO_GLOBAL!AE24) -> 14.444792 | J18: =IF(ISERR(RESUMO_GLOBAL!AF24),0,RESUMO_GLOBAL!AF24) -> 14.444792 | K18: =IF(ISERR(RESUMO_GLOBAL!AG24),0,RESUMO_GLOBAL!AG24) -> 14.444792 | L18: =IF(ISERR(RESUMO_GLOBAL!AH24),0,RESUMO_GLOBAL!AH24) -> 13.331249 | M18: =IF(ISERR(RESUMO_GLOBAL!AI24),0,RESUMO_GLOBAL!AI24) -> 0 | ... W18: =IF(ISERR(RESUMO_GLOBAL!AS24),0,RESUMO_GLOBAL!AS24) -> 0 | X18: =COUNTIF(F18:W18,">0") -> 7 | Y18: =RESUMO_GLOBAL!M24 -> 56907.57 | Z18: =IF($Y$23=0,0,ROUND(Y18/$Y$23,4)) -> 0.0134 | AC18: =SUM(F18:W18) -> 100 | AD18: =Y18-Cronograma_Proposta_Empresa!X15 -> 0 | BV18: 3780
A19: =CONCATENATE($E$6,"|",B19) -> 7|10 | B19: 10 | C19: =RESUMO_GLOBAL!E25 -> 0 | E19: % | F19: =IF(ISERR(RESUMO_GLOBAL!AB25),0,RESUMO_GLOBAL!AB25) -> 0 | G19: =IF(ISERR(RESUMO_GLOBAL!AC25),0,RESUMO_GLOBAL!AC25) -> 0 | H19: =IF(ISERR(RESUMO_GLOBAL!AD25),0,RESUMO_GLOBAL!AD25) -> 0 | I19: =IF(ISERR(RESUMO_GLOBAL!AE25),0,RESUMO_GLOBAL!AE25) -> 0 | J19: =IF(ISERR(RESUMO_GLOBAL!AF25),0,RESUMO_GLOBAL!AF25) -> 0 | K19: =IF(ISERR(RESUMO_GLOBAL!AG25),0,RESUMO_GLOBAL!AG25) -> 0 | L19: =IF(ISERR(RESUMO_GLOBAL!AH25),0,RESUMO_GLOBAL!AH25) -> 0 | M19: =IF(ISERR(RESUMO_GLOBAL!AI25),0,RESUMO_GLOBAL!AI25) -> 0 | ... W19: =IF(ISERR(RESUMO_GLOBAL!AS25),0,RESUMO_GLOBAL!AS25) -> 0 | X19: =COUNTIF(F19:W19,">0") -> 0 | Y19: =RESUMO_GLOBAL!M25 -> 0 | Z19: =IF($Y$23=0,0,ROUND(Y19/$Y$23,4)) -> 0 | AC19: =SUM(F19:W19) -> 0 | AD19: =Y19-Cronograma_Proposta_Empresa!X16 -> 0 | BV19: 5980
A20: =CONCATENATE($E$6,"|",B20) -> 7|11 | B20: 11 | C20: =RESUMO_GLOBAL!E26 -> 0 | E20: % | F20: =IF(ISERR(RESUMO_GLOBAL!AB26),0,RESUMO_GLOBAL!AB26) -> 0 | G20: =IF(ISERR(RESUMO_GLOBAL!AC26),0,RESUMO_GLOBAL!AC26) -> 0 | H20: =IF(ISERR(RESUMO_GLOBAL!AD26),0,RESUMO_GLOBAL!AD26) -> 0 | I20: =IF(ISERR(RESUMO_GLOBAL!AE26),0,RESUMO_GLOBAL!AE26) -> 0 | J20: =IF(ISERR(RESUMO_GLOBAL!AF26),0,RESUMO_GLOBAL!AF26) -> 0 | K20: =IF(ISERR(RESUMO_GLOBAL!AG26),0,RESUMO_GLOBAL!AG26) -> 0 | L20: =IF(ISERR(RESUMO_GLOBAL!AH26),0,RESUMO_GLOBAL!AH26) -> 0 | M20: =IF(ISERR(RESUMO_GLOBAL!AI26),0,RESUMO_GLOBAL!AI26) -> 0 | ... W20: =IF(ISERR(RESUMO_GLOBAL!AS26),0,RESUMO_GLOBAL!AS26) -> 0 | X20: =COUNTIF(F20:W20,">0") -> 0 | Y20: =RESUMO_GLOBAL!M26 -> 0 | Z20: =IF($Y$23=0,0,ROUND(Y20/$Y$23,4)) -> 0 | AC20: =SUM(F20:W20) -> 0 | AD20: =Y20-Cronograma_Proposta_Empresa!X17 -> 0 | BV20: 6774
A21: =CONCATENATE($E$6,"|",B21) -> 7|12 | B21: 12 | C21: =RESUMO_GLOBAL!E27 -> 0 | E21: % | F21: =IF(ISERR(RESUMO_GLOBAL!AB27),0,RESUMO_GLOBAL!AB27) -> 0 | G21: =IF(ISERR(RESUMO_GLOBAL!AC27),0,RESUMO_GLOBAL!AC27) -> 0 | H21: =IF(ISERR(RESUMO_GLOBAL!AD27),0,RESUMO_GLOBAL!AD27) -> 0 | I21: =IF(ISERR(RESUMO_GLOBAL!AE27),0,RESUMO_GLOBAL!AE27) -> 0 | J21: =IF(ISERR(RESUMO_GLOBAL!AF27),0,RESUMO_GLOBAL!AF27) -> 0 | K21: =IF(ISERR(RESUMO_GLOBAL!AG27),0,RESUMO_GLOBAL!AG27) -> 0 | L21: =IF(ISERR(RESUMO_GLOBAL!AH27),0,RESUMO_GLOBAL!AH27) -> 0 | M21: =IF(ISERR(RESUMO_GLOBAL!AI27),0,RESUMO_GLOBAL!AI27) -> 0 | ... W21: =IF(ISERR(RESUMO_GLOBAL!AS27),0,RESUMO_GLOBAL!AS27) -> 0 | X21: =COUNTIF(F21:W21,">0") -> 0 | Y21: =RESUMO_GLOBAL!M27 -> 0 | Z21: =IF($Y$23=0,0,ROUND(Y21/$Y$23,4)) -> 0 | AC21: =SUM(F21:W21) -> 0 | AD21: =Y21-Cronograma_Proposta_Empresa!X18 -> 0 | BV21: 7094
D23: TOTAIS | Y23: =SUM(Y10:Y21) -> 4250000 | Z23: =SUM(Z10:Z21) -> 1
B24: COMPOSIÇÃO DOS RECURSOS (TESOURO E CONTRAPARTIDA)
B25: ITEM | C25: SERVIÇOS | D25: FONTES | F25: ETAPAS ( R$ ) | X25: Nº DE | Y25: TOTAL | Z25: % S/ | AF25: CÉLULAS PARA AJUSTES DOS VALORES DAS ETAPAS - digitar "B" para baixar e "C" para cima no valores de cada ETAPA
E26: R$ | F26: =F6 -> 1 | G26: =G6 -> 2 | H26: =H6 -> 3 | I26: =I6 -> 4 | J26: =J6 -> 5 | K26: =K6 -> 6 | L26: =L6 -> 7 | M26: =M6 | ... W26: =W6 | X26: ETAPAS | Y26: ITEM | Z26: ITEM | AB26: Nº | AC26: Verificação dos Grandes Itens | AD26: Diferença | AE26: Nº | AG26: =[1]Dados_Obra!E14 -> 1 | AH26: =[1]Dados_Obra!F14 -> 2 | AI26: =[1]Dados_Obra!G14 -> 3 | AJ26: =[1]Dados_Obra!H14 -> 4 | AK26: =[1]Dados_Obra!I14 -> 5 | AL26: =[1]Dados_Obra!J14 -> 6 | AM26: =[1]Dados_Obra!K14 -> 0 | AN26: =[1]Dados_Obra!L14 -> 0 | ... AX26: =[1]Dados_Obra!V14 -> 0
B27: =CONCATENATE(B10,LEFT(D27,1)) -> 1T | C27: =C10 -> SERVIÇOS PRELIMINARES | D27: =IF($O$3="SFM","FINANCIAMENTO",IF($O$3="BRDE","FINANCIAMENTO","TESOURO")) -> TESOURO | E27: R$ | F27: =IF(ISERR(F10),0,IF(AG27="b",ROUNDDOWN(((F10/100)*$Y$10)*$Z$2,2),IF(AG27="c",ROUNDUP(((F10/100)*$Y$10)*$Z$2,2),ROUND(((F10/100)*$Y$10)*$Z$2,2)))) -> 0 | G27: =IF(ISERR(G10),0,IF(AH27="b",ROUNDDOWN(((G10/100)*$Y$10)*$Z$2,2),IF(AH27="c",ROUNDUP(((G10/100)*$Y$10)*$Z$2,2),ROUND(((G10/100)*$Y$10)*$Z$2,2)))) -> 0 | H27: =IF(ISERR(H10),0,IF(AI27="b",ROUNDDOWN(((H10/100)*$Y$10)*$Z$2,2),IF(AI27="c",ROUNDUP(((H10/100)*$Y$10)*$Z$2,2),ROUND(((H10/100)*$Y$10)*$Z$2,2)))) -> 0 | I27: =IF(ISERR(I10),0,IF(AJ27="b",ROUNDDOWN(((I10/100)*$Y$10)*$Z$2,2),IF(AJ27="c",ROUNDUP(((I10/100)*$Y$10)*$Z$2,2),ROUND(((I10/100)*$Y$10)*$Z$2,2)))) -> 0 | J27: =IF(ISERR(J10),0,IF(AK27="b",ROUNDDOWN(((J10/100)*$Y$10)*$Z$2,2),IF(AK27="c",ROUNDUP(((J10/100)*$Y$10)*$Z$2,2),ROUND(((J10/100)*$Y$10)*$Z$2,2)))) -> 0 | K27: =IF(ISERR(K10),0,IF(AL27="b",ROUNDDOWN(((K10/100)*$Y$10)*$Z$2,2),IF(AL27="c",ROUNDUP(((K10/100)*$Y$10)*$Z$2,2),ROUND(((K10/100)*$Y$10)*$Z$2,2)))) -> 0 | L27: =IF(ISERR(L10),0,IF(AM27="b",ROUNDDOWN(((L10/100)*$Y$10)*$Z$2,2),IF(AM27="c",ROUNDUP(((L10/100)*$Y$10)*$Z$2,2),ROUND(((L10/100)*$Y$10)*$Z$2,2)))) -> 0 | M27: =IF(ISERR(M10),0,IF(AN27="b",ROUNDDOWN(((M10/100)*$Y$10)*$Z$2,2),IF(AN27="c",ROUNDUP(((M10/100)*$Y$10)*$Z$2,2),ROUND(((M10/100)*$Y$10)*$Z$2,2)))) -> 0 | ... W27: =IF(ISERR(W10),0,IF(AX27="b",ROUNDDOWN(((W10/100)*$Y$10)*$Z$2,2),IF(AX27="c",ROUNDUP(((W10/100)*$Y$10)*$Z$2,2),ROUND(((W10/100)*$Y$10)*$Z$2,2)))) -> 0 | X27: =COUNTIF(F27:W27,">0") -> 0 | Y27: =SUM(F27:W27) -> 0 | Z27: =IF($Y$55=0,0,(Y27/$Y$55)) -> 0 | AB27: 1 | AC27: =SUM(Y27:Y28) -> 40363.22 | AD27: =IF(ROUND(AC27,2)-ROUND(Y10,2)=0,"Ok",ROUND(AC27,2)-ROUND(Y10,2)) -> Ok | AE27: 1 | AF27: =D27 -> TESOURO
B28: 1C | D28: CONTRAPARTIDA | E28: R$ | F28: =IF(ISERR(F10),0,IF(AG28="b",ROUNDDOWN(((F10/100)*$Y$10)*$Z$3,2),IF(AG28="c",ROUNDUP(((F10/100)*$Y$10)*$Z$3,2),ROUND(((F10/100)*$Y$10)*$Z$3,2)))) -> 5612.58 | G28: =IF(ISERR(G10),0,IF(AH28="b",ROUNDDOWN(((G10/100)*$Y$10)*$Z$3,2),IF(AH28="c",ROUNDUP(((G10/100)*$Y$10)*$Z$3,2),ROUND(((G10/100)*$Y$10)*$Z$3,2)))) -> 10947.62 | H28: =IF(ISERR(H10),0,IF(AI28="b",ROUNDDOWN(((H10/100)*$Y$10)*$Z$3,2),IF(AI28="c",ROUNDUP(((H10/100)*$Y$10)*$Z$3,2),ROUND(((H10/100)*$Y$10)*$Z$3,2)))) -> 6845.37 | I28: =IF(ISERR(I10),0,IF(AJ28="b",ROUNDDOWN(((I10/100)*$Y$10)*$Z$3,2),IF(AJ28="c",ROUNDUP(((I10/100)*$Y$10)*$Z$3,2),ROUND(((I10/100)*$Y$10)*$Z$3,2)))) -> 6248.93 | J28: =IF(ISERR(J10),0,IF(AK28="b",ROUNDDOWN(((J10/100)*$Y$10)*$Z$3,2),IF(AK28="c",ROUNDUP(((J10/100)*$Y$10)*$Z$3,2),ROUND(((J10/100)*$Y$10)*$Z$3,2)))) -> 3543.62 | K28: =IF(ISERR(K10),0,IF(AL28="b",ROUNDDOWN(((K10/100)*$Y$10)*$Z$3,2),IF(AL28="c",ROUNDUP(((K10/100)*$Y$10)*$Z$3,2),ROUND(((K10/100)*$Y$10)*$Z$3,2)))) -> 7165.1 | L28: =IF(ISERR(L10),0,IF(AM28="b",ROUNDDOWN(((L10/100)*$Y$10)*$Z$3,2),IF(AM28="c",ROUNDUP(((L10/100)*$Y$10)*$Z$3,2),ROUND(((L10/100)*$Y$10)*$Z$3,2)))) -> 0 | M28: =IF(ISERR(M10),0,IF(AN28="b",ROUNDDOWN(((M10/100)*$Y$10)*$Z$3,2),IF(AN28="c",ROUNDUP(((M10/100)*$Y$10)*$Z$3,2),ROUND(((M10/100)*$Y$10)*$Z$3,2)))) -> 0 | ... W28: =IF(ISERR(W10),0,IF(AX28="b",ROUNDDOWN(((W10/100)*$Y$10)*$Z$3,2),IF(AX28="c",ROUNDUP(((W10/100)*$Y$10)*$Z$3,2),ROUND(((W10/100)*$Y$10)*$Z$3,2)))) -> 0 | X28: =COUNTIF(F28:W28,">0") -> 6 | Y28: =SUM(F28:W28) -> 40363.22 | Z28: =IF($Y$55=0,0,(Y28/$Y$55)) -> 0.0094972282 | AF28: =D28 -> CONTRAPARTIDA
B29: =CONCATENATE(B11,LEFT(D29,1)) -> 2T | C29: =C11 -> TERRAPLENAGEM | D29: =$D$27 -> TESOURO | E29: R$ | F29: =IF(ISERR(F11),0,IF(AG29="b",ROUNDDOWN(((F11/100)*$Y$11)*$Z$2,2),IF(AG29="c",ROUNDUP(((F11/100)*$Y$11)*$Z$2,2),ROUND(((F11/100)*$Y$11)*$Z$2,2)))) -> 0 | G29: =IF(ISERR(G11),0,IF(AH29="b",ROUNDDOWN(((G11/100)*$Y$11)*$Z$2,2),IF(AH29="c",ROUNDUP(((G11/100)*$Y$11)*$Z$2,2),ROUND(((G11/100)*$Y$11)*$Z$2,2)))) -> 0 | H29: =IF(ISERR(H11),0,IF(AI29="b",ROUNDDOWN(((H11/100)*$Y$11)*$Z$2,2),IF(AI29="c",ROUNDUP(((H11/100)*$Y$11)*$Z$2,2),ROUND(((H11/100)*$Y$11)*$Z$2,2)))) -> 0 | I29: =IF(ISERR(I11),0,IF(AJ29="b",ROUNDDOWN(((I11/100)*$Y$11)*$Z$2,2),IF(AJ29="c",ROUNDUP(((I11/100)*$Y$11)*$Z$2,2),ROUND(((I11/100)*$Y$11)*$Z$2,2)))) -> 0 | J29: =IF(ISERR(J11),0,IF(AK29="b",ROUNDDOWN(((J11/100)*$Y$11)*$Z$2,2),IF(AK29="c",ROUNDUP(((J11/100)*$Y$11)*$Z$2,2),ROUND(((J11/100)*$Y$11)*$Z$2,2)))) -> 0 | K29: =IF(ISERR(K11),0,IF(AL29="b",ROUNDDOWN(((K11/100)*$Y$11)*$Z$2,2),IF(AL29="c",ROUNDUP(((K11/100)*$Y$11)*$Z$2,2),ROUND(((K11/100)*$Y$11)*$Z$2,2)))) -> 0 | L29: =IF(ISERR(L11),0,IF(AM29="b",ROUNDDOWN(((L11/100)*$Y$11)*$Z$2,2),IF(AM29="c",ROUNDUP(((L11/100)*$Y$11)*$Z$2,2),ROUND(((L11/100)*$Y$11)*$Z$2,2)))) -> 0 | M29: =IF(ISERR(M11),0,IF(AN29="b",ROUNDDOWN(((M11/100)*$Y$11)*$Z$2,2),IF(AN29="c",ROUNDUP(((M11/100)*$Y$11)*$Z$2,2),ROUND(((M11/100)*$Y$11)*$Z$2,2)))) -> 0 | ... W29: =IF(ISERR(W11),0,IF(AX29="b",ROUNDDOWN(((W11/100)*$Y$11)*$Z$2,2),IF(AX29="c",ROUNDUP(((W11/100)*$Y$11)*$Z$2,2),ROUND(((W11/100)*$Y$11)*$Z$2,2)))) -> 0 | X29: =COUNTIF(F29:W29,">0") -> 0 | Y29: =SUM(F29:W29) -> 0 | Z29: =IF($Y$55=0,0,(Y29/$Y$55)) -> 0 | AB29: 2 | AC29: =SUM(Y29:Y30) -> 130561.94 | AD29: =IF(ROUND(AC29,2)-ROUND(Y11,2)=0,"Ok",ROUND(AC29,2)-ROUND(Y11,2)) -> -0.01 | AE29: 2 | AF29: =D29 -> TESOURO
B30: 2C | D30: CONTRAPARTIDA | E30: R$ | F30: =IF(ISERR(F11),0,IF(AG30="b",ROUNDDOWN(((F11/100)*$Y$11)*$Z$3,2),IF(AG30="c",ROUNDUP(((F11/100)*$Y$11)*$Z$3,2),ROUND(((F11/100)*$Y$11)*$Z$3,2)))) -> 11381.43 | G30: =IF(ISERR(G11),0,IF(AH30="b",ROUNDDOWN(((G11/100)*$Y$11)*$Z$3,2),IF(AH30="c",ROUNDUP(((G11/100)*$Y$11)*$Z$3,2),ROUND(((G11/100)*$Y$11)*$Z$3,2)))) -> 13115.24 | H30: =IF(ISERR(H11),0,IF(AI30="b",ROUNDDOWN(((H11/100)*$Y$11)*$Z$3,2),IF(AI30="c",ROUNDUP(((H11/100)*$Y$11)*$Z$3,2),ROUND(((H11/100)*$Y$11)*$Z$3,2)))) -> 10366.35 | I30: =IF(ISERR(I11),0,IF(AJ30="b",ROUNDDOWN(((I11/100)*$Y$11)*$Z$3,2),IF(AJ30="c",ROUNDUP(((I11/100)*$Y$11)*$Z$3,2),ROUND(((I11/100)*$Y$11)*$Z$3,2)))) -> 31112.58 | J30: =IF(ISERR(J11),0,IF(AK30="b",ROUNDDOWN(((J11/100)*$Y$11)*$Z$3,2),IF(AK30="c",ROUNDUP(((J11/100)*$Y$11)*$Z$3,2),ROUND(((J11/100)*$Y$11)*$Z$3,2)))) -> 21465.97 | K30: =IF(ISERR(K11),0,IF(AL30="b",ROUNDDOWN(((K11/100)*$Y$11)*$Z$3,2),IF(AL30="c",ROUNDUP(((K11/100)*$Y$11)*$Z$3,2),ROUND(((K11/100)*$Y$11)*$Z$3,2)))) -> 32144.23 | L30: =IF(ISERR(L11),0,IF(AM30="b",ROUNDDOWN(((L11/100)*$Y$11)*$Z$3,2),IF(AM30="c",ROUNDUP(((L11/100)*$Y$11)*$Z$3,2),ROUND(((L11/100)*$Y$11)*$Z$3,2)))) -> 10976.14 | M30: =IF(ISERR(M11),0,IF(AN30="b",ROUNDDOWN(((M11/100)*$Y$11)*$Z$3,2),IF(AN30="c",ROUNDUP(((M11/100)*$Y$11)*$Z$3,2),ROUND(((M11/100)*$Y$11)*$Z$3,2)))) -> 0 | ... W30: =IF(ISERR(W11),0,IF(AX30="b",ROUNDDOWN(((W11/100)*$Y$11)*$Z$3,2),IF(AX30="c",ROUNDUP(((W11/100)*$Y$11)*$Z$3,2),ROUND(((W11/100)*$Y$11)*$Z$3,2)))) -> 0 | X30: =COUNTIF(F30:W30,">0") -> 7 | Y30: =SUM(F30:W30) -> 130561.94 | Z30: =IF($Y$55=0,0,(Y30/$Y$55)) -> 0.030720456 | AF30: =D30 -> CONTRAPARTIDA
B31: =CONCATENATE(B12,LEFT(D31,1)) -> 3T | C31: =C12 -> DRENAGEM | D31: =$D$27 -> TESOURO | E31: R$ | F31: =IF(ISERR(F12),0,IF(AG31="b",ROUNDDOWN(((F12/100)*$Y$12)*$Z$2,2),IF(AG31="c",ROUNDUP(((F12/100)*$Y$12)*$Z$2,2),ROUND(((F12/100)*$Y$12)*$Z$2,2)))) -> 0 | G31: =IF(ISERR(G12),0,IF(AH31="b",ROUNDDOWN(((G12/100)*$Y$12)*$Z$2,2),IF(AH31="c",ROUNDUP(((G12/100)*$Y$12)*$Z$2,2),ROUND(((G12/100)*$Y$12)*$Z$2,2)))) -> 0 | H31: =IF(ISERR(H12),0,IF(AI31="b",ROUNDDOWN(((H12/100)*$Y$12)*$Z$2,2),IF(AI31="c",ROUNDUP(((H12/100)*$Y$12)*$Z$2,2),ROUND(((H12/100)*$Y$12)*$Z$2,2)))) -> 0 | I31: =IF(ISERR(I12),0,IF(AJ31="b",ROUNDDOWN(((I12/100)*$Y$12)*$Z$2,2),IF(AJ31="c",ROUNDUP(((I12/100)*$Y$12)*$Z$2,2),ROUND(((I12/100)*$Y$12)*$Z$2,2)))) -> 0 | J31: =IF(ISERR(J12),0,IF(AK31="b",ROUNDDOWN(((J12/100)*$Y$12)*$Z$2,2),IF(AK31="c",ROUNDUP(((J12/100)*$Y$12)*$Z$2,2),ROUND(((J12/100)*$Y$12)*$Z$2,2)))) -> 0 | K31: =IF(ISERR(K12),0,IF(AL31="b",ROUNDDOWN(((K12/100)*$Y$12)*$Z$2,2),IF(AL31="c",ROUNDUP(((K12/100)*$Y$12)*$Z$2,2),ROUND(((K12/100)*$Y$12)*$Z$2,2)))) -> 0 | L31: =IF(ISERR(L12),0,IF(AM31="b",ROUNDDOWN(((L12/100)*$Y$12)*$Z$2,2),IF(AM31="c",ROUNDUP(((L12/100)*$Y$12)*$Z$2,2),ROUND(((L12/100)*$Y$12)*$Z$2,2)))) -> 0 | M31: =IF(ISERR(M12),0,IF(AN31="b",ROUNDDOWN(((M12/100)*$Y$12)*$Z$2,2),IF(AN31="c",ROUNDUP(((M12/100)*$Y$12)*$Z$2,2),ROUND(((M12/100)*$Y$12)*$Z$2,2)))) -> 0 | ... W31: =IF(ISERR(W12),0,IF(AX31="b",ROUNDDOWN(((W12/100)*$Y$12)*$Z$2,2),IF(AX31="c",ROUNDUP(((W12/100)*$Y$12)*$Z$2,2),ROUND(((W12/100)*$Y$12)*$Z$2,2)))) -> 0 | X31: =COUNTIF(F31:W31,">0") -> 0 | Y31: =SUM(F31:W31) -> 0 | Z31: =IF($Y$55=0,0,(Y31/$Y$55)) -> 0 | AB31: 3 | AC31: =SUM(Y31:Y32) -> 469897.99 | AD31: =IF(ROUND(AC31,2)-ROUND(Y12,2)=0,"Ok",ROUND(AC31,2)-ROUND(Y12,2)) -> Ok | AE31: 3 | AF31: =D31 -> TESOURO
B32: 3C | D32: CONTRAPARTIDA | E32: R$ | F32: =IF(ISERR(F12),0,IF(AG32="b",ROUNDDOWN(((F12/100)*$Y$12)*$Z$3,2),IF(AG32="c",ROUNDUP(((F12/100)*$Y$12)*$Z$3,2),ROUND(((F12/100)*$Y$12)*$Z$3,2)))) -> 47860.44 | G32: =IF(ISERR(G12),0,IF(AH32="b",ROUNDDOWN(((G12/100)*$Y$12)*$Z$3,2),IF(AH32="c",ROUNDUP(((G12/100)*$Y$12)*$Z$3,2),ROUND(((G12/100)*$Y$12)*$Z$3,2)))) -> 66068.82 | H32: =IF(ISERR(H12),0,IF(AI32="b",ROUNDDOWN(((H12/100)*$Y$12)*$Z$3,2),IF(AI32="c",ROUNDUP(((H12/100)*$Y$12)*$Z$3,2),ROUND(((H12/100)*$Y$12)*$Z$3,2)))) -> 30786.95 | I32: =IF(ISERR(I12),0,IF(AJ32="b",ROUNDDOWN(((I12/100)*$Y$12)*$Z$3,2),IF(AJ32="c",ROUNDUP(((I12/100)*$Y$12)*$Z$3,2),ROUND(((I12/100)*$Y$12)*$Z$3,2)))) -> 52053.29 | J32: =IF(ISERR(J12),0,IF(AK32="b",ROUNDDOWN(((J12/100)*$Y$12)*$Z$3,2),IF(AK32="c",ROUNDUP(((J12/100)*$Y$12)*$Z$3,2),ROUND(((J12/100)*$Y$12)*$Z$3,2)))) -> 71869.05 | K32: =IF(ISERR(K12),0,IF(AL32="b",ROUNDDOWN(((K12/100)*$Y$12)*$Z$3,2),IF(AL32="c",ROUNDUP(((K12/100)*$Y$12)*$Z$3,2),ROUND(((K12/100)*$Y$12)*$Z$3,2)))) -> 162510.41 | L32: =IF(ISERR(L12),0,IF(AM32="b",ROUNDDOWN(((L12/100)*$Y$12)*$Z$3,2),IF(AM32="c",ROUNDUP(((L12/100)*$Y$12)*$Z$3,2),ROUND(((L12/100)*$Y$12)*$Z$3,2)))) -> 38749.03 | M32: =IF(ISERR(M12),0,IF(AN32="b",ROUNDDOWN(((M12/100)*$Y$12)*$Z$3,2),IF(AN32="c",ROUNDUP(((M12/100)*$Y$12)*$Z$3,2),ROUND(((M12/100)*$Y$12)*$Z$3,2)))) -> 0 | ... W32: =IF(ISERR(W12),0,IF(AX32="b",ROUNDDOWN(((W12/100)*$Y$12)*$Z$3,2),IF(AX32="c",ROUNDUP(((W12/100)*$Y$12)*$Z$3,2),ROUND(((W12/100)*$Y$12)*$Z$3,2)))) -> 0 | X32: =COUNTIF(F32:W32,">0") -> 7 | Y32: =SUM(F32:W32) -> 469897.99 | Z32: =IF($Y$55=0,0,(Y32/$Y$55)) -> 0.11056423 | AF32: =D32 -> CONTRAPARTIDA
B33: =CONCATENATE(B13,LEFT(D33,1)) -> 4T | C33: =C13 -> BASE / SUB-BASE | D33: =$D$27 -> TESOURO | E33: R$ | F33: =IF(ISERR(F13),0,IF(AG33="b",ROUNDDOWN(((F13/100)*$Y$13)*$Z$2,2),IF(AG33="c",ROUNDUP(((F13/100)*$Y$13)*$Z$2,2),ROUND(((F13/100)*$Y$13)*$Z$2,2)))) -> 0 | G33: =IF(ISERR(G13),0,IF(AH33="b",ROUNDDOWN(((G13/100)*$Y$13)*$Z$2,2),IF(AH33="c",ROUNDUP(((G13/100)*$Y$13)*$Z$2,2),ROUND(((G13/100)*$Y$13)*$Z$2,2)))) -> 0 | H33: =IF(ISERR(H13),0,IF(AI33="b",ROUNDDOWN(((H13/100)*$Y$13)*$Z$2,2),IF(AI33="c",ROUNDUP(((H13/100)*$Y$13)*$Z$2,2),ROUND(((H13/100)*$Y$13)*$Z$2,2)))) -> 0 | I33: =IF(ISERR(I13),0,IF(AJ33="b",ROUNDDOWN(((I13/100)*$Y$13)*$Z$2,2),IF(AJ33="c",ROUNDUP(((I13/100)*$Y$13)*$Z$2,2),ROUND(((I13/100)*$Y$13)*$Z$2,2)))) -> 0 | J33: =IF(ISERR(J13),0,IF(AK33="b",ROUNDDOWN(((J13/100)*$Y$13)*$Z$2,2),IF(AK33="c",ROUNDUP(((J13/100)*$Y$13)*$Z$2,2),ROUND(((J13/100)*$Y$13)*$Z$2,2)))) -> 0 | K33: =IF(ISERR(K13),0,IF(AL33="b",ROUNDDOWN(((K13/100)*$Y$13)*$Z$2,2),IF(AL33="c",ROUNDUP(((K13/100)*$Y$13)*$Z$2,2),ROUND(((K13/100)*$Y$13)*$Z$2,2)))) -> 0 | L33: =IF(ISERR(L13),0,IF(AM33="b",ROUNDDOWN(((L13/100)*$Y$13)*$Z$2,2),IF(AM33="c",ROUNDUP(((L13/100)*$Y$13)*$Z$2,2),ROUND(((L13/100)*$Y$13)*$Z$2,2)))) -> 0 | M33: =IF(ISERR(M13),0,IF(AN33="b",ROUNDDOWN(((M13/100)*$Y$13)*$Z$2,2),IF(AN33="c",ROUNDUP(((M13/100)*$Y$13)*$Z$2,2),ROUND(((M13/100)*$Y$13)*$Z$2,2)))) -> 0 | ... W33: =IF(ISERR(W13),0,IF(AX33="b",ROUNDDOWN(((W13/100)*$Y$13)*$Z$2,2),IF(AX33="c",ROUNDUP(((W13/100)*$Y$13)*$Z$2,2),ROUND(((W13/100)*$Y$13)*$Z$2,2)))) -> 0 | X33: =COUNTIF(F33:W33,">0") -> 0 | Y33: =SUM(F33:W33) -> 0 | Z33: =IF($Y$55=0,0,(Y33/$Y$55)) -> 0 | AB33: 4 | AC33: =SUM(Y33:Y34) -> 1043340.9 | AD33: =IF(ROUND(AC33,2)-ROUND(Y13,2)=0,"Ok",ROUND(AC33,2)-ROUND(Y13,2)) -> Ok | AE33: 4 | AF33: =D33 -> TESOURO
B34: 4C | D34: CONTRAPARTIDA | E34: R$ | F34: =IF(ISERR(F13),0,IF(AG34="b",ROUNDDOWN(((F13/100)*$Y$13)*$Z$3,2),IF(AG34="c",ROUNDUP(((F13/100)*$Y$13)*$Z$3,2),ROUND(((F13/100)*$Y$13)*$Z$3,2)))) -> 113770.42 | G34: =IF(ISERR(G13),0,IF(AH34="b",ROUNDDOWN(((G13/100)*$Y$13)*$Z$3,2),IF(AH34="c",ROUNDUP(((G13/100)*$Y$13)*$Z$3,2),ROUND(((G13/100)*$Y$13)*$Z$3,2)))) -> 122188.34 | H34: =IF(ISERR(H13),0,IF(AI34="b",ROUNDDOWN(((H13/100)*$Y$13)*$Z$3,2),IF(AI34="c",ROUNDUP(((H13/100)*$Y$13)*$Z$3,2),ROUND(((H13/100)*$Y$13)*$Z$3,2)))) -> 128435.04 | I34: =IF(ISERR(I13),0,IF(AJ34="b",ROUNDDOWN(((I13/100)*$Y$13)*$Z$3,2),IF(AJ34="c",ROUNDUP(((I13/100)*$Y$13)*$Z$3,2),ROUND(((I13/100)*$Y$13)*$Z$3,2)))) -> 113737.51 | J34: =IF(ISERR(J13),0,IF(AK34="b",ROUNDDOWN(((J13/100)*$Y$13)*$Z$3,2),IF(AK34="c",ROUNDUP(((J13/100)*$Y$13)*$Z$3,2),ROUND(((J13/100)*$Y$13)*$Z$3,2)))) -> 114626.25 | K34: =IF(ISERR(K13),0,IF(AL34="b",ROUNDDOWN(((K13/100)*$Y$13)*$Z$3,2),IF(AL34="c",ROUNDUP(((K13/100)*$Y$13)*$Z$3,2),ROUND(((K13/100)*$Y$13)*$Z$3,2)))) -> 220031.58 | L34: =IF(ISERR(L13),0,IF(AM34="b",ROUNDDOWN(((L13/100)*$Y$13)*$Z$3,2),IF(AM34="c",ROUNDUP(((L13/100)*$Y$13)*$Z$3,2),ROUND(((L13/100)*$Y$13)*$Z$3,2)))) -> 230551.74 | M34: =IF(ISERR(M13),0,IF(AN34="b",ROUNDDOWN(((M13/100)*$Y$13)*$Z$3,2),IF(AN34="c",ROUNDUP(((M13/100)*$Y$13)*$Z$3,2),ROUND(((M13/100)*$Y$13)*$Z$3,2)))) -> 0 | ... W34: =IF(ISERR(W13),0,IF(AX34="b",ROUNDDOWN(((W13/100)*$Y$13)*$Z$3,2),IF(AX34="c",ROUNDUP(((W13/100)*$Y$13)*$Z$3,2),ROUND(((W13/100)*$Y$13)*$Z$3,2)))) -> 0 | X34: =COUNTIF(F34:W34,">0") -> 7 | Y34: =SUM(F34:W34) -> 1043340.9 | Z34: =IF($Y$55=0,0,(Y34/$Y$55)) -> 0.24549197 | AF34: =D34 -> CONTRAPARTIDA
B35: =CONCATENATE(B14,LEFT(D35,1)) -> 5T | C35: =C14 -> REVESTIMENTO | D35: =$D$27 -> TESOURO | E35: R$ | F35: =IF(ISERR(F14),0,IF(AG35="b",ROUNDDOWN(((F14/100)*$Y$14)*$Z$2,2),IF(AG35="c",ROUNDUP(((F14/100)*$Y$14)*$Z$2,2),ROUND(((F14/100)*$Y$14)*$Z$2,2)))) -> 0 | G35: =IF(ISERR(G14),0,IF(AH35="b",ROUNDDOWN(((G14/100)*$Y$14)*$Z$2,2),IF(AH35="c",ROUNDUP(((G14/100)*$Y$14)*$Z$2,2),ROUND(((G14/100)*$Y$14)*$Z$2,2)))) -> 0 | H35: =IF(ISERR(H14),0,IF(AI35="b",ROUNDDOWN(((H14/100)*$Y$14)*$Z$2,2),IF(AI35="c",ROUNDUP(((H14/100)*$Y$14)*$Z$2,2),ROUND(((H14/100)*$Y$14)*$Z$2,2)))) -> 0 | I35: =IF(ISERR(I14),0,IF(AJ35="b",ROUNDDOWN(((I14/100)*$Y$14)*$Z$2,2),IF(AJ35="c",ROUNDUP(((I14/100)*$Y$14)*$Z$2,2),ROUND(((I14/100)*$Y$14)*$Z$2,2)))) -> 0 | J35: =IF(ISERR(J14),0,IF(AK35="b",ROUNDDOWN(((J14/100)*$Y$14)*$Z$2,2),IF(AK35="c",ROUNDUP(((J14/100)*$Y$14)*$Z$2,2),ROUND(((J14/100)*$Y$14)*$Z$2,2)))) -> 0 | K35: =IF(ISERR(K14),0,IF(AL35="b",ROUNDDOWN(((K14/100)*$Y$14)*$Z$2,2),IF(AL35="c",ROUNDUP(((K14/100)*$Y$14)*$Z$2,2),ROUND(((K14/100)*$Y$14)*$Z$2,2)))) -> 0 | L35: =IF(ISERR(L14),0,IF(AM35="b",ROUNDDOWN(((L14/100)*$Y$14)*$Z$2,2),IF(AM35="c",ROUNDUP(((L14/100)*$Y$14)*$Z$2,2),ROUND(((L14/100)*$Y$14)*$Z$2,2)))) -> 0 | M35: =IF(ISERR(M14),0,IF(AN35="b",ROUNDDOWN(((M14/100)*$Y$14)*$Z$2,2),IF(AN35="c",ROUNDUP(((M14/100)*$Y$14)*$Z$2,2),ROUND(((M14/100)*$Y$14)*$Z$2,2)))) -> 0 | ... W35: =IF(ISERR(W14),0,IF(AX35="b",ROUNDDOWN(((W14/100)*$Y$14)*$Z$2,2),IF(AX35="c",ROUNDUP(((W14/100)*$Y$14)*$Z$2,2),ROUND(((W14/100)*$Y$14)*$Z$2,2)))) -> 0 | X35: =COUNTIF(F35:W35,">0") -> 0 | Y35: =SUM(F35:W35) -> 0 | Z35: =IF($Y$55=0,0,(Y35/$Y$55)) -> 0 | AB35: 5 | AC35: =SUM(Y35:Y36) -> 1450053.7 | AD35: =IF(ROUND(AC35,2)-ROUND(Y14,2)=0,"Ok",ROUND(AC35,2)-ROUND(Y14,2)) -> 0.01 | AE35: 5 | AF35: =D35 -> TESOURO
B36: 5C | D36: CONTRAPARTIDA | E36: R$ | F36: =IF(ISERR(F14),0,IF(AG36="b",ROUNDDOWN(((F14/100)*$Y$14)*$Z$3,2),IF(AG36="c",ROUNDUP(((F14/100)*$Y$14)*$Z$3,2),ROUND(((F14/100)*$Y$14)*$Z$3,2)))) -> 161912.24 | G36: =IF(ISERR(G14),0,IF(AH36="b",ROUNDDOWN(((G14/100)*$Y$14)*$Z$3,2),IF(AH36="c",ROUNDUP(((G14/100)*$Y$14)*$Z$3,2),ROUND(((G14/100)*$Y$14)*$Z$3,2)))) -> 173835.09 | H36: =IF(ISERR(H14),0,IF(AI36="b",ROUNDDOWN(((H14/100)*$Y$14)*$Z$3,2),IF(AI36="c",ROUNDUP(((H14/100)*$Y$14)*$Z$3,2),ROUND(((H14/100)*$Y$14)*$Z$3,2)))) -> 148028.8 | I36: =IF(ISERR(I14),0,IF(AJ36="b",ROUNDDOWN(((I14/100)*$Y$14)*$Z$3,2),IF(AJ36="c",ROUNDUP(((I14/100)*$Y$14)*$Z$3,2),ROUND(((I14/100)*$Y$14)*$Z$3,2)))) -> 161813.52 | J36: =IF(ISERR(J14),0,IF(AK36="b",ROUNDDOWN(((J14/100)*$Y$14)*$Z$3,2),IF(AK36="c",ROUNDUP(((J14/100)*$Y$14)*$Z$3,2),ROUND(((J14/100)*$Y$14)*$Z$3,2)))) -> 163138.04 | K36: =IF(ISERR(K14),0,IF(AL36="b",ROUNDDOWN(((K14/100)*$Y$14)*$Z$3,2),IF(AL36="c",ROUNDUP(((K14/100)*$Y$14)*$Z$3,2),ROUND(((K14/100)*$Y$14)*$Z$3,2)))) -> 366120.8 | L36: =IF(ISERR(L14),0,IF(AM36="b",ROUNDDOWN(((L14/100)*$Y$14)*$Z$3,2),IF(AM36="c",ROUNDUP(((L14/100)*$Y$14)*$Z$3,2),ROUND(((L14/100)*$Y$14)*$Z$3,2)))) -> 275205.18 | M36: =IF(ISERR(M14),0,IF(AN36="b",ROUNDDOWN(((M14/100)*$Y$14)*$Z$3,2),IF(AN36="c",ROUNDUP(((M14/100)*$Y$14)*$Z$3,2),ROUND(((M14/100)*$Y$14)*$Z$3,2)))) -> 0 | ... W36: =IF(ISERR(W14),0,IF(AX36="b",ROUNDDOWN(((W14/100)*$Y$14)*$Z$3,2),IF(AX36="c",ROUNDUP(((W14/100)*$Y$14)*$Z$3,2),ROUND(((W14/100)*$Y$14)*$Z$3,2)))) -> 0 | X36: =COUNTIF(F36:W36,">0") -> 7 | Y36: =SUM(F36:W36) -> 1450053.7 | Z36: =IF($Y$55=0,0,(Y36/$Y$55)) -> 0.3411891 | AF36: =D36 -> CONTRAPARTIDA
B37: =CONCATENATE(B15,LEFT(D37,1)) -> 6T | C37: =C15 -> MEIO-FIO E SARJETA | D37: =$D$27 -> TESOURO | E37: R$ | F37: =IF(ISERR(F15),0,IF(AG37="b",ROUNDDOWN(((F15/100)*$Y$15)*$Z$2,2),IF(AG37="c",ROUNDUP(((F15/100)*$Y$15)*$Z$2,2),ROUND(((F15/100)*$Y$15)*$Z$2,2)))) -> 0 | G37: =IF(ISERR(G15),0,IF(AH37="b",ROUNDDOWN(((G15/100)*$Y$15)*$Z$2,2),IF(AH37="c",ROUNDUP(((G15/100)*$Y$15)*$Z$2,2),ROUND(((G15/100)*$Y$15)*$Z$2,2)))) -> 0 | H37: =IF(ISERR(H15),0,IF(AI37="b",ROUNDDOWN(((H15/100)*$Y$15)*$Z$2,2),IF(AI37="c",ROUNDUP(((H15/100)*$Y$15)*$Z$2,2),ROUND(((H15/100)*$Y$15)*$Z$2,2)))) -> 0 | I37: =IF(ISERR(I15),0,IF(AJ37="b",ROUNDDOWN(((I15/100)*$Y$15)*$Z$2,2),IF(AJ37="c",ROUNDUP(((I15/100)*$Y$15)*$Z$2,2),ROUND(((I15/100)*$Y$15)*$Z$2,2)))) -> 0 | J37: =IF(ISERR(J15),0,IF(AK37="b",ROUNDDOWN(((J15/100)*$Y$15)*$Z$2,2),IF(AK37="c",ROUNDUP(((J15/100)*$Y$15)*$Z$2,2),ROUND(((J15/100)*$Y$15)*$Z$2,2)))) -> 0 | K37: =IF(ISERR(K15),0,IF(AL37="b",ROUNDDOWN(((K15/100)*$Y$15)*$Z$2,2),IF(AL37="c",ROUNDUP(((K15/100)*$Y$15)*$Z$2,2),ROUND(((K15/100)*$Y$15)*$Z$2,2)))) -> 0 | L37: =IF(ISERR(L15),0,IF(AM37="b",ROUNDDOWN(((L15/100)*$Y$15)*$Z$2,2),IF(AM37="c",ROUNDUP(((L15/100)*$Y$15)*$Z$2,2),ROUND(((L15/100)*$Y$15)*$Z$2,2)))) -> 0 | M37: =IF(ISERR(M15),0,IF(AN37="b",ROUNDDOWN(((M15/100)*$Y$15)*$Z$2,2),IF(AN37="c",ROUNDUP(((M15/100)*$Y$15)*$Z$2,2),ROUND(((M15/100)*$Y$15)*$Z$2,2)))) -> 0 | ... W37: =IF(ISERR(W15),0,IF(AX37="b",ROUNDDOWN(((W15/100)*$Y$15)*$Z$2,2),IF(AX37="c",ROUNDUP(((W15/100)*$Y$15)*$Z$2,2),ROUND(((W15/100)*$Y$15)*$Z$2,2)))) -> 0 | X37: =COUNTIF(F37:W37,">0") -> 0 | Y37: =SUM(F37:W37) -> 0 | Z37: =IF($Y$55=0,0,(Y37/$Y$55)) -> 0 | AB37: 6 | AC37: =SUM(Y37:Y38) -> 266996.42 | AD37: =IF(ROUND(AC37,2)-ROUND(Y15,2)=0,"Ok",ROUND(AC37,2)-ROUND(Y15,2)) -> Ok | AE37: 6 | AF37: =D37 -> TESOURO
B38: 6C | D38: CONTRAPARTIDA | E38: R$ | F38: =IF(ISERR(F15),0,IF(AG38="b",ROUNDDOWN(((F15/100)*$Y$15)*$Z$3,2),IF(AG38="c",ROUNDUP(((F15/100)*$Y$15)*$Z$3,2),ROUND(((F15/100)*$Y$15)*$Z$3,2)))) -> 9767.13 | G38: =IF(ISERR(G15),0,IF(AH38="b",ROUNDDOWN(((G15/100)*$Y$15)*$Z$3,2),IF(AH38="c",ROUNDUP(((G15/100)*$Y$15)*$Z$3,2),ROUND(((G15/100)*$Y$15)*$Z$3,2)))) -> 57456.76 | H38: =IF(ISERR(H15),0,IF(AI38="b",ROUNDDOWN(((H15/100)*$Y$15)*$Z$3,2),IF(AI38="c",ROUNDUP(((H15/100)*$Y$15)*$Z$3,2),ROUND(((H15/100)*$Y$15)*$Z$3,2)))) -> 46482.87 | I38: =IF(ISERR(I15),0,IF(AJ38="b",ROUNDDOWN(((I15/100)*$Y$15)*$Z$3,2),IF(AJ38="c",ROUNDUP(((I15/100)*$Y$15)*$Z$3,2),ROUND(((I15/100)*$Y$15)*$Z$3,2)))) -> 20277.06 | J38: =IF(ISERR(J15),0,IF(AK38="b",ROUNDDOWN(((J15/100)*$Y$15)*$Z$3,2),IF(AK38="c",ROUNDUP(((J15/100)*$Y$15)*$Z$3,2),ROUND(((J15/100)*$Y$15)*$Z$3,2)))) -> 21477.91 | K38: =IF(ISERR(K15),0,IF(AL38="b",ROUNDDOWN(((K15/100)*$Y$15)*$Z$3,2),IF(AL38="c",ROUNDUP(((K15/100)*$Y$15)*$Z$3,2),ROUND(((K15/100)*$Y$15)*$Z$3,2)))) -> 72675.05 | L38: =IF(ISERR(L15),0,IF(AM38="b",ROUNDDOWN(((L15/100)*$Y$15)*$Z$3,2),IF(AM38="c",ROUNDUP(((L15/100)*$Y$15)*$Z$3,2),ROUND(((L15/100)*$Y$15)*$Z$3,2)))) -> 38859.64 | M38: =IF(ISERR(M15),0,IF(AN38="b",ROUNDDOWN(((M15/100)*$Y$15)*$Z$3,2),IF(AN38="c",ROUNDUP(((M15/100)*$Y$15)*$Z$3,2),ROUND(((M15/100)*$Y$15)*$Z$3,2)))) -> 0 | ... W38: =IF(ISERR(W15),0,IF(AX38="b",ROUNDDOWN(((W15/100)*$Y$15)*$Z$3,2),IF(AX38="c",ROUNDUP(((W15/100)*$Y$15)*$Z$3,2),ROUND(((W15/100)*$Y$15)*$Z$3,2)))) -> 0 | X38: =COUNTIF(F38:W38,">0") -> 7 | Y38: =SUM(F38:W38) -> 266996.42 | Z38: =IF($Y$55=0,0,(Y38/$Y$55)) -> 0.062822687 | AF38: =D38 -> CONTRAPARTIDA
B39: =CONCATENATE(B16,LEFT(D39,1)) -> 7T | C39: =C16 -> SERVIÇOS DE URBANIZAÇÃO | D39: =$D$27 -> TESOURO | E39: R$ | F39: =IF(ISERR(F16),0,IF(AG39="b",ROUNDDOWN(((F16/100)*$Y$16)*$Z$2,2),IF(AG39="c",ROUNDUP(((F16/100)*$Y$16)*$Z$2,2),ROUND(((F16/100)*$Y$16)*$Z$2,2)))) -> 0 | G39: =IF(ISERR(G16),0,IF(AH39="b",ROUNDDOWN(((G16/100)*$Y$16)*$Z$2,2),IF(AH39="c",ROUNDUP(((G16/100)*$Y$16)*$Z$2,2),ROUND(((G16/100)*$Y$16)*$Z$2,2)))) -> 0 | H39: =IF(ISERR(H16),0,IF(AI39="b",ROUNDDOWN(((H16/100)*$Y$16)*$Z$2,2),IF(AI39="c",ROUNDUP(((H16/100)*$Y$16)*$Z$2,2),ROUND(((H16/100)*$Y$16)*$Z$2,2)))) -> 0 | I39: =IF(ISERR(I16),0,IF(AJ39="b",ROUNDDOWN(((I16/100)*$Y$16)*$Z$2,2),IF(AJ39="c",ROUNDUP(((I16/100)*$Y$16)*$Z$2,2),ROUND(((I16/100)*$Y$16)*$Z$2,2)))) -> 0 | J39: =IF(ISERR(J16),0,IF(AK39="b",ROUNDDOWN(((J16/100)*$Y$16)*$Z$2,2),IF(AK39="c",ROUNDUP(((J16/100)*$Y$16)*$Z$2,2),ROUND(((J16/100)*$Y$16)*$Z$2,2)))) -> 0 | K39: =IF(ISERR(K16),0,IF(AL39="b",ROUNDDOWN(((K16/100)*$Y$16)*$Z$2,2),IF(AL39="c",ROUNDUP(((K16/100)*$Y$16)*$Z$2,2),ROUND(((K16/100)*$Y$16)*$Z$2,2)))) -> 0 | L39: =IF(ISERR(L16),0,IF(AM39="b",ROUNDDOWN(((L16/100)*$Y$16)*$Z$2,2),IF(AM39="c",ROUNDUP(((L16/100)*$Y$16)*$Z$2,2),ROUND(((L16/100)*$Y$16)*$Z$2,2)))) -> 0 | M39: =IF(ISERR(M16),0,IF(AN39="b",ROUNDDOWN(((M16/100)*$Y$16)*$Z$2,2),IF(AN39="c",ROUNDUP(((M16/100)*$Y$16)*$Z$2,2),ROUND(((M16/100)*$Y$16)*$Z$2,2)))) -> 0 | ... W39: =IF(ISERR(W16),0,IF(AX39="b",ROUNDDOWN(((W16/100)*$Y$16)*$Z$2,2),IF(AX39="c",ROUNDUP(((W16/100)*$Y$16)*$Z$2,2),ROUND(((W16/100)*$Y$16)*$Z$2,2)))) -> 0 | X39: =COUNTIF(F39:W39,">0") -> 0 | Y39: =SUM(F39:W39) -> 0 | Z39: =IF($Y$55=0,0,(Y39/$Y$55)) -> 0 | AB39: 7 | AC39: =SUM(Y39:Y40) -> 697054.92 | AD39: =IF(ROUND(AC39,2)-ROUND(Y16,2)=0,"Ok",ROUND(AC39,2)-ROUND(Y16,2)) -> Ok | AE39: 7 | AF39: =D39 -> TESOURO
B40: 7C | D40: CONTRAPARTIDA | E40: R$ | F40: =IF(ISERR(F16),0,IF(AG40="b",ROUNDDOWN(((F16/100)*$Y$16)*$Z$3,2),IF(AG40="c",ROUNDUP(((F16/100)*$Y$16)*$Z$3,2),ROUND(((F16/100)*$Y$16)*$Z$3,2)))) -> 129927.94 | G40: =IF(ISERR(G16),0,IF(AH40="b",ROUNDDOWN(((G16/100)*$Y$16)*$Z$3,2),IF(AH40="c",ROUNDUP(((G16/100)*$Y$16)*$Z$3,2),ROUND(((G16/100)*$Y$16)*$Z$3,2)))) -> 72179.8 | H40: =IF(ISERR(H16),0,IF(AI40="b",ROUNDDOWN(((H16/100)*$Y$16)*$Z$3,2),IF(AI40="c",ROUNDUP(((H16/100)*$Y$16)*$Z$3,2),ROUND(((H16/100)*$Y$16)*$Z$3,2)))) -> 66092.36 | I40: =IF(ISERR(I16),0,IF(AJ40="b",ROUNDDOWN(((I16/100)*$Y$16)*$Z$3,2),IF(AJ40="c",ROUNDUP(((I16/100)*$Y$16)*$Z$3,2),ROUND(((I16/100)*$Y$16)*$Z$3,2)))) -> 69193.29 | J40: =IF(ISERR(J16),0,IF(AK40="b",ROUNDDOWN(((J16/100)*$Y$16)*$Z$3,2),IF(AK40="c",ROUNDUP(((J16/100)*$Y$16)*$Z$3,2),ROUND(((J16/100)*$Y$16)*$Z$3,2)))) -> 90063.28 | K40: =IF(ISERR(K16),0,IF(AL40="b",ROUNDDOWN(((K16/100)*$Y$16)*$Z$3,2),IF(AL40="c",ROUNDUP(((K16/100)*$Y$16)*$Z$3,2),ROUND(((K16/100)*$Y$16)*$Z$3,2)))) -> 165279.14 | L40: =IF(ISERR(L16),0,IF(AM40="b",ROUNDDOWN(((L16/100)*$Y$16)*$Z$3,2),IF(AM40="c",ROUNDUP(((L16/100)*$Y$16)*$Z$3,2),ROUND(((L16/100)*$Y$16)*$Z$3,2)))) -> 104319.11 | M40: =IF(ISERR(M16),0,IF(AN40="b",ROUNDDOWN(((M16/100)*$Y$16)*$Z$3,2),IF(AN40="c",ROUNDUP(((M16/100)*$Y$16)*$Z$3,2),ROUND(((M16/100)*$Y$16)*$Z$3,2)))) -> 0 | ... W40: =IF(ISERR(W16),0,IF(AX40="b",ROUNDDOWN(((W16/100)*$Y$16)*$Z$3,2),IF(AX40="c",ROUNDUP(((W16/100)*$Y$16)*$Z$3,2),ROUND(((W16/100)*$Y$16)*$Z$3,2)))) -> 0 | X40: =COUNTIF(F40:W40,">0") -> 7 | Y40: =SUM(F40:W40) -> 697054.92 | Z40: =IF($Y$55=0,0,(Y40/$Y$55)) -> 0.16401292 | AF40: =D40 -> CONTRAPARTIDA
B41: =CONCATENATE(B17,LEFT(D41,1)) -> 8T | C41: =C17 -> SINALIZAÇÃO DE TRÂNSITO | D41: =$D$27 -> TESOURO | E41: R$ | F41: =IF(ISERR(F17),0,IF(AG41="b",ROUNDDOWN(((F17/100)*$Y$17)*$Z$2,2),IF(AG41="c",ROUNDUP(((F17/100)*$Y$17)*$Z$2,2),ROUND(((F17/100)*$Y$17)*$Z$2,2)))) -> 0 | G41: =IF(ISERR(G17),0,IF(AH41="b",ROUNDDOWN(((G17/100)*$Y$17)*$Z$2,2),IF(AH41="c",ROUNDUP(((G17/100)*$Y$17)*$Z$2,2),ROUND(((G17/100)*$Y$17)*$Z$2,2)))) -> 0 | H41: =IF(ISERR(H17),0,IF(AI41="b",ROUNDDOWN(((H17/100)*$Y$17)*$Z$2,2),IF(AI41="c",ROUNDUP(((H17/100)*$Y$17)*$Z$2,2),ROUND(((H17/100)*$Y$17)*$Z$2,2)))) -> 0 | I41: =IF(ISERR(I17),0,IF(AJ41="b",ROUNDDOWN(((I17/100)*$Y$17)*$Z$2,2),IF(AJ41="c",ROUNDUP(((I17/100)*$Y$17)*$Z$2,2),ROUND(((I17/100)*$Y$17)*$Z$2,2)))) -> 0 | J41: =IF(ISERR(J17),0,IF(AK41="b",ROUNDDOWN(((J17/100)*$Y$17)*$Z$2,2),IF(AK41="c",ROUNDUP(((J17/100)*$Y$17)*$Z$2,2),ROUND(((J17/100)*$Y$17)*$Z$2,2)))) -> 0 | K41: =IF(ISERR(K17),0,IF(AL41="b",ROUNDDOWN(((K17/100)*$Y$17)*$Z$2,2),IF(AL41="c",ROUNDUP(((K17/100)*$Y$17)*$Z$2,2),ROUND(((K17/100)*$Y$17)*$Z$2,2)))) -> 0 | L41: =IF(ISERR(L17),0,IF(AM41="b",ROUNDDOWN(((L17/100)*$Y$17)*$Z$2,2),IF(AM41="c",ROUNDUP(((L17/100)*$Y$17)*$Z$2,2),ROUND(((L17/100)*$Y$17)*$Z$2,2)))) -> 0 | M41: =IF(ISERR(M17),0,IF(AN41="b",ROUNDDOWN(((M17/100)*$Y$17)*$Z$2,2),IF(AN41="c",ROUNDUP(((M17/100)*$Y$17)*$Z$2,2),ROUND(((M17/100)*$Y$17)*$Z$2,2)))) -> 0 | ... W41: =IF(ISERR(W17),0,IF(AX41="b",ROUNDDOWN(((W17/100)*$Y$17)*$Z$2,2),IF(AX41="c",ROUNDUP(((W17/100)*$Y$17)*$Z$2,2),ROUND(((W17/100)*$Y$17)*$Z$2,2)))) -> 0 | X41: =COUNTIF(F41:W41,">0") -> 0 | Y41: =SUM(F41:W41) -> 0 | Z41: =IF($Y$55=0,0,(Y41/$Y$55)) -> 0 | AB41: 8 | AC41: =SUM(Y41:Y42) -> 94823.39 | AD41: =IF(ROUND(AC41,2)-ROUND(Y17,2)=0,"Ok",ROUND(AC41,2)-ROUND(Y17,2)) -> Ok | AE41: 8 | AF41: =D41 -> TESOURO
B42: 8C | D42: CONTRAPARTIDA | E42: R$ | F42: =IF(ISERR(F17),0,IF(AG42="b",ROUNDDOWN(((F17/100)*$Y$17)*$Z$3,2),IF(AG42="c",ROUNDUP(((F17/100)*$Y$17)*$Z$3,2),ROUND(((F17/100)*$Y$17)*$Z$3,2)))) -> 11076.03 | G42: =IF(ISERR(G17),0,IF(AH42="b",ROUNDDOWN(((G17/100)*$Y$17)*$Z$3,2),IF(AH42="c",ROUNDUP(((G17/100)*$Y$17)*$Z$3,2),ROUND(((G17/100)*$Y$17)*$Z$3,2)))) -> 20421.27 | H42: =IF(ISERR(H17),0,IF(AI42="b",ROUNDDOWN(((H17/100)*$Y$17)*$Z$3,2),IF(AI42="c",ROUNDUP(((H17/100)*$Y$17)*$Z$3,2),ROUND(((H17/100)*$Y$17)*$Z$3,2)))) -> 9311.51 | I42: =IF(ISERR(I17),0,IF(AJ42="b",ROUNDDOWN(((I17/100)*$Y$17)*$Z$3,2),IF(AJ42="c",ROUNDUP(((I17/100)*$Y$17)*$Z$3,2),ROUND(((I17/100)*$Y$17)*$Z$3,2)))) -> 16327.77 | J42: =IF(ISERR(J17),0,IF(AK42="b",ROUNDDOWN(((J17/100)*$Y$17)*$Z$3,2),IF(AK42="c",ROUNDUP(((J17/100)*$Y$17)*$Z$3,2),ROUND(((J17/100)*$Y$17)*$Z$3,2)))) -> 14971.33 | K42: =IF(ISERR(K17),0,IF(AL42="b",ROUNDDOWN(((K17/100)*$Y$17)*$Z$3,2),IF(AL42="c",ROUNDUP(((K17/100)*$Y$17)*$Z$3,2),ROUND(((K17/100)*$Y$17)*$Z$3,2)))) -> 11741.85 | L42: =IF(ISERR(L17),0,IF(AM42="b",ROUNDDOWN(((L17/100)*$Y$17)*$Z$3,2),IF(AM42="c",ROUNDUP(((L17/100)*$Y$17)*$Z$3,2),ROUND(((L17/100)*$Y$17)*$Z$3,2)))) -> 10973.63 | M42: =IF(ISERR(M17),0,IF(AN42="b",ROUNDDOWN(((M17/100)*$Y$17)*$Z$3,2),IF(AN42="c",ROUNDUP(((M17/100)*$Y$17)*$Z$3,2),ROUND(((M17/100)*$Y$17)*$Z$3,2)))) -> 0 | ... W42: =IF(ISERR(W17),0,IF(AX42="b",ROUNDDOWN(((W17/100)*$Y$17)*$Z$3,2),IF(AX42="c",ROUNDUP(((W17/100)*$Y$17)*$Z$3,2),ROUND(((W17/100)*$Y$17)*$Z$3,2)))) -> 0 | X42: =COUNTIF(F42:W42,">0") -> 7 | Y42: =SUM(F42:W42) -> 94823.39 | Z42: =IF($Y$55=0,0,(Y42/$Y$55)) -> 0.022311386 | AF42: =D42 -> CONTRAPARTIDA
B43: =CONCATENATE(B18,LEFT(D43,1)) -> 9T | C43: =C18 -> ENSAIOS TECNOLÓGICOS | D43: =$D$27 -> TESOURO | E43: R$ | F43: =IF(ISERR(F18),0,IF(AG43="b",ROUNDDOWN(((F18/100)*$Y$18)*$Z$2,2),IF(AG43="c",ROUNDUP(((F18/100)*$Y$18)*$Z$2,2),ROUND(((F18/100)*$Y$18)*$Z$2,2)))) -> 0 | G43: =IF(ISERR(G18),0,IF(AH43="b",ROUNDDOWN(((G18/100)*$Y$18)*$Z$2,2),IF(AH43="c",ROUNDUP(((G18/100)*$Y$18)*$Z$2,2),ROUND(((G18/100)*$Y$18)*$Z$2,2)))) -> 0 | H43: =IF(ISERR(H18),0,IF(AI43="b",ROUNDDOWN(((H18/100)*$Y$18)*$Z$2,2),IF(AI43="c",ROUNDUP(((H18/100)*$Y$18)*$Z$2,2),ROUND(((H18/100)*$Y$18)*$Z$2,2)))) -> 0 | I43: =IF(ISERR(I18),0,IF(AJ43="b",ROUNDDOWN(((I18/100)*$Y$18)*$Z$2,2),IF(AJ43="c",ROUNDUP(((I18/100)*$Y$18)*$Z$2,2),ROUND(((I18/100)*$Y$18)*$Z$2,2)))) -> 0 | J43: =IF(ISERR(J18),0,IF(AK43="b",ROUNDDOWN(((J18/100)*$Y$18)*$Z$2,2),IF(AK43="c",ROUNDUP(((J18/100)*$Y$18)*$Z$2,2),ROUND(((J18/100)*$Y$18)*$Z$2,2)))) -> 0 | K43: =IF(ISERR(K18),0,IF(AL43="b",ROUNDDOWN(((K18/100)*$Y$18)*$Z$2,2),IF(AL43="c",ROUNDUP(((K18/100)*$Y$18)*$Z$2,2),ROUND(((K18/100)*$Y$18)*$Z$2,2)))) -> 0 | L43: =IF(ISERR(L18),0,IF(AM43="b",ROUNDDOWN(((L18/100)*$Y$18)*$Z$2,2),IF(AM43="c",ROUNDUP(((L18/100)*$Y$18)*$Z$2,2),ROUND(((L18/100)*$Y$18)*$Z$2,2)))) -> 0 | M43: =IF(ISERR(M18),0,IF(AN43="b",ROUNDDOWN(((M18/100)*$Y$18)*$Z$2,2),IF(AN43="c",ROUNDUP(((M18/100)*$Y$18)*$Z$2,2),ROUND(((M18/100)*$Y$18)*$Z$2,2)))) -> 0 | ... W43: =IF(ISERR(W18),0,IF(AX43="b",ROUNDDOWN(((W18/100)*$Y$18)*$Z$2,2),IF(AX43="c",ROUNDUP(((W18/100)*$Y$18)*$Z$2,2),ROUND(((W18/100)*$Y$18)*$Z$2,2)))) -> 0 | X43: =COUNTIF(F43:W43,">0") -> 0 | Y43: =SUM(F43:W43) -> 0 | Z43: =IF($Y$55=0,0,(Y43/$Y$55)) -> 0 | AB43: 9 | AC43: =SUM(Y43:Y44) -> 56907.57 | AD43: =IF(ROUND(AC43,2)-ROUND(Y18,2)=0,"Ok",ROUND(AC43,2)-ROUND(Y18,2)) -> Ok | AE43: 9 | AF43: =D43 -> TESOURO
B44: 9C | D44: CONTRAPARTIDA | E44: R$ | F44: =IF(ISERR(F18),0,IF(AG44="b",ROUNDDOWN(((F18/100)*$Y$18)*$Z$3,2),IF(AG44="c",ROUNDUP(((F18/100)*$Y$18)*$Z$3,2),ROUND(((F18/100)*$Y$18)*$Z$3,2)))) -> 8220.18 | G44: =IF(ISERR(G18),0,IF(AH44="b",ROUNDDOWN(((G18/100)*$Y$18)*$Z$3,2),IF(AH44="c",ROUNDUP(((G18/100)*$Y$18)*$Z$3,2),ROUND(((G18/100)*$Y$18)*$Z$3,2)))) -> 8220.18 | H44: =IF(ISERR(H18),0,IF(AI44="b",ROUNDDOWN(((H18/100)*$Y$18)*$Z$3,2),IF(AI44="c",ROUNDUP(((H18/100)*$Y$18)*$Z$3,2),ROUND(((H18/100)*$Y$18)*$Z$3,2)))) -> 8220.18 | I44: =IF(ISERR(I18),0,IF(AJ44="b",ROUNDDOWN(((I18/100)*$Y$18)*$Z$3,2),IF(AJ44="c",ROUNDUP(((I18/100)*$Y$18)*$Z$3,2),ROUND(((I18/100)*$Y$18)*$Z$3,2)))) -> 8220.18 | J44: =IF(ISERR(J18),0,IF(AK44="b",ROUNDDOWN(((J18/100)*$Y$18)*$Z$3,2),IF(AK44="c",ROUNDUP(((J18/100)*$Y$18)*$Z$3,2),ROUND(((J18/100)*$Y$18)*$Z$3,2)))) -> 8220.18 | K44: =IF(ISERR(K18),0,IF(AL44="b",ROUNDDOWN(((K18/100)*$Y$18)*$Z$3,2),IF(AL44="c",ROUNDUP(((K18/100)*$Y$18)*$Z$3,2),ROUND(((K18/100)*$Y$18)*$Z$3,2)))) -> 8220.18 | L44: =IF(ISERR(L18),0,IF(AM44="b",ROUNDDOWN(((L18/100)*$Y$18)*$Z$3,2),IF(AM44="c",ROUNDUP(((L18/100)*$Y$18)*$Z$3,2),ROUND(((L18/100)*$Y$18)*$Z$3,2)))) -> 7586.49 | M44: =IF(ISERR(M18),0,IF(AN44="b",ROUNDDOWN(((M18/100)*$Y$18)*$Z$3,2),IF(AN44="c",ROUNDUP(((M18/100)*$Y$18)*$Z$3,2),ROUND(((M18/100)*$Y$18)*$Z$3,2)))) -> 0 | ... W44: =IF(ISERR(W18),0,IF(AX44="b",ROUNDDOWN(((W18/100)*$Y$18)*$Z$3,2),IF(AX44="c",ROUNDUP(((W18/100)*$Y$18)*$Z$3,2),ROUND(((W18/100)*$Y$18)*$Z$3,2)))) -> 0 | X44: =COUNTIF(F44:W44,">0") -> 7 | Y44: =SUM(F44:W44) -> 56907.57 | Z44: =IF($Y$55=0,0,(Y44/$Y$55)) -> 0.013390016 | AF44: =D44 -> CONTRAPARTIDA
B45: =CONCATENATE(B19,LEFT(D45,1)) -> 10T | C45: =C19 -> 0 | D45: =$D$27 -> TESOURO | E45: R$ | F45: =IF(ISERR(F19),0,IF(AG45="b",ROUNDDOWN(((F19/100)*$Y$19)*$Z$2,2),IF(AG45="c",ROUNDUP(((F19/100)*$Y$19)*$Z$2,2),ROUND(((F19/100)*$Y$19)*$Z$2,2)))) -> 0 | G45: =IF(ISERR(G19),0,IF(AH45="b",ROUNDDOWN(((G19/100)*$Y$19)*$Z$2,2),IF(AH45="c",ROUNDUP(((G19/100)*$Y$19)*$Z$2,2),ROUND(((G19/100)*$Y$19)*$Z$2,2)))) -> 0 | H45: =IF(ISERR(H19),0,IF(AI45="b",ROUNDDOWN(((H19/100)*$Y$19)*$Z$2,2),IF(AI45="c",ROUNDUP(((H19/100)*$Y$19)*$Z$2,2),ROUND(((H19/100)*$Y$19)*$Z$2,2)))) -> 0 | I45: =IF(ISERR(I19),0,IF(AJ45="b",ROUNDDOWN(((I19/100)*$Y$19)*$Z$2,2),IF(AJ45="c",ROUNDUP(((I19/100)*$Y$19)*$Z$2,2),ROUND(((I19/100)*$Y$19)*$Z$2,2)))) -> 0 | J45: =IF(ISERR(J19),0,IF(AK45="b",ROUNDDOWN(((J19/100)*$Y$19)*$Z$2,2),IF(AK45="c",ROUNDUP(((J19/100)*$Y$19)*$Z$2,2),ROUND(((J19/100)*$Y$19)*$Z$2,2)))) -> 0 | K45: =IF(ISERR(K19),0,IF(AL45="b",ROUNDDOWN(((K19/100)*$Y$19)*$Z$2,2),IF(AL45="c",ROUNDUP(((K19/100)*$Y$19)*$Z$2,2),ROUND(((K19/100)*$Y$19)*$Z$2,2)))) -> 0 | L45: =IF(ISERR(L19),0,IF(AM45="b",ROUNDDOWN(((L19/100)*$Y$19)*$Z$2,2),IF(AM45="c",ROUNDUP(((L19/100)*$Y$19)*$Z$2,2),ROUND(((L19/100)*$Y$19)*$Z$2,2)))) -> 0 | M45: =IF(ISERR(M19),0,IF(AN45="b",ROUNDDOWN(((M19/100)*$Y$19)*$Z$2,2),IF(AN45="c",ROUNDUP(((M19/100)*$Y$19)*$Z$2,2),ROUND(((M19/100)*$Y$19)*$Z$2,2)))) -> 0 | ... W45: =IF(ISERR(W19),0,IF(AX45="b",ROUNDDOWN(((W19/100)*$Y$19)*$Z$2,2),IF(AX45="c",ROUNDUP(((W19/100)*$Y$19)*$Z$2,2),ROUND(((W19/100)*$Y$19)*$Z$2,2)))) -> 0 | X45: =COUNTIF(F45:W45,">0") -> 0 | Y45: =SUM(F45:W45) -> 0 | Z45: =IF($Y$55=0,0,(Y45/$Y$55)) -> 0 | AB45: 10 | AC45: =SUM(Y45:Y46) -> 0 | AD45: =IF(ROUND(AC45,2)-ROUND(Y19,2)=0,"Ok",ROUND(AC45,2)-ROUND(Y19,2)) -> Ok | AE45: 10 | AF45: =D45 -> TESOURO
B46: 10C | D46: CONTRAPARTIDA | E46: R$ | F46: =IF(ISERR(F19),0,IF(AG46="b",ROUNDDOWN(((F19/100)*$Y$19)*$Z$3,2),IF(AG46="c",ROUNDUP(((F19/100)*$Y$19)*$Z$3,2),ROUND(((F19/100)*$Y$19)*$Z$3,2)))) -> 0 | G46: =IF(ISERR(G19),0,IF(AH46="b",ROUNDDOWN(((G19/100)*$Y$19)*$Z$3,2),IF(AH46="c",ROUNDUP(((G19/100)*$Y$19)*$Z$3,2),ROUND(((G19/100)*$Y$19)*$Z$3,2)))) -> 0 | H46: =IF(ISERR(H19),0,IF(AI46="b",ROUNDDOWN(((H19/100)*$Y$19)*$Z$3,2),IF(AI46="c",ROUNDUP(((H19/100)*$Y$19)*$Z$3,2),ROUND(((H19/100)*$Y$19)*$Z$3,2)))) -> 0 | I46: =IF(ISERR(I19),0,IF(AJ46="b",ROUNDDOWN(((I19/100)*$Y$19)*$Z$3,2),IF(AJ46="c",ROUNDUP(((I19/100)*$Y$19)*$Z$3,2),ROUND(((I19/100)*$Y$19)*$Z$3,2)))) -> 0 | J46: =IF(ISERR(J19),0,IF(AK46="b",ROUNDDOWN(((J19/100)*$Y$19)*$Z$3,2),IF(AK46="c",ROUNDUP(((J19/100)*$Y$19)*$Z$3,2),ROUND(((J19/100)*$Y$19)*$Z$3,2)))) -> 0 | K46: =IF(ISERR(K19),0,IF(AL46="b",ROUNDDOWN(((K19/100)*$Y$19)*$Z$3,2),IF(AL46="c",ROUNDUP(((K19/100)*$Y$19)*$Z$3,2),ROUND(((K19/100)*$Y$19)*$Z$3,2)))) -> 0 | L46: =IF(ISERR(L19),0,IF(AM46="b",ROUNDDOWN(((L19/100)*$Y$19)*$Z$3,2),IF(AM46="c",ROUNDUP(((L19/100)*$Y$19)*$Z$3,2),ROUND(((L19/100)*$Y$19)*$Z$3,2)))) -> 0 | M46: =IF(ISERR(M19),0,IF(AN46="b",ROUNDDOWN(((M19/100)*$Y$19)*$Z$3,2),IF(AN46="c",ROUNDUP(((M19/100)*$Y$19)*$Z$3,2),ROUND(((M19/100)*$Y$19)*$Z$3,2)))) -> 0 | ... W46: =IF(ISERR(W19),0,IF(AX46="b",ROUNDDOWN(((W19/100)*$Y$19)*$Z$3,2),IF(AX46="c",ROUNDUP(((W19/100)*$Y$19)*$Z$3,2),ROUND(((W19/100)*$Y$19)*$Z$3,2)))) -> 0 | X46: =COUNTIF(F46:W46,">0") -> 0 | Y46: =SUM(F46:W46) -> 0 | Z46: =IF($Y$55=0,0,(Y46/$Y$55)) -> 0 | AF46: =D46 -> CONTRAPARTIDA
B47: =CONCATENATE(B20,LEFT(D47,1)) -> 11T | C47: =C20 -> 0 | D47: =$D$27 -> TESOURO | E47: R$ | F47: =IF(ISERR(F20),0,IF(AG47="b",ROUNDDOWN(((F20/100)*$Y$20)*$Z$2,2),IF(AG47="c",ROUNDUP(((F20/100)*$Y$20)*$Z$2,2),ROUND(((F20/100)*$Y$20)*$Z$2,2)))) -> 0 | G47: =IF(ISERR(G20),0,IF(AH47="b",ROUNDDOWN(((G20/100)*$Y$20)*$Z$2,2),IF(AH47="c",ROUNDUP(((G20/100)*$Y$20)*$Z$2,2),ROUND(((G20/100)*$Y$20)*$Z$2,2)))) -> 0 | H47: =IF(ISERR(H20),0,IF(AI47="b",ROUNDDOWN(((H20/100)*$Y$20)*$Z$2,2),IF(AI47="c",ROUNDUP(((H20/100)*$Y$20)*$Z$2,2),ROUND(((H20/100)*$Y$20)*$Z$2,2)))) -> 0 | I47: =IF(ISERR(I20),0,IF(AJ47="b",ROUNDDOWN(((I20/100)*$Y$20)*$Z$2,2),IF(AJ47="c",ROUNDUP(((I20/100)*$Y$20)*$Z$2,2),ROUND(((I20/100)*$Y$20)*$Z$2,2)))) -> 0 | J47: =IF(ISERR(J20),0,IF(AK47="b",ROUNDDOWN(((J20/100)*$Y$20)*$Z$2,2),IF(AK47="c",ROUNDUP(((J20/100)*$Y$20)*$Z$2,2),ROUND(((J20/100)*$Y$20)*$Z$2,2)))) -> 0 | K47: =IF(ISERR(K20),0,IF(AL47="b",ROUNDDOWN(((K20/100)*$Y$20)*$Z$2,2),IF(AL47="c",ROUNDUP(((K20/100)*$Y$20)*$Z$2,2),ROUND(((K20/100)*$Y$20)*$Z$2,2)))) -> 0 | L47: =IF(ISERR(L20),0,IF(AM47="b",ROUNDDOWN(((L20/100)*$Y$20)*$Z$2,2),IF(AM47="c",ROUNDUP(((L20/100)*$Y$20)*$Z$2,2),ROUND(((L20/100)*$Y$20)*$Z$2,2)))) -> 0 | M47: =IF(ISERR(M20),0,IF(AN47="b",ROUNDDOWN(((M20/100)*$Y$20)*$Z$2,2),IF(AN47="c",ROUNDUP(((M20/100)*$Y$20)*$Z$2,2),ROUND(((M20/100)*$Y$20)*$Z$2,2)))) -> 0 | ... W47: =IF(ISERR(W20),0,IF(AX47="b",ROUNDDOWN(((W20/100)*$Y$20)*$Z$2,2),IF(AX47="c",ROUNDUP(((W20/100)*$Y$20)*$Z$2,2),ROUND(((W20/100)*$Y$20)*$Z$2,2)))) -> 0 | X47: =COUNTIF(F47:W47,">0") -> 0 | Y47: =SUM(F47:W47) -> 0 | Z47: =IF($Y$55=0,0,(Y47/$Y$55)) -> 0 | AB47: 11 | AC47: =SUM(Y47:Y48) -> 0 | AD47: =IF(ROUND(AC47,2)-ROUND(Y20,2)=0,"Ok",ROUND(AC47,2)-ROUND(Y20,2)) -> Ok | AE47: 11 | AF47: =D47 -> TESOURO
B48: 11C | D48: CONTRAPARTIDA | E48: R$ | F48: =IF(ISERR(F20),0,IF(AG48="b",ROUNDDOWN(((F20/100)*$Y$20)*$Z$3,2),IF(AG48="c",ROUNDUP(((F20/100)*$Y$20)*$Z$3,2),ROUND(((F20/100)*$Y$20)*$Z$3,2)))) -> 0 | G48: =IF(ISERR(G20),0,IF(AH48="b",ROUNDDOWN(((G20/100)*$Y$20)*$Z$3,2),IF(AH48="c",ROUNDUP(((G20/100)*$Y$20)*$Z$3,2),ROUND(((G20/100)*$Y$20)*$Z$3,2)))) -> 0 | H48: =IF(ISERR(H20),0,IF(AI48="b",ROUNDDOWN(((H20/100)*$Y$20)*$Z$3,2),IF(AI48="c",ROUNDUP(((H20/100)*$Y$20)*$Z$3,2),ROUND(((H20/100)*$Y$20)*$Z$3,2)))) -> 0 | I48: =IF(ISERR(I20),0,IF(AJ48="b",ROUNDDOWN(((I20/100)*$Y$20)*$Z$3,2),IF(AJ48="c",ROUNDUP(((I20/100)*$Y$20)*$Z$3,2),ROUND(((I20/100)*$Y$20)*$Z$3,2)))) -> 0 | J48: =IF(ISERR(J20),0,IF(AK48="b",ROUNDDOWN(((J20/100)*$Y$20)*$Z$3,2),IF(AK48="c",ROUNDUP(((J20/100)*$Y$20)*$Z$3,2),ROUND(((J20/100)*$Y$20)*$Z$3,2)))) -> 0 | K48: =IF(ISERR(K20),0,IF(AL48="b",ROUNDDOWN(((K20/100)*$Y$20)*$Z$3,2),IF(AL48="c",ROUNDUP(((K20/100)*$Y$20)*$Z$3,2),ROUND(((K20/100)*$Y$20)*$Z$3,2)))) -> 0 | L48: =IF(ISERR(L20),0,IF(AM48="b",ROUNDDOWN(((L20/100)*$Y$20)*$Z$3,2),IF(AM48="c",ROUNDUP(((L20/100)*$Y$20)*$Z$3,2),ROUND(((L20/100)*$Y$20)*$Z$3,2)))) -> 0 | M48: =IF(ISERR(M20),0,IF(AN48="b",ROUNDDOWN(((M20/100)*$Y$20)*$Z$3,2),IF(AN48="c",ROUNDUP(((M20/100)*$Y$20)*$Z$3,2),ROUND(((M20/100)*$Y$20)*$Z$3,2)))) -> 0 | ... W48: =IF(ISERR(W20),0,IF(AX48="b",ROUNDDOWN(((W20/100)*$Y$20)*$Z$3,2),IF(AX48="c",ROUNDUP(((W20/100)*$Y$20)*$Z$3,2),ROUND(((W20/100)*$Y$20)*$Z$3,2)))) -> 0 | X48: =COUNTIF(F48:W48,">0") -> 0 | Y48: =SUM(F48:W48) -> 0 | Z48: =IF($Y$55=0,0,(Y48/$Y$55)) -> 0 | AF48: =D48 -> CONTRAPARTIDA
B49: =CONCATENATE(B21,LEFT(D49,1)) -> 12T | C49: =C21 -> 0 | D49: =$D$27 -> TESOURO | E49: R$ | F49: =IF(ISERR(F21),0,IF(AG49="b",ROUNDDOWN(((F21/100)*$Y$21)*$Z$2,2),IF(AG49="c",ROUNDUP(((F21/100)*$Y$21)*$Z$2,2),ROUND(((F21/100)*$Y$21)*$Z$2,2)))) -> 0 | G49: =IF(ISERR(G21),0,IF(AH49="b",ROUNDDOWN(((G21/100)*$Y$21)*$Z$2,2),IF(AH49="c",ROUNDUP(((G21/100)*$Y$21)*$Z$2,2),ROUND(((G21/100)*$Y$21)*$Z$2,2)))) -> 0 | H49: =IF(ISERR(H21),0,IF(AI49="b",ROUNDDOWN(((H21/100)*$Y$21)*$Z$2,2),IF(AI49="c",ROUNDUP(((H21/100)*$Y$21)*$Z$2,2),ROUND(((H21/100)*$Y$21)*$Z$2,2)))) -> 0 | I49: =IF(ISERR(I21),0,IF(AJ49="b",ROUNDDOWN(((I21/100)*$Y$21)*$Z$2,2),IF(AJ49="c",ROUNDUP(((I21/100)*$Y$21)*$Z$2,2),ROUND(((I21/100)*$Y$21)*$Z$2,2)))) -> 0 | J49: =IF(ISERR(J21),0,IF(AK49="b",ROUNDDOWN(((J21/100)*$Y$21)*$Z$2,2),IF(AK49="c",ROUNDUP(((J21/100)*$Y$21)*$Z$2,2),ROUND(((J21/100)*$Y$21)*$Z$2,2)))) -> 0 | K49: =IF(ISERR(K21),0,IF(AL49="b",ROUNDDOWN(((K21/100)*$Y$21)*$Z$2,2),IF(AL49="c",ROUNDUP(((K21/100)*$Y$21)*$Z$2,2),ROUND(((K21/100)*$Y$21)*$Z$2,2)))) -> 0 | L49: =IF(ISERR(L21),0,IF(AM49="b",ROUNDDOWN(((L21/100)*$Y$21)*$Z$2,2),IF(AM49="c",ROUNDUP(((L21/100)*$Y$21)*$Z$2,2),ROUND(((L21/100)*$Y$21)*$Z$2,2)))) -> 0 | M49: =IF(ISERR(M21),0,IF(AN49="b",ROUNDDOWN(((M21/100)*$Y$21)*$Z$2,2),IF(AN49="c",ROUNDUP(((M21/100)*$Y$21)*$Z$2,2),ROUND(((M21/100)*$Y$21)*$Z$2,2)))) -> 0 | ... W49: =IF(ISERR(W21),0,IF(AX49="b",ROUNDDOWN(((W21/100)*$Y$21)*$Z$2,2),IF(AX49="c",ROUNDUP(((W21/100)*$Y$21)*$Z$2,2),ROUND(((W21/100)*$Y$21)*$Z$2,2)))) -> 0 | X49: =COUNTIF(F49:W49,">0") -> 0 | Y49: =SUM(F49:W49) -> 0 | Z49: =IF($Y$55=0,0,(Y49/$Y$55)) -> 0 | AB49: 12 | AC49: =SUM(Y49:Y50) -> 0 | AD49: =IF(ROUND(AC49,2)-ROUND(Y21,2)=0,"Ok",ROUND(AC49,2)-ROUND(Y21,2)) -> Ok | AE49: 12 | AF49: =D49 -> TESOURO
B50: 12C | D50: CONTRAPARTIDA | E50: R$ | F50: =IF(ISERR(F21),0,IF(AG50="b",ROUNDDOWN(((F21/100)*$Y$21)*$Z$3,2),IF(AG50="c",ROUNDUP(((F21/100)*$Y$21)*$Z$3,2),ROUND(((F21/100)*$Y$21)*$Z$3,2)))) -> 0 | G50: =IF(ISERR(G21),0,IF(AH50="b",ROUNDDOWN(((G21/100)*$Y$21)*$Z$3,2),IF(AH50="c",ROUNDUP(((G21/100)*$Y$21)*$Z$3,2),ROUND(((G21/100)*$Y$21)*$Z$3,2)))) -> 0 | H50: =IF(ISERR(H21),0,IF(AI50="b",ROUNDDOWN(((H21/100)*$Y$21)*$Z$3,2),IF(AI50="c",ROUNDUP(((H21/100)*$Y$21)*$Z$3,2),ROUND(((H21/100)*$Y$21)*$Z$3,2)))) -> 0 | I50: =IF(ISERR(I21),0,IF(AJ50="b",ROUNDDOWN(((I21/100)*$Y$21)*$Z$3,2),IF(AJ50="c",ROUNDUP(((I21/100)*$Y$21)*$Z$3,2),ROUND(((I21/100)*$Y$21)*$Z$3,2)))) -> 0 | J50: =IF(ISERR(J21),0,IF(AK50="b",ROUNDDOWN(((J21/100)*$Y$21)*$Z$3,2),IF(AK50="c",ROUNDUP(((J21/100)*$Y$21)*$Z$3,2),ROUND(((J21/100)*$Y$21)*$Z$3,2)))) -> 0 | K50: =IF(ISERR(K21),0,IF(AL50="b",ROUNDDOWN(((K21/100)*$Y$21)*$Z$3,2),IF(AL50="c",ROUNDUP(((K21/100)*$Y$21)*$Z$3,2),ROUND(((K21/100)*$Y$21)*$Z$3,2)))) -> 0 | L50: =IF(ISERR(L21),0,IF(AM50="b",ROUNDDOWN(((L21/100)*$Y$21)*$Z$3,2),IF(AM50="c",ROUNDUP(((L21/100)*$Y$21)*$Z$3,2),ROUND(((L21/100)*$Y$21)*$Z$3,2)))) -> 0 | M50: =IF(ISERR(M21),0,IF(AN50="b",ROUNDDOWN(((M21/100)*$Y$21)*$Z$3,2),IF(AN50="c",ROUNDUP(((M21/100)*$Y$21)*$Z$3,2),ROUND(((M21/100)*$Y$21)*$Z$3,2)))) -> 0 | ... W50: =IF(ISERR(W21),0,IF(AX50="b",ROUNDDOWN(((W21/100)*$Y$21)*$Z$3,2),IF(AX50="c",ROUNDUP(((W21/100)*$Y$21)*$Z$3,2),ROUND(((W21/100)*$Y$21)*$Z$3,2)))) -> 0 | X50: =COUNTIF(F50:W50,">0") -> 0 | Y50: =SUM(F50:W50) -> 0 | Z50: =IF($Y$55=0,0,(Y50/$Y$55)) -> 0 | AF50: =D50 -> CONTRAPARTIDA
B52: =LEFT(D52,1) -> T | C52: TOTAIS | D52: =$D$27 -> TESOURO | E52: R$ | F52: =SUMIF($D$27:$D$50,$D$52,F$27:F$50) -> 0 | G52: =SUMIF($D$27:$D$50,$D$52,G$27:G$50) -> 0 | H52: =SUMIF($D$27:$D$50,$D$52,H$27:H$50) -> 0 | I52: =SUMIF($D$27:$D$50,$D$52,I$27:I$50) -> 0 | J52: =SUMIF($D$27:$D$50,$D$52,J$27:J$50) -> 0 | K52: =SUMIF($D$27:$D$50,$D$52,K$27:K$50) -> 0 | L52: =SUMIF($D$27:$D$50,$D$52,L$27:L$50) -> 0 | M52: =SUMIF($D$27:$D$50,$D$52,M$27:M$50) -> 0 | ... W52: =SUMIF($D$27:$D$50,$D$52,W$27:W$50) -> 0 | X52: =COUNTIF(F52:W52,">0") -> 0 | Y52: =SUMIF($D$27:$D$50,$D$52,Y$27:Y$50) -> 0 | Z52: =SUMIF($D$27:$D$50,$D$52,Z$27:Z$50) -> 0 | AB52: TOTAL | AC52: =SUM(Y52:Y53) -> 4250000 | AD52: =IF(ROUND(AC52,2)-ROUND(Y23,2)=0,"Ok",ROUND(AC52,2)-ROUND(Y23,2)) -> Ok
B53: C | D53: CONTRAPARTIDA | E53: R$ | F53: =SUMIF($D$27:$D$50,$D$53,F$27:F$50) -> 499528.39 | G53: =SUMIF($D$27:$D$50,$D$53,G$27:G$50) -> 544433.12 | H53: =SUMIF($D$27:$D$50,$D$53,H$27:H$50) -> 454569.43 | I53: =SUMIF($D$27:$D$50,$D$53,I$27:I$50) -> 478984.13 | J53: =SUMIF($D$27:$D$50,$D$53,J$27:J$50) -> 509375.63 | K53: =SUMIF($D$27:$D$50,$D$53,K$27:K$50) -> 1045888.3 | L53: =SUMIF($D$27:$D$50,$D$53,L$27:L$50) -> 717220.96 | M53: =SUMIF($D$27:$D$50,$D$53,M$27:M$50) -> 0 | ... W53: =SUMIF($D$27:$D$50,$D$53,W$27:W$50) -> 0 | X53: =COUNTIF(F53:W53,">0") -> 7 | Y53: =SUMIF($D$27:$D$50,$D$53,Y$27:Y$50) -> 4250000 | Z53: =SUMIF($D$27:$D$50,$D$53,Z$27:Z$50) -> 1
B55: FATURAMENTO MENSAL PREVISTO | E55: R$ | F55: =SUM(F52:F53) -> 499528.39 | G55: =SUM(G52:G53) -> 544433.12 | H55: =SUM(H52:H53) -> 454569.43 | I55: =SUM(I52:I53) -> 478984.13 | J55: =SUM(J52:J53) -> 509375.63 | K55: =SUM(K52:K53) -> 1045888.3 | L55: =SUM(L52:L53) -> 717220.96 | M55: =SUM(M52:M53) -> 0 | ... W55: =SUM(W52:W53) -> 0 | X55: =COUNTIF(F55:W55,">0") -> 7 | Y55: =SUM(F55:W55) -> 4250000 | Z55: =SUM(Z52:Z53) -> 1
B56: MENSAL PARCIAL PREVISTO EM % | E56: R$ | F56: =IF($Y$55=0,0,F55/$Y$55) -> 0.11753609 | G56: =IF($Y$55=0,0,G55/$Y$55) -> 0.12810191 | H56: =IF($Y$55=0,0,H55/$Y$55) -> 0.10695751 | I56: =IF($Y$55=0,0,I55/$Y$55) -> 0.11270215 | J56: =IF($Y$55=0,0,J55/$Y$55) -> 0.11985309 | K56: =IF($Y$55=0,0,K55/$Y$55) -> 0.24609137 | L56: =IF($Y$55=0,0,L55/$Y$55) -> 0.16875787 | M56: =IF($Y$55=0,0,M55/$Y$55) -> 0 | ... W56: =IF($Y$55=0,0,W55/$Y$55) -> 0 | Y56: =Y52+Y53 -> 4250000 | Z56: =SUM(F56:W56) -> 1
B57: MENSAL ACUMULADO PREVISTO EM % | E57: R$ | F57: =F56 -> 0.11753609 | G57: =IF(G55=0,0,F57+G56) -> 0.245638 | H57: =IF(H55=0,0,G57+H56) -> 0.35259552 | I57: =IF(I55=0,0,H57+I56) -> 0.46529766 | J57: =IF(J55=0,0,I57+J56) -> 0.58515075 | K57: =IF(K55=0,0,J57+K56) -> 0.83124213 | L57: =IF(L55=0,0,K57+L56) -> 1 | M57: =IF(M55=0,0,L57+M56) -> 0 | N57: =IF(N55=0,0,M57+N56) -> 0 | ... W57: =IF(W55=0,0,V57+W56) -> 0 | Y57: =IF(Y55=Y23,"OK","CORRIGIR") -> OK | Z57: =IF(ROUND(Z55,4)=ROUND(Z23/100,4),"OK","CORRIGIR") -> CORRIGIR
B59: =CONCATENATE(" Nome da Empresa: ",MEDIÇÃO_GLOBAL!F6," - CNPJ: ",MEDIÇÃO_GLOBAL!K6) -> Nome da Empresa: DUBAI CONSTRUÇÕES E PAVIMENTAÇÕES LTDA - CNPJ: 57.902.002/0001-93
B60: Rresentante da Empresa: | G60: Assinatura: | K60: Resp. Técnico da Empresa e CREA/CAU: | R60: Assinatura: | W60: data:
B62: DIGITAR O NOME DO REPRESENTANTE DA EMPRESA | K62: =CONCATENATE(Dados_Obra!BA103," - ",Dados_Obra!BA104) -> TALISSON FAHIR BERNARDES - CREA MG-367322/D | W62: DIGITAR A DATA DO ADITIVO DO CRONOGRAMA
B63: =Dados_Obra!A2 -> USO EXCLUSIVO PARA CONVÊNIOS COM A SECID E O PARANACIDADE | X63: =Dados_Obra!K10 -> Data Base da aprovação do Orçamento (Decreto 10.086/22 do Paraná, que regulamenta a Lei 14.133/21): | Y63: =Dados_Obra!L10 -> 45814
BB65: Valor do PROJETO................... | BC65: =Y22 -> 0
BB66: Percentual MÍNIMO para última ETAPA (medição): | BD66: =IF([1]Dados_Obra!$C$5=2,25%,IFERROR(VLOOKUP(BC65,[1]faixas_ultima_medição!$B$7:$D$24,3),0)) -> 0.15
BB67: =IF(Y22=0,"",CONCATENATE("Valor da última ETAPA (",[1]Dados_Obra!D14,") deverá ser no mínimo de R$ ",TEXT(ROUND(Y22*$BD$66,2),"#.##0,00")))

Sheet Descrições_ETAPAS_Empresa
B1: =CONCATENATE("PLANEJAMENTO DA OBRA DE ",Dados_Obra!F5," - CONTRATO") -> PLANEJAMENTO DA OBRA DE PAVIMENTAÇÃO DE VIAS URBANAS - CONTRATO
B2: RELAÇÃO DOS DESCRITIVOS DE CADA ETAPA DO PROJETO / OBRA
B4: Município: | C4: =Dados_Obra!B3 -> SANTA TEREZA DO OESTE | H4: =CONCATENATE(" PRIORIDADE Nº ",Dados_Obra!L3) -> PRIORIDADE Nº 65 | I4: SAM | J4: =Dados_Obra!L4 -> 53
B5: Projeto : | C5: =Dados_Obra!$F$5 -> PAVIMENTAÇÃO DE VIAS URBANAS | I5: LOTE nº | J5: =Dados_Obra!L5 -> 1
B6: Local da Obra: | C6: =Dados_Obra!$B$6 -> VIAS URBANAS DE SANTA TEREZA DO OESTE
B7: Fonte do Recurso: | C7: =Dados_Obra!$L$6 -> PAM | I7: Data Base da aprovação do Orçamento (Decreto 10.086/22 do Paraná, que regulamenta a Lei 14.133/21): | J7: =Dados_Obra!$L$10 -> 45814
B8: NÚMERO DE ETAPAS DESTE PROJETO: | D8: =Dados_Obra!$D$14 -> 7 | E8: Observação: Vetado a medição por preço unitário. Só será liberado a emissão da Nota Fiscal após o atingimento de 100% da Etapa.
B13: Valor GLOBAL do CONTRATO: | D13: =MEDIÇÃO_GLOBAL!total -> 4250000
B14: =CONCATENATE("Empresa Contratada: ",Dados_Obra!$B$23) -> Empresa Contratada: DUBAI CONSTRUÇÕES E PAVIMENTAÇÕES LTDA
A17: FILTRO | B17: SEQUÊNCIA DAS ETAPAS | C17: Nº DIAS DE EXECUÇÃO | D17: VALOR CRONOGRAMADO P/ CADA ETAPA | E17: DESCRIÇÃO DAS ETAPAS
A18: 1 | B18: TOTAL: | C18: =SUM(C19:C36) -> 210 | D18: =SUM(D19:D36) -> 4250000
A19: 1 | B19: =IF(A19=0,0,CONCATENATE(A19,"ª MEDIÇÃO")) -> 1ª MEDIÇÃO | C19: =Cronograma_Empresa!F7 -> 30 | D19: =IF(C19=0,0,Cronograma_Proposta_Empresa!E$2) -> 499528.39
A20: =IF(A19+1>$D$8,0,IF(A19=0,0,A19+1)) -> 2 | B20: =IF(A20=0,0,CONCATENATE(A20,"ª MEDIÇÃO")) -> 2ª MEDIÇÃO | C20: =Cronograma_Empresa!G7 -> 30 | D20: =IF(C20=0,0,Cronograma_Proposta_Empresa!F$2) -> 544433.12
A21: =IF(A20+1>$D$8,0,IF(A20=0,0,A20+1)) -> 3 | B21: =IF(A21=0,0,CONCATENATE(A21,"ª MEDIÇÃO")) -> 3ª MEDIÇÃO | C21: =Cronograma_Empresa!H7 -> 30 | D21: =IF(C21=0,0,Cronograma_Proposta_Empresa!G$2) -> 454569.43
A22: =IF(A21+1>$D$8,0,IF(A21=0,0,A21+1)) -> 4 | B22: =IF(A22=0,0,CONCATENATE(A22,"ª MEDIÇÃO")) -> 4ª MEDIÇÃO | C22: =Cronograma_Empresa!I7 -> 30 | D22: =IF(C22=0,0,Cronograma_Proposta_Empresa!H$2) -> 478984.13
A23: =IF(A22+1>$D$8,0,IF(A22=0,0,A22+1)) -> 5 | B23: =IF(A23=0,0,CONCATENATE(A23,"ª MEDIÇÃO")) -> 5ª MEDIÇÃO | C23: =Cronograma_Empresa!J7 -> 30 | D23: =IF(C23=0,0,Cronograma_Proposta_Empresa!I$2) -> 509375.63
A24: =IF(A23+1>$D$8,0,IF(A23=0,0,A23+1)) -> 6 | B24: =IF(A24=0,0,CONCATENATE(A24,"ª MEDIÇÃO")) -> 6ª MEDIÇÃO | C24: =Cronograma_Empresa!K7 -> 30 | D24: =IF(C24=0,0,Cronograma_Proposta_Empresa!J$2) -> 1045888.3
A25: =IF(A24+1>$D$8,0,IF(A24=0,0,A24+1)) -> 7 | B25: =IF(A25=0,0,CONCATENATE(A25,"ª MEDIÇÃO")) -> 7ª MEDIÇÃO | C25: =Cronograma_Empresa!L7 -> 30 | D25: =IF(C25=0,0,Cronograma_Proposta_Empresa!K$2) -> 717220.96
A26: =IF(A25+1>$D$8,0,IF(A25=0,0,A25+1)) -> 0 | B26: =IF(A26=0,0,CONCATENATE(A26,"ª MEDIÇÃO")) -> 0 | C26: =Cronograma_Empresa!M7 -> 0 | D26: =IF(C26=0,0,Cronograma_Proposta_Empresa!L$2) -> 0
A27: =IF(A26+1>$D$8,0,IF(A26=0,0,A26+1)) -> 0 | B27: =IF(A27=0,0,CONCATENATE(A27,"ª MEDIÇÃO")) -> 0 | C27: =Cronograma_Empresa!N7 -> 0 | D27: =IF(C27=0,0,Cronograma_Proposta_Empresa!M$2) -> 0
A28: =IF(A27+1>$D$8,0,IF(A27=0,0,A27+1)) -> 0 | B28: =IF(A28=0,0,CONCATENATE(A28,"ª MEDIÇÃO")) -> 0 | C28: =Cronograma_Empresa!O7 -> 0 | D28: =IF(C28=0,0,Cronograma_Proposta_Empresa!N$2) -> 0
A29: =IF(A28+1>$D$8,0,IF(A28=0,0,A28+1)) -> 0 | B29: =IF(A29=0,0,CONCATENATE(A29,"ª MEDIÇÃO")) -> 0 | C29: =Cronograma_Empresa!P7 -> 0 | D29: =IF(C29=0,0,Cronograma_Proposta_Empresa!O$2) -> 0
A30: =IF(A29+1>$D$8,0,IF(A29=0,0,A29+1)) -> 0 | B30: =IF(A30=0,0,CONCATENATE(A30,"ª MEDIÇÃO")) -> 0 | C30: =Cronograma_Empresa!Q7 -> 0 | D30: =IF(C30=0,0,Cronograma_Proposta_Empresa!P$2) -> 0
A31: =IF(A30+1>$D$8,0,IF(A30=0,0,A30+1)) -> 0 | B31: =IF(A31=0,0,CONCATENATE(A31,"ª MEDIÇÃO")) -> 0 | C31: =Cronograma_Empresa!R7 -> 0 | D31: =IF(C31=0,0,Cronograma_Proposta_Empresa!Q$2) -> 0
A32: =IF(A31+1>$D$8,0,IF(A31=0,0,A31+1)) -> 0 | B32: =IF(A32=0,0,CONCATENATE(A32,"ª MEDIÇÃO")) -> 0 | C32: =Cronograma_Empresa!S7 -> 0 | D32: =IF(C32=0,0,Cronograma_Proposta_Empresa!R$2) -> 0
A33: =IF(A32+1>$D$8,0,IF(A32=0,0,A32+1)) -> 0 | B33: =IF(A33=0,0,CONCATENATE(A33,"ª MEDIÇÃO")) -> 0 | C33: =Cronograma_Empresa!T7 -> 0 | D33: =IF(C33=0,0,Cronograma_Proposta_Empresa!S$2) -> 0
A34: =IF(A33+1>$D$8,0,IF(A33=0,0,A33+1)) -> 0 | B34: =IF(A34=0,0,CONCATENATE(A34,"ª MEDIÇÃO")) -> 0 | C34: =Cronograma_Empresa!U7 -> 0 | D34: =IF(C34=0,0,Cronograma_Proposta_Empresa!T$2) -> 0
A35: =IF(A34+1>$D$8,0,IF(A34=0,0,A34+1)) -> 0 | B35: =IF(A35=0,0,CONCATENATE(A35,"ª MEDIÇÃO")) -> 0 | C35: =Cronograma_Empresa!V7 -> 0 | D35: =IF(C35=0,0,Cronograma_Proposta_Empresa!U$2) -> 0
A36: =IF(A35+1>$D$8,0,IF(A35=0,0,A35+1)) -> 0 | B36: =IF(A36=0,0,CONCATENATE(A36,"ª MEDIÇÃO")) -> 0 | C36: =Cronograma_Empresa!W7 -> 0 | D36: =IF(C36=0,0,Cronograma_Proposta_Empresa!V$2) -> 0
A37: 1
A38: 1 | B38: Representante da Empresa (Assinatura Digital): | F38: Resp. Técnico da Empresa e CREA/CAU (Assinatura Digital): | J38: Data da Proposta:
A39: 1 | J39: =Dados_Obra!L24 -> 45936
A40: 1 | B40: =Dados_Obra!B24 -> JOBERSON BRUNO POMPEU | F40: =CONCATENATE(Dados_Obra!B25," - ",Dados_Obra!L25) -> TALISSON FAHIR BERNARDES - CREA MG-367322/D
A41: 1
A42: 1 | B42: USO EXCLUSIVO DO CONVÊNIO DA SECRETARIA DE ESTADO DAS CIDADES - SECID COM O PARANACIDADE
A43: 1 | J43: Direitos autorais do PARANACIDADE

Sheet Carimbo_Unificado
C2: ATESTADO/AUTORIZAÇÃO
B4: =CONCATENATE("Atesto, para os devidos fins, que foram recebidos os Bens e/ou Serviços do presente documento, referente à Licitação na Modalidade ",RESUMO_GLOBAL!K11,", nº ",RESUMO_GLOBAL!Q11,", Projeto ",MEDIÇÃO_GLOBAL!F5," do PROGRAMA no qual o PARANACIDADE é o Agente Técnico Operacional.") -> Atesto, para os devidos fins, que foram recebidos os Bens e/ou Serviços do presente documento, referente à Licitação na Modalidade CONCORRÊNCIA ELETRÔNICA, nº 008/2025, Projeto PAVIMENTAÇÃO DE VIAS URBANAS do PROGRAMA no qual o PARANACIDADE é o Agente Técnico Operacional.
B6: =CONCATENATE("EM ",MEDIÇÃO_GLOBAL!F4,", DE DE ",YEAR(TODAY()),".") -> EM SANTA TEREZA DO OESTE, DE DE 2026.
B8: ASS: ____________________________________________________
B9: =CONCATENATE("NOME: ",Dados_Obra!BC103," - ",Dados_Obra!BC104) -> NOME: EDUARDO ARAUJO BERTOGLIO - ENGº CIVIL - CREA PR-188.244/D
B10: CARGO: FISCAL DO CONTRATO
B11: AUTORIZO O PAGAMENTO
B13: ASS.: ____________________________________________________
B14: =CONCATENATE("NOME: ",Dados_Obra!BE103) -> NOME: AMARILDO RIGOLIN
B15: =CONCATENATE(" ",Dados_Obra!BE102) -> PREFEITO MUNICIPAL DE SANTA TEREZA DO OESTE
C18: SECRETARIA DE ESTADO DAS CIDADES – SECID
C20: SERVIÇO SOCIAL AUTÔNOMO PARANACIDADE
B22: =CONCATENATE("Os Bens e/ou Serviços do presente documento, referentes à Licitação na Modalidade ",RESUMO_GLOBAL!K11,", nº ",RESUMO_GLOBAL!Q11,", Projeto ",MEDIÇÃO_GLOBAL!F5," do PROGRAMA no qual o PARANACIDADE é o Agente Técnico Operacional, estão de acordo com a medição realizada pela Prefeitura Municipal e Supervisionada pelo Serviço Social Autonômo PARANACIDADE.") -> Os Bens e/ou Serviços do presente documento, referentes à Licitação na Modalidade CONCORRÊNCIA ELETRÔNICA, nº 008/2025, Projeto PAVIMENTAÇÃO DE VIAS URBANAS do PROGRAMA no qual o PARANACIDADE é o Agente Técnico Operacional, estão de acordo com a medição realizada pela Prefeitura Municipal e Supervisionada pelo Serviço Social Autonômo PARANACIDADE.
B24: =B6 -> EM SANTA TEREZA DO OESTE, DE DE 2026.
B26: ASS: _____________________________________________________
B27: =CONCATENATE("NOME: ",Dados_Obra!C33," - ",Dados_Obra!C34) -> NOME: Fernanda Espindola de Oliveira - CREA 178038/D
B28: =CONCATENATE("CARGO: ",Dados_Obra!C35) -> CARGO: ENGENHEIRA CIVIL

Sheet MEDIÇÃO_OBJETO (1)
A1: =Dados_GLOBAL_Inicial!$A$1 -> Versão da planilha: 06 de 22/05/2025 - 14:40h | F1: =CONCATENATE("PREFEITURA MUNICIPAL DE ",F4) -> PREFEITURA MUNICIPAL DE SANTA TEREZA DO OESTE | N1: ESTADO DO PARANÁ
N2: REGIONAL | O2: =MEDIÇÃO_GLOBAL!$O$2 -> Cascavel | P2: ASSOCIAÇÃO | Q2: =MEDIÇÃO_GLOBAL!$Q$2 -> Amop | Z2: =MEDIÇÃO_GLOBAL!W2 -> Informar qual foi a última MEDIÇÃO/ETAPA ACUMULADA PAGA? | AA2: =MEDIÇÃO_GLOBAL!Z2 -> 0
K3: LICITADO PELA LEI Nº 14.133 / 2021 | L3: Mês | M3: =VLOOKUP(MONTH($Q$3),RESUMO_GLOBAL!$C$89:$D$100,2,FALSE) -> Mar | N3: PARCELA | O3: =MEDIÇÃO_GLOBAL!$O$3 -> 2 | P3: DATA | Q3: =MEDIÇÃO_GLOBAL!$Q$3 -> 46107 | Z3: =MEDIÇÃO_GLOBAL!W3 -> Até quais MEDIÇÕES / ETAPAS a serem PAGAS nesta medição? | AA3: =MEDIÇÃO_GLOBAL!Z3 -> 1
C4: MUNICÍPIO: | F4: =MEDIÇÃO_GLOBAL!$F$4 -> SANTA TEREZA DO OESTE | J4: CÓDIGO SAM MUNIC.: | K4: =MEDIÇÃO_GLOBAL!K4 -> 292 | L4: SAM | M4: =MEDIÇÃO_GLOBAL!$M$4 -> 53 | N4: CONTRATO EMPREITADA: | P4: ORDEM DE SERVIÇO: | S4: Valores do Aditivo | Z4: MEDIÇÃO: | AA4: =MEDIÇÃO_GLOBAL!Z4 -> 2ª | AB4: 3
C5: SUBPROJETO: | F5: =MEDIÇÃO_GLOBAL!$F$5 -> PAVIMENTAÇÃO DE VIAS URBANAS | L5: Lote | M5: =MEDIÇÃO_GLOBAL!$M$5 -> 1 | N5: Nº | O5: =MEDIÇÃO_GLOBAL!$O$5 -> 256/2025 | P5: Nº | S5: Total Aditivo | T5: =S8+T8 -> 0 | Z5: PRAZO DE EXECUÇÃO: | AA5: =Dados_Obra!K29 -> 46136 | AB5: =AB4+1 -> 4
C6: FIRMA EMPREITERA: | F6: =MEDIÇÃO_GLOBAL!$F$6 -> DUBAI CONSTRUÇÕES E PAVIMENTAÇÕES LTDA | J6: CNPJ: | K6: =MEDIÇÃO_GLOBAL!$K$6 -> 57.902.002/0001-93 | N6: DATA: | O6: =MEDIÇÃO_GLOBAL!$O$6 -> 45926 | P6: DATA | S6: Acréscimos | T6: Supressões | Z6: PRAZO DE VIGÊNCIA: | AA6: =Dados_Obra!K30 -> 46346 | AB6: =AB5+1 -> 5 | AG6: 1 | AH6: =AG6+1 -> 2 | AI6: =AH6+1 -> 3 | AJ6: =AI6+1 -> 4 | AK6: =AJ6+1 -> 5 | AL6: =AK6+1 -> 6 | AM6: =AL6+1 -> 7 | AN6: =AM6+1 -> 8 | AO6: =AN6+1 -> 9 | ... AX6: =AW6+1 -> 18
A7: FILTRO | C7: MEDIÇÃO DOS SERVIÇOS | N7: ORÇAMENTO | S7: =IF(MEDIÇÃO_GLOBAL!$P$716=0,0,ROUND(S8/MEDIÇÃO_GLOBAL!$P$716,6)) -> 0 | T7: =IF(MEDIÇÃO_GLOBAL!$P$716=0,0,ROUND(T8/MEDIÇÃO_GLOBAL!$P$716,6)) -> 0 | X7: CONTROLE | AB7: =AB6+1 -> 6 | AG7: MEDIÇÃO DAS QUANTIDADES EXECUTADAS PELA EMPRESA
A8: itens do projeto | C8: Nº | D8: CÓDIGO | E8: ORIGEM | F8: DISCRIMINAÇÃO DO SERVIÇOS | G8: Unid | H8: Quantid. Licitada | I8: Diferença | J8: =IF(SUM(I10:I71)<>0,"Quantid. ADITADA","Quantid. LICITADA") -> Quantid. LICITADA | K8: % Exe- cutada | L8: Coef. De Influên. (ABC) | M8: % Total | N8: Custo Unitário | O8: Valor Medido | P8: Total do Contrato | Q8: Saldo Contrato | S8: =SUM(S10:S713) -> 0 | T8: =SUM(T10:T713) -> 0 | V8: arredondamentos VALOR "c" = cima "b" = baixo | X8: Ítem - Medição Acumulada | Y8: Sub - Totais Medição | Z8: Ítem-Contrato Acumulado | AA8: Sub - Totais Contratuais | AB8: =AB7+1 -> 7 | AC8: Quantid. Executada Acumulada | AD8: % Executada | AF8: GRANDES ITENS | AG8: =CONCATENATE(AG6,"ª MEDIÇÃO Executada") -> 1ª MEDIÇÃO Executada | AH8: =CONCATENATE(AH6,"ª MEDIÇÃO Executada") -> 2ª MEDIÇÃO Executada | AI8: =CONCATENATE(AI6,"ª MEDIÇÃO Executada") -> 3ª MEDIÇÃO Executada | AJ8: =CONCATENATE(AJ6,"ª MEDIÇÃO Executada") -> 4ª MEDIÇÃO Executada | AK8: =CONCATENATE(AK6,"ª MEDIÇÃO Executada") -> 5ª MEDIÇÃO Executada | AL8: =CONCATENATE(AL6,"ª MEDIÇÃO Executada") -> 6ª MEDIÇÃO Executada | AM8: =CONCATENATE(AM6,"ª MEDIÇÃO Executada") -> 7ª MEDIÇÃO Executada | AN8: =CONCATENATE(AN6,"ª MEDIÇÃO Executada") -> 8ª MEDIÇÃO Executada | ... AW8: =CONCATENATE(AW6,"ª MEDIÇÃO Executada") -> 17ª MEDIÇÃO Executada | AX8: =CONCATENATE(AX6,"ª ETAPA Executada") -> 18ª ETAPA Executada
A9: x | C9: =IF(Dados_Obra!$H$37=1,CONCATENATE("GLOBAL - LOTE ",M5),CONCATENATE(Dados_Obra!H39," - ",Dados_Obra!B39)) -> GLOBAL - LOTE 1 | V9: Valor Medido | W9: Total do Contrato | X9: =IF(ISBLANK(J9),0,X10+O9) -> 0 | Y9: =IF(ISBLANK(J9),X10,0) -> 0 | Z9: =IF(ISBLANK(J9),0,Z10+P9) -> 0 | AA9: =IF(ISBLANK(J9),Z10,0) -> 0 | AB9: =AB8+1 -> 8
A10: x | C10: =MEDIÇÃO_GLOBAL!C10 -> 1 | D10: =MEDIÇÃO_GLOBAL!D10 | E10: =MEDIÇÃO_GLOBAL!E10 -> 550 | F10: =MEDIÇÃO_GLOBAL!F10 -> SERVIÇOS PRELIMINARES | G10: =MEDIÇÃO_GLOBAL!G10 | H10: =Dados_GLOBAL_Inicial!S10 | J10: =SUM(H10:I10) -> 0 | K10: =AD10 -> 0 | L10: =IF(total=0,0,ROUND(P10/total,4)) -> 0 | M10: =IF(J10=0,0,IF(K10>100%,"excesso",IF(ISNUMBER(K10),ROUND(K10*L10,4),IF(K10="<excesso",ROUND(100%*L10,4),0)))) -> 0 | N10: =IF(IFERROR(VALUE(MEDIÇÃO_GLOBAL!N10),0)=0,0,MEDIÇÃO_GLOBAL!N10) -> 0 | O10: =IF(K10>100%,P10,IF(ISBLANK(J10),0,IF((V10)="c",ROUNDUP(K10*P10,2),IF((V10)="b",ROUNDDOWN(K10*P10,2),ROUND(K10*P10,2))))) -> 0 | Q10: =P10-O10 -> 0 | S10: =IF(I10>0,ROUND(I10*N10,2),0) -> 0 | T10: =IF(I10<0,ROUND(I10*N10,2),0) -> 0 | X10: =IF(C10<>0,0,X11+O10) -> 0 | Y10: =IF(C10<>0,X11,0) -> 5812.42 | Z10: =IF(C10<>0,0,Z11+P10) -> 0 | AA10: =IF(C10<>0,Z11,0) -> 40363.22 | AB10: =AB9+1 -> 9 | AC10: =IF(SUM(AG10:AX10)>J10,J10,SUM(AG10:AX10)) -> 0 | AD10: =IF(J10=0,0,IF(AC10>J10,1,AC10/J10)) -> 0 | AF10: =IFERROR(IF(C10=0,0,C10),0) -> 1
A11: =IF(LEN(F11)>3,"x",IF(N11<0,"x","")) -> x | C11: =MEDIÇÃO_GLOBAL!C11 -> 0 | D11: =MEDIÇÃO_GLOBAL!D11 -> 00051 | E11: =MEDIÇÃO_GLOBAL!E11 -> ORSE | F11: =MEDIÇÃO_GLOBAL!F11 -> PLACA DE OBRA 4,00 X 2,00 M, EM CHAPA DE ACO GALVANIZADO, INCLUSIVE ARMAÇÃO EM MADEIRA E PONTALETES | G11: =MEDIÇÃO_GLOBAL!G11 -> un | H11: =Dados_GLOBAL_Inicial!S11 -> 4 | J11: =SUM(H11:I11) -> 4 | K11: =AD11 -> 0.25 | L11: =IF(total=0,0,ROUND(P11/total,4)) -> 0.0027 | M11: =IF(J11=0,0,IF(K11>100%,"excesso",IF(ISNUMBER(K11),ROUND(K11*L11,4),IF(K11="<excesso",ROUND(100%*L11,4),0)))) -> 0.0007 | N11: =IF(IFERROR(VALUE(MEDIÇÃO_GLOBAL!N11),0)=0,0,MEDIÇÃO_GLOBAL!N11) -> 2895.34 | O11: =IF(K11>100%,P11,IF(ISBLANK(J11),0,IF((V11)="c",ROUNDUP(K11*P11,2),IF((V11)="b",ROUNDDOWN(K11*P11,2),ROUND(K11*P11,2))))) -> 2895.34 | P11: =IF(Dados_Obra!$H$37=1,Dados_GLOBAL_Inicial!M11,IF((W11)="c",ROUNDUP(J11*N11,2),IF((W11)="b",ROUNDDOWN(J11*N11,2),ROUND(J11*N11,2)))) -> 11581.36 | Q11: =P11-O11 -> 8686.02 | S11: =IF(I11>0,ROUND(I11*N11,2),0) -> 0 | T11: =IF(I11<0,ROUND(I11*N11,2),0) -> 0 | V11: 1 | X11: =IF(C11<>0,0,X12+O11) -> 5812.42 | Y11: =IF(C11<>0,X12,0) -> 0 | Z11: =IF(C11<>0,0,Z12+P11) -> 40363.22 | AA11: =IF(C11<>0,Z12,0) -> 0 | AB11: =AB10+1 -> 10 | AC11: =IF(SUM(AG11:AX11)>J11,J11,SUM(AG11:AX11)) -> 1 | AD11: =IF(J11=0,0,IF(AC11>J11,1,AC11/J11)) -> 0.25 | AF11: =IFERROR(IF(C11=0,0,C11),0) -> 0 | AG11: 1 | AH11: 0
A12: =IF(LEN(F12)>3,"x",IF(N12<0,"x","")) -> x | C12: =MEDIÇÃO_GLOBAL!C12 -> 0 | D12: =MEDIÇÃO_GLOBAL!D12 -> COMP 001 | E12: =MEDIÇÃO_GLOBAL!E12 -> PM_292 | F12: =MEDIÇÃO_GLOBAL!F12 -> Transporde e destinação de resíduos Classe A com caminhão basculante - DTM 30 KM | G12: =MEDIÇÃO_GLOBAL!G12 -> m3 | H12: =Dados_GLOBAL_Inicial!S12 -> 266.4 | J12: =SUM(H12:I12) -> 266.4 | K12: =AD12 -> 0.10135135 | L12: =IF(total=0,0,ROUND(P12/total,4)) -> 0.0068 | M12: =IF(J12=0,0,IF(K12>100%,"excesso",IF(ISNUMBER(K12),ROUND(K12*L12,4),IF(K12="<excesso",ROUND(100%*L12,4),0)))) -> 0.0007 | N12: =IF(IFERROR(VALUE(MEDIÇÃO_GLOBAL!N12),0)=0,0,MEDIÇÃO_GLOBAL!N12) -> 108.04 | O12: =IF(K12>100%,P12,IF(ISBLANK(J12),0,IF((V12)="c",ROUNDUP(K12*P12,2),IF((V12)="b",ROUNDDOWN(K12*P12,2),ROUND(K12*P12,2))))) -> 2917.08 | P12: =IF(Dados_Obra!$H$37=1,Dados_GLOBAL_Inicial!M12,IF((W12)="c",ROUNDUP(J12*N12,2),IF((W12)="b",ROUNDDOWN(J12*N12,2),ROUND(J12*N12,2)))) -> 28781.86 | Q12: =P12-O12 -> 25864.78 | S12: =IF(I12>0,ROUND(I12*N12,2),0) -> 0 | T12: =IF(I12<0,ROUND(I12*N12,2),0) -> 0 | V12: 0 | X12: =IF(C12<>0,0,X13+O12) -> 2917.08 | Y12: =IF(C12<>0,X13,0) -> 0 | Z12: =IF(C12<>0,0,Z13+P12) -> 28781.86 | AA12: =IF(C12<>0,Z13,0) -> 0 | AB12: =AB11+1 -> 11 | AC12: =IF(SUM(AG12:AX12)>J12,J12,SUM(AG12:AX12)) -> 27 | AD12: =IF(J12=0,0,IF(AC12>J12,1,AC12/J12)) -> 0.10135135 | AF12: =IFERROR(IF(C12=0,0,C12),0) -> 0 | AG12: 0 | AH12: 27
A13: =IF(LEN(F13)>3,"x",IF(N13<0,"x","")) -> x | C13: =MEDIÇÃO_GLOBAL!C13 -> 2 | D13: =MEDIÇÃO_GLOBAL!D13 | E13: =MEDIÇÃO_GLOBAL!E13 -> 554 | F13: =MEDIÇÃO_GLOBAL!F13 -> TERRAPLENAGEM | G13: =MEDIÇÃO_GLOBAL!G13 | H13: =Dados_GLOBAL_Inicial!S13 | J13: =SUM(H13:I13) -> 0 | K13: =AD13 -> 0 | L13: =IF(total=0,0,ROUND(P13/total,4)) -> 0 | M13: =IF(J13=0,0,IF(K13>100%,"excesso",IF(ISNUMBER(K13),ROUND(K13*L13,4),IF(K13="<excesso",ROUND(100%*L13,4),0)))) -> 0 | N13: =IF(IFERROR(VALUE(MEDIÇÃO_GLOBAL!N13),0)=0,0,MEDIÇÃO_GLOBAL!N13) -> 0 | O13: =IF(K13>100%,P13,IF(ISBLANK(J13),0,IF((V13)="c",ROUNDUP(K13*P13,2),IF((V13)="b",ROUNDDOWN(K13*P13,2),ROUND(K13*P13,2))))) -> 0 | P13: =IF(Dados_Obra!$H$37=1,Dados_GLOBAL_Inicial!M13,IF((W13)="c",ROUNDUP(J13*N13,2),IF((W13)="b",ROUNDDOWN(J13*N13,2),ROUND(J13*N13,2)))) -> 0 | Q13: =P13-O13 -> 0 | S13: =IF(I13>0,ROUND(I13*N13,2),0) -> 0 | T13: =IF(I13<0,ROUND(I13*N13,2),0) -> 0 | V13: 0 | X13: =IF(C13<>0,0,X14+O13) -> 0 | Y13: =IF(C13<>0,X14,0) -> 77422.17 | Z13: =IF(C13<>0,0,Z14+P13) -> 0 | AA13: =IF(C13<>0,Z14,0) -> 130561.95 | AB13: =AB12+1 -> 12 | AC13: =IF(SUM(AG13:AX13)>J13,J13,SUM(AG13:AX13)) -> 0 | AD13: =IF(J13=0,0,IF(AC13>J13,1,AC13/J13)) -> 0 | AF13: =IFERROR(IF(C13=0,0,C13),0) -> 2 | AG13: 0
A14: =IF(LEN(F14)>3,"x",IF(N14<0,"x","")) -> x | C14: =MEDIÇÃO_GLOBAL!C14 -> 0 | D14: =MEDIÇÃO_GLOBAL!D14 -> 400300 | E14: =MEDIÇÃO_GLOBAL!E14 -> DER | F14: =MEDIÇÃO_GLOBAL!F14 -> Destocamento árvores diam. > 30cm | G14: =MEDIÇÃO_GLOBAL!G14 -> un | H14: =Dados_GLOBAL_Inicial!S14 -> 124 | J14: =SUM(H14:I14) -> 124 | K14: =AD14 -> 0.10483871 | L14: =IF(total=0,0,ROUND(P14/total,4)) -> 0.0014 | M14: =IF(J14=0,0,IF(K14>100%,"excesso",IF(ISNUMBER(K14),ROUND(K14*L14,4),IF(K14="<excesso",ROUND(100%*L14,4),0)))) -> 0.0001 | N14: =IF(IFERROR(VALUE(MEDIÇÃO_GLOBAL!N14),0)=0,0,MEDIÇÃO_GLOBAL!N14) -> 47.2 | O14: =IF(K14>100%,P14,IF(ISBLANK(J14),0,IF((V14)="c",ROUNDUP(K14*P14,2),IF((V14)="b",ROUNDDOWN(K14*P14,2),ROUND(K14*P14,2))))) -> 613.6 | P14: =IF(Dados_Obra!$H$37=1,Dados_GLOBAL_Inicial!M14,IF((W14)="c",ROUNDUP(J14*N14,2),IF((W14)="b",ROUNDDOWN(J14*N14,2),ROUND(J14*N14,2)))) -> 5852.8 | Q14: =P14-O14 -> 5239.2 | S14: =IF(I14>0,ROUND(I14*N14,2),0) -> 0 | T14: =IF(I14<0,ROUND(I14*N14,2),0) -> 0 | V14: 4 | X14: =IF(C14<>0,0,X15+O14) -> 77422.17 | Y14: =IF(C14<>0,X15,0) -> 0 | Z14: =IF(C14<>0,0,Z15+P14) -> 130561.95 | AA14: =IF(C14<>0,Z15,0) -> 0 | AB14: =AB13+1 -> 13 | AC14: =IF(SUM(AG14:AX14)>J14,J14,SUM(AG14:AX14)) -> 13 | AD14: =IF(J14=0,0,IF(AC14>J14,1,AC14/J14)) -> 0.10483871 | AF14: =IFERROR(IF(C14=0,0,C14),0) -> 0 | AG14: 4 | AH14: 9
A15: =IF(LEN(F15)>3,"x",IF(N15<0,"x","")) -> x | C15: =MEDIÇÃO_GLOBAL!C15 -> 0 | D15: =MEDIÇÃO_GLOBAL!D15 -> 520100B | E15: =MEDIÇÃO_GLOBAL!E15 -> DER/PRC | F15: =MEDIÇÃO_GLOBAL!F15 -> Escavação, Carga e Transp. 1ª Cat. | G15: =MEDIÇÃO_GLOBAL!G15 -> m3 | H15: =Dados_GLOBAL_Inicial!S15 -> 7520.94 | J15: =SUM(H15:I15) -> 7520.94 | K15: =AD15 -> 0.24982781 | L15: =IF(total=0,0,ROUND(P15/total,4)) -> 0.015 | M15: =IF(J15=0,0,IF(K15>100%,"excesso",IF(ISNUMBER(K15),ROUND(K15*L15,4),IF(K15="<excesso",ROUND(100%*L15,4),0)))) -> 0.0037 | N15: =IF(IFERROR(VALUE(MEDIÇÃO_GLOBAL!N15),0)=0,0,MEDIÇÃO_GLOBAL!N15) -> 8.49 | O15: =IF(K15>100%,P15,IF(ISBLANK(J15),0,IF((V15)="c",ROUNDUP(K15*P15,2),IF((V15)="b",ROUNDDOWN(K15*P15,2),ROUND(K15*P15,2))))) -> 15952.2 | P15: =IF(Dados_Obra!$H$37=1,Dados_GLOBAL_Inicial!M15,IF((W15)="c",ROUNDUP(J15*N15,2),IF((W15)="b",ROUNDDOWN(J15*N15,2),ROUND(J15*N15,2)))) -> 63852.78 | Q15: =P15-O15 -> 47900.58 | S15: =IF(I15>0,ROUND(I15*N15,2),0) -> 0 | T15: =IF(I15<0,ROUND(I15*N15,2),0) -> 0 | V15: 1536 | X15: =IF(C15<>0,0,X16+O15) -> 76808.57 | Y15: =IF(C15<>0,X16,0) -> 0 | Z15: =IF(C15<>0,0,Z16+P15) -> 124709.15 | AA15: =IF(C15<>0,Z16,0) -> 0 | AB15: =AB14+1 -> 14 | AC15: =IF(SUM(AG15:AX15)>J15,J15,SUM(AG15:AX15)) -> 1878.94 | AD15: =IF(J15=0,0,IF(AC15>J15,1,AC15/J15)) -> 0.24982781 | AF15: =IFERROR(IF(C15=0,0,C15),0) -> 0 | AG15: 1536 | AH15: 342.94
A16: =IF(LEN(F16)>3,"x",IF(N16<0,"x","")) -> x | C16: =MEDIÇÃO_GLOBAL!C16 -> 0 | D16: =MEDIÇÃO_GLOBAL!D16 -> 420200 | E16: =MEDIÇÃO_GLOBAL!E16 -> DER | F16: =MEDIÇÃO_GLOBAL!F16 -> Remoção de Revestimento Primário | G16: =MEDIÇÃO_GLOBAL!G16 -> m3 | H16: =Dados_GLOBAL_Inicial!S16 -> 4806.98 | J16: =SUM(H16:I16) -> 4806.98 | K16: =AD16 -> 1 | L16: =IF(total=0,0,ROUND(P16/total,4)) -> 0.0143 | M16: =IF(J16=0,0,IF(K16>100%,"excesso",IF(ISNUMBER(K16),ROUND(K16*L16,4),IF(K16="<excesso",ROUND(100%*L16,4),0)))) -> 0.0143 | N16: =IF(IFERROR(VALUE(MEDIÇÃO_GLOBAL!N16),0)=0,0,MEDIÇÃO_GLOBAL!N16) -> 12.66 | O16: =IF(K16>100%,P16,IF(ISBLANK(J16),0,IF((V16)="c",ROUNDUP(K16*P16,2),IF((V16)="b",ROUNDDOWN(K16*P16,2),ROUND(K16*P16,2))))) -> 60856.37 | P16: =IF(Dados_Obra!$H$37=1,Dados_GLOBAL_Inicial!M16,IF((W16)="c",ROUNDUP(J16*N16,2),IF((W16)="b",ROUNDDOWN(J16*N16,2),ROUND(J16*N16,2)))) -> 60856.37 | Q16: =P16-O16 -> 0 | S16: =IF(I16>0,ROUND(I16*N16,2),0) -> 0 | T16: =IF(I16<0,ROUND(I16*N16,2),0) -> 0 | V16: 512.01 | X16: =IF(C16<>0,0,X17+O16) -> 60856.37 | Y16: =IF(C16<>0,X17,0) -> 0 | Z16: =IF(C16<>0,0,Z17+P16) -> 60856.37 | AA16: =IF(C16<>0,Z17,0) -> 0 | AB16: =AB15+1 -> 15 | AC16: =IF(SUM(AG16:AX16)>J16,J16,SUM(AG16:AX16)) -> 4806.98 | AD16: =IF(J16=0,0,IF(AC16>J16,1,AC16/J16)) -> 1 | AF16: =IFERROR(IF(C16=0,0,C16),0) -> 0 | AG16: 4806.98 | AH16: 114.31
A17: =IF(LEN(F17)>3,"x",IF(N17<0,"x","")) -> x | C17: =MEDIÇÃO_GLOBAL!C17 -> 3 | D17: =MEDIÇÃO_GLOBAL!D17 | E17: =MEDIÇÃO_GLOBAL!E17 -> 589 | F17: =MEDIÇÃO_GLOBAL!F17 -> DRENAGEM | G17: =MEDIÇÃO_GLOBAL!G17 | H17: =Dados_GLOBAL_Inicial!S17 | J17: =SUM(H17:I17) -> 0 | K17: =AD17 -> 0 | L17: =IF(total=0,0,ROUND(P17/total,4)) -> 0 | M17: =IF(J17=0,0,IF(K17>100%,"excesso",IF(ISNUMBER(K17),ROUND(K17*L17,4),IF(K17="<excesso",ROUND(100%*L17,4),0)))) -> 0 | N17: =IF(IFERROR(VALUE(MEDIÇÃO_GLOBAL!N17),0)=0,0,MEDIÇÃO_GLOBAL!N17) -> 0 | O17: =IF(K17>100%,P17,IF(ISBLANK(J17),0,IF((V17)="c",ROUNDUP(K17*P17,2),IF((V17)="b",ROUNDDOWN(K17*P17,2),ROUND(K17*P17,2))))) -> 0 | P17: =IF(Dados_Obra!$H$37=1,Dados_GLOBAL_Inicial!M17,IF((W17)="c",ROUNDUP(J17*N17,2),IF((W17)="b",ROUNDDOWN(J17*N17,2),ROUND(J17*N17,2)))) -> 0 | Q17: =P17-O17 -> 0 | S17: =IF(I17>0,ROUND(I17*N17,2),0) -> 0 | T17: =IF(I17<0,ROUND(I17*N17,2),0) -> 0 | V17: 0 | X17: =IF(C17<>0,0,X18+O17) -> 0 | Y17: =IF(C17<>0,X18,0) -> 47106.11 | Z17: =IF(C17<>0,0,Z18+P17) -> 0 | AA17: =IF(C17<>0,Z18,0) -> 469897.99 | AB17: =AB16+1 -> 16 | AC17: =IF(SUM(AG17:AX17)>J17,J17,SUM(AG17:AX17)) -> 0 | AD17: =IF(J17=0,0,IF(AC17>J17,1,AC17/J17)) -> 0 | AF17: =IFERROR(IF(C17=0,0,C17),0) -> 3 | AG17: 0
A18: =IF(LEN(F18)>3,"x",IF(N18<0,"x","")) -> x | C18: =MEDIÇÃO_GLOBAL!C18 -> 0 | D18: =MEDIÇÃO_GLOBAL!D18 -> 600300 | E18: =MEDIÇÃO_GLOBAL!E18 -> DER | F18: =MEDIÇÃO_GLOBAL!F18 -> Escavação de Bueiros em 1ª Categoria | G18: =MEDIÇÃO_GLOBAL!G18 -> m3 | H18: =Dados_GLOBAL_Inicial!S18 -> 2281.96 | J18: =SUM(H18:I18) -> 2281.96 | K18: =AD18 -> 0.11356027 | L18: =IF(total=0,0,ROUND(P18/total,4)) -> 0.0046 | M18: =IF(J18=0,0,IF(K18>100%,"excesso",IF(ISNUMBER(K18),ROUND(K18*L18,4),IF(K18="<excesso",ROUND(100%*L18,4),0)))) -> 0.0005 | N18: =IF(IFERROR(VALUE(MEDIÇÃO_GLOBAL!N18),0)=0,0,MEDIÇÃO_GLOBAL!N18) -> 8.59 | O18: =IF(K18>100%,P18,IF(ISBLANK(J18),0,IF((V18)="c",ROUNDUP(K18*P18,2),IF((V18)="b",ROUNDDOWN(K18*P18,2),ROUND(K18*P18,2))))) -> 2226.01 | P18: =IF(Dados_Obra!$H$37=1,Dados_GLOBAL_Inicial!M18,IF((W18)="c",ROUNDUP(J18*N18,2),IF((W18)="b",ROUNDDOWN(J18*N18,2),ROUND(J18*N18,2)))) -> 19602.04 | Q18: =P18-O18 -> 17376.03 | S18: =IF(I18>0,ROUND(I18*N18,2),0) -> 0 | T18: =IF(I18<0,ROUND(I18*N18,2),0) -> 0 | V18: 259.14 | X18: =IF(C18<>0,0,X19+O18) -> 47106.11 | Y18: =IF(C18<>0,X19,0) -> 0 | Z18: =IF(C18<>0,0,Z19+P18) -> 469897.99 | AA18: =IF(C18<>0,Z19,0) -> 0 | AB18: =AB17+1 -> 17 | AC18: =IF(SUM(AG18:AX18)>J18,J18,SUM(AG18:AX18)) -> 259.14 | AD18: =IF(J18=0,0,IF(AC18>J18,1,AC18/J18)) -> 0.11356027 | AF18: =IFERROR(IF(C18=0,0,C18),0) -> 0 | AG18: 259.14 | AH18: 0
A19: =IF(LEN(F19)>3,"x",IF(N19<0,"x","")) -> x | C19: =MEDIÇÃO_GLOBAL!C19 -> 0 | D19: =MEDIÇÃO_GLOBAL!D19 -> 610400A | E19: =MEDIÇÃO_GLOBAL!E19 -> DER/PRC | F19: =MEDIÇÃO_GLOBAL!F19 -> Corpo de BSTC ø 0,40 sem Berço e sem Armação - PS-1 | G19: =MEDIÇÃO_GLOBAL!G19 -> m | H19: =Dados_GLOBAL_Inicial!S19 -> 1499.4 | J19: =SUM(H19:I19) -> 1499.4 | K19: =AD19 -> 0.056022409 | L19: =IF(total=0,0,ROUND(P19/total,4)) -> 0.0415 | M19: =IF(J19=0,0,IF(K19>100%,"excesso",IF(ISNUMBER(K19),ROUND(K19*L19,4),IF(K19="<excesso",ROUND(100%*L19,4),0)))) -> 0.0023 | N19: =IF(IFERROR(VALUE(MEDIÇÃO_GLOBAL!N19),0)=0,0,MEDIÇÃO_GLOBAL!N19) -> 117.52 | O19: =IF(K19>100%,P19,IF(ISBLANK(J19),0,IF((V19)="c",ROUNDUP(K19*P19,2),IF((V19)="b",ROUNDDOWN(K19*P19,2),ROUND(K19*P19,2))))) -> 9871.68 | P19: =IF(Dados_Obra!$H$37=1,Dados_GLOBAL_Inicial!M19,IF((W19)="c",ROUNDUP(J19*N19,2),IF((W19)="b",ROUNDDOWN(J19*N19,2),ROUND(J19*N19,2)))) -> 176209.49 | Q19: =P19-O19 -> 166337.81 | S19: =IF(I19>0,ROUND(I19*N19,2),0) -> 0 | T19: =IF(I19<0,ROUND(I19*N19,2),0) -> 0 | V19: 84 | X19: =IF(C19<>0,0,X20+O19) -> 44880.1 | Y19: =IF(C19<>0,X20,0) -> 0 | Z19: =IF(C19<>0,0,Z20+P19) -> 450295.95 | AA19: =IF(C19<>0,Z20,0) -> 0 | AB19: =AB18+1 -> 18 | AC19: =IF(SUM(AG19:AX19)>J19,J19,SUM(AG19:AX19)) -> 84 | AD19: =IF(J19=0,0,IF(AC19>J19,1,AC19/J19)) -> 0.056022409 | AF19: =IFERROR(IF(C19=0,0,C19),0) -> 0 | AG19: 84 | AH19: 0
A20: =IF(LEN(F20)>3,"x",IF(N20<0,"x","")) -> x | C20: =MEDIÇÃO_GLOBAL!C20 -> 0 | D20: =MEDIÇÃO_GLOBAL!D20 -> 610600D | E20: =MEDIÇÃO_GLOBAL!E20 -> DER/PRC | F20: =MEDIÇÃO_GLOBAL!F20 -> Corpo de BSTC ø 0,60 sem Berço e sem Armação - PS-1 | G20: =MEDIÇÃO_GLOBAL!G20 -> m | H20: =Dados_GLOBAL_Inicial!S20 -> 499 | J20: =SUM(H20:I20) -> 499 | K20: =AD20 -> 0.23847695 | L20: =IF(total=0,0,ROUND(P20/total,4)) -> 0.0167 | M20: =IF(J20=0,0,IF(K20>100%,"excesso",IF(ISNUMBER(K20),ROUND(K20*L20,4),IF(K20="<excesso",ROUND(100%*L20,4),0)))) -> 0.004 | N20: =IF(IFERROR(VALUE(MEDIÇÃO_GLOBAL!N20),0)=0,0,MEDIÇÃO_GLOBAL!N20) -> 142.46 | O20: =IF(K20>100%,P20,IF(ISBLANK(J20),0,IF((V20)="c",ROUNDUP(K20*P20,2),IF((V20)="b",ROUNDDOWN(K20*P20,2),ROUND(K20*P20,2))))) -> 16952.74 | P20: =IF(Dados_Obra!$H$37=1,Dados_GLOBAL_Inicial!M20,IF((W20)="c",ROUNDUP(J20*N20,2),IF((W20)="b",ROUNDDOWN(J20*N20,2),ROUND(J20*N20,2)))) -> 71087.54 | Q20: =P20-O20 -> 54134.8 | S20: =IF(I20>0,ROUND(I20*N20,2),0) -> 0 | T20: =IF(I20<0,ROUND(I20*N20,2),0) -> 0 | V20: 119 | X20: =IF(C20<>0,0,X21+O20) -> 35008.42 | Y20: =IF(C20<>0,X21,0) -> 0 | Z20: =IF(C20<>0,0,Z21+P20) -> 274086.46 | AA20: =IF(C20<>0,Z21,0) -> 0 | AB20: =AB19+1 -> 19 | AC20: =IF(SUM(AG20:AX20)>J20,J20,SUM(AG20:AX20)) -> 119 | AD20: =IF(J20=0,0,IF(AC20>J20,1,AC20/J20)) -> 0.23847695 | AF20: =IFERROR(IF(C20=0,0,C20),0) -> 0 | AG20: 119 | AH20: 0
A21: =IF(LEN(F21)>3,"x",IF(N21<0,"x","")) -> x | C21: =MEDIÇÃO_GLOBAL!C21 -> 0 | D21: =MEDIÇÃO_GLOBAL!D21 -> 610800A | E21: =MEDIÇÃO_GLOBAL!E21 -> DER/PRC | F21: =MEDIÇÃO_GLOBAL!F21 -> Corpo de BSTC ø 0,80 sem Berço e sem Armação - PS-1 | G21: =MEDIÇÃO_GLOBAL!G21 -> m | H21: =Dados_GLOBAL_Inicial!S21 -> 176 | J21: =SUM(H21:I21) -> 176 | K21: =AD21 -> 0 | L21: =IF(total=0,0,ROUND(P21/total,4)) -> 0.0106 | M21: =IF(J21=0,0,IF(K21>100%,"excesso",IF(ISNUMBER(K21),ROUND(K21*L21,4),IF(K21="<excesso",ROUND(100%*L21,4),0)))) -> 0 | N21: =IF(IFERROR(VALUE(MEDIÇÃO_GLOBAL!N21),0)=0,0,MEDIÇÃO_GLOBAL!N21) -> 255.76 | O21: =IF(K21>100%,P21,IF(ISBLANK(J21),0,IF((V21)="c",ROUNDUP(K21*P21,2),IF((V21)="b",ROUNDDOWN(K21*P21,2),ROUND(K21*P21,2))))) -> 0 | P21: =IF(Dados_Obra!$H$37=1,Dados_GLOBAL_Inicial!M21,IF((W21)="c",ROUNDUP(J21*N21,2),IF((W21)="b",ROUNDDOWN(J21*N21,2),ROUND(J21*N21,2)))) -> 45013.76 | Q21: =P21-O21 -> 45013.76 | S21: =IF(I21>0,ROUND(I21*N21,2),0) -> 0 | T21: =IF(I21<0,ROUND(I21*N21,2),0) -> 0 | V21: 0 | X21: =IF(C21<>0,0,X22+O21) -> 18055.68 | Y21: =IF(C21<>0,X22,0) -> 0 | Z21: =IF(C21<>0,0,Z22+P21) -> 202998.92 | AA21: =IF(C21<>0,Z22,0) -> 0 | AB21: =AB20+1 -> 20 | AC21: =IF(SUM(AG21:AX21)>J21,J21,SUM(AG21:AX21)) -> 0 | AD21: =IF(J21=0,0,IF(AC21>J21,1,AC21/J21)) -> 0 | AF21: =IFERROR(IF(C21=0,0,C21),0) -> 0 | AG21: 0 | AH21: 0
A22: =IF(LEN(F22)>3,"x",IF(N22<0,"x","")) -> x | C22: =MEDIÇÃO_GLOBAL!C22 -> 0 | D22: =MEDIÇÃO_GLOBAL!D22 -> BLSA120 | E22: =MEDIÇÃO_GLOBAL!E22 -> DER/PRC | F22: =MEDIÇÃO_GLOBAL!F22 -> B.L. Símples alvenaria H até 1,20 m | G22: =MEDIÇÃO_GLOBAL!G22 -> un | H22: =Dados_GLOBAL_Inicial!S22 -> 22 | J22: =SUM(H22:I22) -> 22 | K22: =AD22 -> 0 | L22: =IF(total=0,0,ROUND(P22/total,4)) -> 0.0074 | M22: =IF(J22=0,0,IF(K22>100%,"excesso",IF(ISNUMBER(K22),ROUND(K22*L22,4),IF(K22="<excesso",ROUND(100%*L22,4),0)))) -> 0 | N22: =IF(IFERROR(VALUE(MEDIÇÃO_GLOBAL!N22),0)=0,0,MEDIÇÃO_GLOBAL!N22) -> 1438.5 | O22: =IF(K22>100%,P22,IF(ISBLANK(J22),0,IF((V22)="c",ROUNDUP(K22*P22,2),IF((V22)="b",ROUNDDOWN(K22*P22,2),ROUND(K22*P22,2))))) -> 0 | P22: =IF(Dados_Obra!$H$37=1,Dados_GLOBAL_Inicial!M22,IF((W22)="c",ROUNDUP(J22*N22,2),IF((W22)="b",ROUNDDOWN(J22*N22,2),ROUND(J22*N22,2)))) -> 31647 | Q22: =P22-O22 -> 31647 | S22: =IF(I22>0,ROUND(I22*N22,2),0) -> 0 | T22: =IF(I22<0,ROUND(I22*N22,2),0) -> 0 | V22: 0 | X22: =IF(C22<>0,0,X23+O22) -> 18055.68 | Y22: =IF(C22<>0,X23,0) -> 0 | Z22: =IF(C22<>0,0,Z23+P22) -> 157985.16 | AA22: =IF(C22<>0,Z23,0) -> 0 | AB22: =AB21+1 -> 21 | AC22: =IF(SUM(AG22:AX22)>J22,J22,SUM(AG22:AX22)) -> 0 | AD22: =IF(J22=0,0,IF(AC22>J22,1,AC22/J22)) -> 0 | AF22: =IFERROR(IF(C22=0,0,C22),0) -> 0 | AG22: 0 | AH22: 0
A23: =IF(LEN(F23)>3,"x",IF(N23<0,"x","")) -> x | C23: =MEDIÇÃO_GLOBAL!C23 -> 0 | D23: =MEDIÇÃO_GLOBAL!D23 -> BLSA150 | E23: =MEDIÇÃO_GLOBAL!E23 -> DER/PRC | F23: =MEDIÇÃO_GLOBAL!F23 -> B.L. Símples alvenaria H até 1,50 m | G23: =MEDIÇÃO_GLOBAL!G23 -> un | H23: =Dados_GLOBAL_Inicial!S23 -> 66 | J23: =SUM(H23:I23) -> 66 | K23: =AD23 -> 0.13636364 | L23: =IF(total=0,0,ROUND(P23/total,4)) -> 0.0259 | M23: =IF(J23=0,0,IF(K23>100%,"excesso",IF(ISNUMBER(K23),ROUND(K23*L23,4),IF(K23="<excesso",ROUND(100%*L23,4),0)))) -> 0.0035 | N23: =IF(IFERROR(VALUE(MEDIÇÃO_GLOBAL!N23),0)=0,0,MEDIÇÃO_GLOBAL!N23) -> 1664.84 | O23: =IF(K23>100%,P23,IF(ISBLANK(J23),0,IF((V23)="c",ROUNDUP(K23*P23,2),IF((V23)="b",ROUNDDOWN(K23*P23,2),ROUND(K23*P23,2))))) -> 14983.56 | P23: =IF(Dados_Obra!$H$37=1,Dados_GLOBAL_Inicial!M23,IF((W23)="c",ROUNDUP(J23*N23,2),IF((W23)="b",ROUNDDOWN(J23*N23,2),ROUND(J23*N23,2)))) -> 109879.44 | Q23: =P23-O23 -> 94895.88 | S23: =IF(I23>0,ROUND(I23*N23,2),0) -> 0 | T23: =IF(I23<0,ROUND(I23*N23,2),0) -> 0 | V23: 9 | X23: =IF(C23<>0,0,X24+O23) -> 18055.68 | Y23: =IF(C23<>0,X24,0) -> 0 | Z23: =IF(C23<>0,0,Z24+P23) -> 126338.16 | AA23: =IF(C23<>0,Z24,0) -> 0 | AB23: =AB22+1 -> 22 | AC23: =IF(SUM(AG23:AX23)>J23,J23,SUM(AG23:AX23)) -> 9 | AD23: =IF(J23=0,0,IF(AC23>J23,1,AC23/J23)) -> 0.13636364 | AF23: =IFERROR(IF(C23=0,0,C23),0) -> 0 | AG23: 9 | AH23: 0
A24: =IF(LEN(F24)>3,"x",IF(N24<0,"x","")) -> x | C24: =MEDIÇÃO_GLOBAL!C24 -> 0 | D24: =MEDIÇÃO_GLOBAL!D24 -> CLA040 | E24: =MEDIÇÃO_GLOBAL!E24 -> DER/PRC | F24: =MEDIÇÃO_GLOBAL!F24 -> C.L. Alvenaria Tubo até 0,40 | G24: =MEDIÇÃO_GLOBAL!G24 -> un | H24: =Dados_GLOBAL_Inicial!S24 -> 3 | J24: =SUM(H24:I24) -> 3 | K24: =AD24 -> 0 | L24: =IF(total=0,0,ROUND(P24/total,4)) -> 0.0004 | M24: =IF(J24=0,0,IF(K24>100%,"excesso",IF(ISNUMBER(K24),ROUND(K24*L24,4),IF(K24="<excesso",ROUND(100%*L24,4),0)))) -> 0 | N24: =IF(IFERROR(VALUE(MEDIÇÃO_GLOBAL!N24),0)=0,0,MEDIÇÃO_GLOBAL!N24) -> 529.12 | O24: =IF(K24>100%,P24,IF(ISBLANK(J24),0,IF((V24)="c",ROUNDUP(K24*P24,2),IF((V24)="b",ROUNDDOWN(K24*P24,2),ROUND(K24*P24,2))))) -> 0 | P24: =IF(Dados_Obra!$H$37=1,Dados_GLOBAL_Inicial!M24,IF((W24)="c",ROUNDUP(J24*N24,2),IF((W24)="b",ROUNDDOWN(J24*N24,2),ROUND(J24*N24,2)))) -> 1587.36 | Q24: =P24-O24 -> 1587.36 | S24: =IF(I24>0,ROUND(I24*N24,2),0) -> 0 | T24: =IF(I24<0,ROUND(I24*N24,2),0) -> 0 | V24: 0 | X24: =IF(C24<>0,0,X25+O24) -> 3072.12 | Y24: =IF(C24<>0,X25,0) -> 0 | Z24: =IF(C24<>0,0,Z25+P24) -> 16458.72 | AA24: =IF(C24<>0,Z25,0) -> 0 | AB24: =AB23+1 -> 23 | AC24: =IF(SUM(AG24:AX24)>J24,J24,SUM(AG24:AX24)) -> 0 | AD24: =IF(J24=0,0,IF(AC24>J24,1,AC24/J24)) -> 0 | AF24: =IFERROR(IF(C24=0,0,C24),0) -> 0 | AG24: 0 | AH24: 0
A25: =IF(LEN(F25)>3,"x",IF(N25<0,"x","")) -> x | C25: =MEDIÇÃO_GLOBAL!C25 -> 0 | D25: =MEDIÇÃO_GLOBAL!D25 -> CLA060 | E25: =MEDIÇÃO_GLOBAL!E25 -> DER/PRC | F25: =MEDIÇÃO_GLOBAL!F25 -> C.L. Alvenaria Tubo até 0,60 | G25: =MEDIÇÃO_GLOBAL!G25 -> un | H25: =Dados_GLOBAL_Inicial!S25 -> 7 | J25: =SUM(H25:I25) -> 7 | K25: =AD25 -> 0 | L25: =IF(total=0,0,ROUND(P25/total,4)) -> 0.0013 | M25: =IF(J25=0,0,IF(K25>100%,"excesso",IF(ISNUMBER(K25),ROUND(K25*L25,4),IF(K25="<excesso",ROUND(100%*L25,4),0)))) -> 0 | N25: =IF(IFERROR(VALUE(MEDIÇÃO_GLOBAL!N25),0)=0,0,MEDIÇÃO_GLOBAL!N25) -> 805.67 | O25: =IF(K25>100%,P25,IF(ISBLANK(J25),0,IF((V25)="c",ROUNDUP(K25*P25,2),IF((V25)="b",ROUNDDOWN(K25*P25,2),ROUND(K25*P25,2))))) -> 0 | P25: =IF(Dados_Obra!$H$37=1,Dados_GLOBAL_Inicial!M25,IF((W25)="c",ROUNDUP(J25*N25,2),IF((W25)="b",ROUNDDOWN(J25*N25,2),ROUND(J25*N25,2)))) -> 5639.69 | Q25: =P25-O25 -> 5639.69 | S25: =IF(I25>0,ROUND(I25*N25,2),0) -> 0 | T25: =IF(I25<0,ROUND(I25*N25,2),0) -> 0 | V25: 0 | X25: =IF(C25<>0,0,X26+O25) -> 3072.12 | Y25: =IF(C25<>0,X26,0) -> 0 | Z25: =IF(C25<>0,0,Z26+P25) -> 14871.36 | AA25: =IF(C25<>0,Z26,0) -> 0 | AB25: =AB24+1 -> 24 | AC25: =IF(SUM(AG25:AX25)>J25,J25,SUM(AG25:AX25)) -> 0 | AD25: =IF(J25=0,0,IF(AC25>J25,1,AC25/J25)) -> 0 | AF25: =IFERROR(IF(C25=0,0,C25),0) -> 0 | AG25: 0 | AH25: 0
A26: =IF(LEN(F26)>3,"x",IF(N26<0,"x","")) -> x | C26: =MEDIÇÃO_GLOBAL!C26 -> 0 | D26: =MEDIÇÃO_GLOBAL!D26 -> CLM060 | E26: =MEDIÇÃO_GLOBAL!E26 -> DER/PRC | F26: =MEDIÇÃO_GLOBAL!F26 -> C.L. pré-moldado Tubo até 0,60 | G26: =MEDIÇÃO_GLOBAL!G26 -> un | H26: =Dados_GLOBAL_Inicial!S26 -> 4 | J26: =SUM(H26:I26) -> 4 | K26: =AD26 -> 1 | L26: =IF(total=0,0,ROUND(P26/total,4)) -> 0.0007 | M26: =IF(J26=0,0,IF(K26>100%,"excesso",IF(ISNUMBER(K26),ROUND(K26*L26,4),IF(K26="<excesso",ROUND(100%*L26,4),0)))) -> 0.0007 | N26: =IF(IFERROR(VALUE(MEDIÇÃO_GLOBAL!N26),0)=0,0,MEDIÇÃO_GLOBAL!N26) -> 768.03 | O26: =IF(K26>100%,P26,IF(ISBLANK(J26),0,IF((V26)="c",ROUNDUP(K26*P26,2),IF((V26)="b",ROUNDDOWN(K26*P26,2),ROUND(K26*P26,2))))) -> 3072.12 | P26: =IF(Dados_Obra!$H$37=1,Dados_GLOBAL_Inicial!M26,IF((W26)="c",ROUNDUP(J26*N26,2),IF((W26)="b",ROUNDDOWN(J26*N26,2),ROUND(J26*N26,2)))) -> 3072.12 | Q26: =P26-O26 -> 0 | S26: =IF(I26>0,ROUND(I26*N26,2),0) -> 0 | T26: =IF(I26<0,ROUND(I26*N26,2),0) -> 0 | V26: 4 | X26: =IF(C26<>0,0,X27+O26) -> 3072.12 | Y26: =IF(C26<>0,X27,0) -> 0 | Z26: =IF(C26<>0,0,Z27+P26) -> 9231.67 | AA26: =IF(C26<>0,Z27,0) -> 0 | AB26: =AB25+1 -> 25 | AC26: =IF(SUM(AG26:AX26)>J26,J26,SUM(AG26:AX26)) -> 4 | AD26: =IF(J26=0,0,IF(AC26>J26,1,AC26/J26)) -> 1 | AF26: =IFERROR(IF(C26=0,0,C26),0) -> 0 | AG26: 4 | AH26: 0
A27: =IF(LEN(F27)>3,"x",IF(N27<0,"x","")) -> x | C27: =MEDIÇÃO_GLOBAL!C27 -> 0 | D27: =MEDIÇÃO_GLOBAL!D27 -> CLC040 | E27: =MEDIÇÃO_GLOBAL!E27 -> DER/PRC | F27: =MEDIÇÃO_GLOBAL!F27 -> C.L. concreto armado Tubo até 0,40 | G27: =MEDIÇÃO_GLOBAL!G27 -> un | H27: =Dados_GLOBAL_Inicial!S27 -> 1 | J27: =SUM(H27:I27) -> 1 | K27: =AD27 -> 0 | L27: =IF(total=0,0,ROUND(P27/total,4)) -> 0.0002 | M27: =IF(J27=0,0,IF(K27>100%,"excesso",IF(ISNUMBER(K27),ROUND(K27*L27,4),IF(K27="<excesso",ROUND(100%*L27,4),0)))) -> 0 | N27: =IF(IFERROR(VALUE(MEDIÇÃO_GLOBAL!N27),0)=0,0,MEDIÇÃO_GLOBAL!N27) -> 843.63 | O27: =IF(K27>100%,P27,IF(ISBLANK(J27),0,IF((V27)="c",ROUNDUP(K27*P27,2),IF((V27)="b",ROUNDDOWN(K27*P27,2),ROUND(K27*P27,2))))) -> 0 | P27: =IF(Dados_Obra!$H$37=1,Dados_GLOBAL_Inicial!M27,IF((W27)="c",ROUNDUP(J27*N27,2),IF((W27)="b",ROUNDDOWN(J27*N27,2),ROUND(J27*N27,2)))) -> 843.63 | Q27: =P27-O27 -> 843.63 | S27: =IF(I27>0,ROUND(I27*N27,2),0) -> 0 | T27: =IF(I27<0,ROUND(I27*N27,2),0) -> 0 | V27: 0 | X27: =IF(C27<>0,0,X28+O27) -> 0 | Y27: =IF(C27<>0,X28,0) -> 0 | Z27: =IF(C27<>0,0,Z28+P27) -> 6159.55 | AA27: =IF(C27<>0,Z28,0) -> 0 | AB27: =AB26+1 -> 26 | AC27: =IF(SUM(AG27:AX27)>J27,J27,SUM(AG27:AX27)) -> 0 | AD27: =IF(J27=0,0,IF(AC27>J27,1,AC27/J27)) -> 0 | AF27: =IFERROR(IF(C27=0,0,C27),0) -> 0 | AG27: 0 | AH27: 0
A28: =IF(LEN(F28)>3,"x",IF(N28<0,"x","")) -> x | C28: =MEDIÇÃO_GLOBAL!C28 -> 0 | D28: =MEDIÇÃO_GLOBAL!D28 -> CLC060 | E28: =MEDIÇÃO_GLOBAL!E28 -> DER/PRC | F28: =MEDIÇÃO_GLOBAL!F28 -> C.L. concreto armado Tubo até 0,60 | G28: =MEDIÇÃO_GLOBAL!G28 -> un | H28: =Dados_GLOBAL_Inicial!S28 -> 4 | J28: =SUM(H28:I28) -> 4 | K28: =AD28 -> 0 | L28: =IF(total=0,0,ROUND(P28/total,4)) -> 0.0013 | M28: =IF(J28=0,0,IF(K28>100%,"excesso",IF(ISNUMBER(K28),ROUND(K28*L28,4),IF(K28="<excesso",ROUND(100%*L28,4),0)))) -> 0 | N28: =IF(IFERROR(VALUE(MEDIÇÃO_GLOBAL!N28),0)=0,0,MEDIÇÃO_GLOBAL!N28) -> 1328.98 | O28: =IF(K28>100%,P28,IF(ISBLANK(J28),0,IF((V28)="c",ROUNDUP(K28*P28,2),IF((V28)="b",ROUNDDOWN(K28*P28,2),ROUND(K28*P28,2))))) -> 0 | P28: =IF(Dados_Obra!$H$37=1,Dados_GLOBAL_Inicial!M28,IF((W28)="c",ROUNDUP(J28*N28,2),IF((W28)="b",ROUNDDOWN(J28*N28,2),ROUND(J28*N28,2)))) -> 5315.92 | Q28: =P28-O28 -> 5315.92 | S28: =IF(I28>0,ROUND(I28*N28,2),0) -> 0 | T28: =IF(I28<0,ROUND(I28*N28,2),0) -> 0 | V28: 0 | X28: =IF(C28<>0,0,X29+O28) -> 0 | Y28: =IF(C28<>0,X29,0) -> 0 | Z28: =IF(C28<>0,0,Z29+P28) -> 5315.92 | AA28: =IF(C28<>0,Z29,0) -> 0 | AB28: =AB27+1 -> 27 | AC28: =IF(SUM(AG28:AX28)>J28,J28,SUM(AG28:AX28)) -> 0 | AD28: =IF(J28=0,0,IF(AC28>J28,1,AC28/J28)) -> 0 | AF28: =IFERROR(IF(C28=0,0,C28),0) -> 0 | AG28: 0 | AH28: 0
A29: =IF(LEN(F29)>3,"x",IF(N29<0,"x","")) -> x | C29: =MEDIÇÃO_GLOBAL!C29 -> 4 | D29: =MEDIÇÃO_GLOBAL!D29 | E29: =MEDIÇÃO_GLOBAL!E29 -> 556 | F29: =MEDIÇÃO_GLOBAL!F29 -> BASE / SUB-BASE | G29: =MEDIÇÃO_GLOBAL!G29 | H29: =Dados_GLOBAL_Inicial!S29 | J29: =SUM(H29:I29) -> 0 | K29: =AD29 -> 0 | L29: =IF(total=0,0,ROUND(P29/total,4)) -> 0 | M29: =IF(J29=0,0,IF(K29>100%,"excesso",IF(ISNUMBER(K29),ROUND(K29*L29,4),IF(K29="<excesso",ROUND(100%*L29,4),0)))) -> 0 | N29: =IF(IFERROR(VALUE(MEDIÇÃO_GLOBAL!N29),0)=0,0,MEDIÇÃO_GLOBAL!N29) -> 0 | O29: =IF(K29>100%,P29,IF(ISBLANK(J29),0,IF((V29)="c",ROUNDUP(K29*P29,2),IF((V29)="b",ROUNDDOWN(K29*P29,2),ROUND(K29*P29,2))))) -> 0 | P29: =IF(Dados_Obra!$H$37=1,Dados_GLOBAL_Inicial!M29,IF((W29)="c",ROUNDUP(J29*N29,2),IF((W29)="b",ROUNDDOWN(J29*N29,2),ROUND(J29*N29,2)))) -> 0 | Q29: =P29-O29 -> 0 | S29: =IF(I29>0,ROUND(I29*N29,2),0) -> 0 | T29: =IF(I29<0,ROUND(I29*N29,2),0) -> 0 | V29: 0 | X29: =IF(C29<>0,0,X30+O29) -> 0 | Y29: =IF(C29<>0,X30,0) -> 273881.83 | Z29: =IF(C29<>0,0,Z30+P29) -> 0 | AA29: =IF(C29<>0,Z30,0) -> 1043340.9 | AB29: =AB28+1 -> 28 | AC29: =IF(SUM(AG29:AX29)>J29,J29,SUM(AG29:AX29)) -> 0 | AD29: =IF(J29=0,0,IF(AC29>J29,1,AC29/J29)) -> 0 | AF29: =IFERROR(IF(C29=0,0,C29),0) -> 4 | AG29: 0
A30: =IF(LEN(F30)>3,"x",IF(N30<0,"x","")) -> x | C30: =MEDIÇÃO_GLOBAL!C30 -> 0 | D30: =MEDIÇÃO_GLOBAL!D30 -> 511100A | E30: =MEDIÇÃO_GLOBAL!E30 -> DER/PRC | F30: =MEDIÇÃO_GLOBAL!F30 -> Regularização compac.subleito 100% PN | G30: =MEDIÇÃO_GLOBAL!G30 -> m2 | H30: =Dados_GLOBAL_Inicial!S30 -> 25069.86 | J30: =SUM(H30:I30) -> 25069.86 | K30: =AD30 -> 0.24982748 | L30: =IF(total=0,0,ROUND(P30/total,4)) -> 0.0232 | M30: =IF(J30=0,0,IF(K30>100%,"excesso",IF(ISNUMBER(K30),ROUND(K30*L30,4),IF(K30="<excesso",ROUND(100%*L30,4),0)))) -> 0.0058 | N30: =IF(IFERROR(VALUE(MEDIÇÃO_GLOBAL!N30),0)=0,0,MEDIÇÃO_GLOBAL!N30) -> 3.93 | O30: =IF(K30>100%,P30,IF(ISBLANK(J30),0,IF((V30)="c",ROUNDUP(K30*P30,2),IF((V30)="b",ROUNDDOWN(K30*P30,2),ROUND(K30*P30,2))))) -> 24614.14 | P30: =IF(Dados_Obra!$H$37=1,Dados_GLOBAL_Inicial!M30,IF((W30)="c",ROUNDUP(J30*N30,2),IF((W30)="b",ROUNDDOWN(J30*N30,2),ROUND(J30*N30,2)))) -> 98524.55 | Q30: =P30-O30 -> 73910.41 | S30: =IF(I30>0,ROUND(I30*N30,2),0) -> 0 | T30: =IF(I30<0,ROUND(I30*N30,2),0) -> 0 | V30: 4122.25 | X30: =IF(C30<>0,0,X31+O30) -> 273881.83 | Y30: =IF(C30<>0,X31,0) -> 0 | Z30: =IF(C30<>0,0,Z31+P30) -> 1043340.9 | AA30: =IF(C30<>0,Z31,0) -> 0 | AB30: =AB29+1 -> 29 | AC30: =IF(SUM(AG30:AX30)>J30,J30,SUM(AG30:AX30)) -> 6263.14 | AD30: =IF(J30=0,0,IF(AC30>J30,1,AC30/J30)) -> 0.24982748 | AF30: =IFERROR(IF(C30=0,0,C30),0) -> 0 | AG30: 4122.25 | AH30: 2140.89
A31: =IF(LEN(F31)>3,"x",IF(N31<0,"x","")) -> x | C31: =MEDIÇÃO_GLOBAL!C31 -> 0 | D31: =MEDIÇÃO_GLOBAL!D31 -> 531000 | E31: =MEDIÇÃO_GLOBAL!E31 -> DER | F31: =MEDIÇÃO_GLOBAL!F31 -> Brita Graduada | G31: =MEDIÇÃO_GLOBAL!G31 -> m3 | H31: =Dados_GLOBAL_Inicial!S31 -> 3860.49 | J31: =SUM(H31:I31) -> 3860.49 | K31: =AD31 -> 0.26382661 | L31: =IF(total=0,0,ROUND(P31/total,4)) -> 0.2223 | M31: =IF(J31=0,0,IF(K31>100%,"excesso",IF(ISNUMBER(K31),ROUND(K31*L31,4),IF(K31="<excesso",ROUND(100%*L31,4),0)))) -> 0.0586 | N31: =IF(IFERROR(VALUE(MEDIÇÃO_GLOBAL!N31),0)=0,0,MEDIÇÃO_GLOBAL!N31) -> 244.74 | O31: =IF(K31>100%,P31,IF(ISBLANK(J31),0,IF((V31)="c",ROUNDUP(K31*P31,2),IF((V31)="b",ROUNDDOWN(K31*P31,2),ROUND(K31*P31,2))))) -> 249267.69 | P31: =IF(Dados_Obra!$H$37=1,Dados_GLOBAL_Inicial!M31,IF((W31)="c",ROUNDUP(J31*N31,2),IF((W31)="b",ROUNDDOWN(J31*N31,2),ROUND(J31*N31,2)))) -> 944816.33 | Q31: =P31-O31 -> 695548.64 | S31: =IF(I31>0,ROUND(I31*N31,2),0) -> 0 | T31: =IF(I31<0,ROUND(I31*N31,2),0) -> 0 | V31: 624 | X31: =IF(C31<>0,0,X32+O31) -> 249267.69 | Y31: =IF(C31<>0,X32,0) -> 0 | Z31: =IF(C31<>0,0,Z32+P31) -> 944816.33 | AA31: =IF(C31<>0,Z32,0) -> 0 | AB31: =AB30+1 -> 30 | AC31: =IF(SUM(AG31:AX31)>J31,J31,SUM(AG31:AX31)) -> 1018.5 | AD31: =IF(J31=0,0,IF(AC31>J31,1,AC31/J31)) -> 0.26382661 | AF31: =IFERROR(IF(C31=0,0,C31),0) -> 0 | AG31: 624 | AH31: 394.5
A32: =IF(LEN(F32)>3,"x",IF(N32<0,"x","")) -> x | C32: =MEDIÇÃO_GLOBAL!C32 -> 5 | D32: =MEDIÇÃO_GLOBAL!D32 | E32: =MEDIÇÃO_GLOBAL!E32 -> 551 | F32: =MEDIÇÃO_GLOBAL!F32 -> REVESTIMENTO | G32: =MEDIÇÃO_GLOBAL!G32 | H32: =Dados_GLOBAL_Inicial!S32 | J32: =SUM(H32:I32) -> 0 | K32: =AD32 -> 0 | L32: =IF(total=0,0,ROUND(P32/total,4)) -> 0 | M32: =IF(J32=0,0,IF(K32>100%,"excesso",IF(ISNUMBER(K32),ROUND(K32*L32,4),IF(K32="<excesso",ROUND(100%*L32,4),0)))) -> 0 | N32: =IF(IFERROR(VALUE(MEDIÇÃO_GLOBAL!N32),0)=0,0,MEDIÇÃO_GLOBAL!N32) -> 0 | O32: =IF(K32>100%,P32,IF(ISBLANK(J32),0,IF((V32)="c",ROUNDUP(K32*P32,2),IF((V32)="b",ROUNDDOWN(K32*P32,2),ROUND(K32*P32,2))))) -> 0 | P32: =IF(Dados_Obra!$H$37=1,Dados_GLOBAL_Inicial!M32,IF((W32)="c",ROUNDUP(J32*N32,2),IF((W32)="b",ROUNDDOWN(J32*N32,2),ROUND(J32*N32,2)))) -> 0 | Q32: =P32-O32 -> 0 | S32: =IF(I32>0,ROUND(I32*N32,2),0) -> 0 | T32: =IF(I32<0,ROUND(I32*N32,2),0) -> 0 | V32: 0 | X32: =IF(C32<>0,0,X33+O32) -> 0 | Y32: =IF(C32<>0,X33,0) -> 341270.65 | Z32: =IF(C32<>0,0,Z33+P32) -> 0 | AA32: =IF(C32<>0,Z33,0) -> 1450053.7 | AB32: =AB31+1 -> 31 | AC32: =IF(SUM(AG32:AX32)>J32,J32,SUM(AG32:AX32)) -> 0 | AD32: =IF(J32=0,0,IF(AC32>J32,1,AC32/J32)) -> 0 | AF32: =IFERROR(IF(C32=0,0,C32),0) -> 5 | AG32: 0
A33: =IF(LEN(F33)>3,"x",IF(N33<0,"x","")) -> x | C33: =MEDIÇÃO_GLOBAL!C33 -> 0 | D33: =MEDIÇÃO_GLOBAL!D33 -> 560400A | E33: =MEDIÇÃO_GLOBAL!E33 -> DER/PRC | F33: =MEDIÇÃO_GLOBAL!F33 -> Imprimação com CM-30 - exclusive CM-30 | G33: =MEDIÇÃO_GLOBAL!G33 -> m2 | H33: =Dados_GLOBAL_Inicial!S33 -> 25069.86 | J33: =SUM(H33:I33) -> 25069.86 | K33: =AD33 -> 0.24319561 | L33: =IF(total=0,0,ROUND(P33/total,4)) -> 0.0029 | M33: =IF(J33=0,0,IF(K33>100%,"excesso",IF(ISNUMBER(K33),ROUND(K33*L33,4),IF(K33="<excesso",ROUND(100%*L33,4),0)))) -> 0.0007 | N33: =IF(IFERROR(VALUE(MEDIÇÃO_GLOBAL!N33),0)=0,0,MEDIÇÃO_GLOBAL!N33) -> 0.49 | O33: =IF(K33>100%,P33,IF(ISBLANK(J33),0,IF((V33)="c",ROUNDUP(K33*P33,2),IF((V33)="b",ROUNDDOWN(K33*P33,2),ROUND(K33*P33,2))))) -> 2987.47 | P33: =IF(Dados_Obra!$H$37=1,Dados_GLOBAL_Inicial!M33,IF((W33)="c",ROUNDUP(J33*N33,2),IF((W33)="b",ROUNDDOWN(J33*N33,2),ROUND(J33*N33,2)))) -> 12284.23 | Q33: =P33-O33 -> 9296.76 | S33: =IF(I33>0,ROUND(I33*N33,2),0) -> 0 | T33: =IF(I33<0,ROUND(I33*N33,2),0) -> 0 | V33: 2895.04 | X33: =IF(C33<>0,0,X34+O33) -> 341270.65 | Y33: =IF(C33<>0,X34,0) -> 0 | Z33: =IF(C33<>0,0,Z34+P33) -> 1450053.7 | AA33: =IF(C33<>0,Z34,0) -> 0 | AB33: =AB32+1 -> 32 | AC33: =IF(SUM(AG33:AX33)>J33,J33,SUM(AG33:AX33)) -> 6096.88 | AD33: =IF(J33=0,0,IF(AC33>J33,1,AC33/J33)) -> 0.24319561 | AF33: =IFERROR(IF(C33=0,0,C33),0) -> 0 | AG33: 2895.04 | AH33: 3201.84
A34: =IF(LEN(F34)>3,"x",IF(N34<0,"x","")) -> x | C34: =MEDIÇÃO_GLOBAL!C34 -> 0 | D34: =MEDIÇÃO_GLOBAL!D34 -> 589100A | E34: =MEDIÇÃO_GLOBAL!E34 -> DER/PRC | F34: =MEDIÇÃO_GLOBAL!F34 -> Fornecimento de CM-30 - imprimação | G34: =MEDIÇÃO_GLOBAL!G34 -> ton | H34: =Dados_GLOBAL_Inicial!S34 -> 30.07 | J34: =SUM(H34:I34) -> 30.07 | K34: =AD34 -> 0.24343199 | L34: =IF(total=0,0,ROUND(P34/total,4)) -> 0.043 | M34: =IF(J34=0,0,IF(K34>100%,"excesso",IF(ISNUMBER(K34),ROUND(K34*L34,4),IF(K34="<excesso",ROUND(100%*L34,4),0)))) -> 0.0105 | N34: =IF(IFERROR(VALUE(MEDIÇÃO_GLOBAL!N34),0)=0,0,MEDIÇÃO_GLOBAL!N34) -> 6072.88 | O34: =IF(K34>100%,P34,IF(ISBLANK(J34),0,IF((V34)="c",ROUNDUP(K34*P34,2),IF((V34)="b",ROUNDDOWN(K34*P34,2),ROUND(K34*P34,2))))) -> 44453.48 | P34: =IF(Dados_Obra!$H$37=1,Dados_GLOBAL_Inicial!M34,IF((W34)="c",ROUNDUP(J34*N34,2),IF((W34)="b",ROUNDDOWN(J34*N34,2),ROUND(J34*N34,2)))) -> 182611.5 | Q34: =P34-O34 -> 138158.02 | S34: =IF(I34>0,ROUND(I34*N34,2),0) -> 0 | T34: =IF(I34<0,ROUND(I34*N34,2),0) -> 0 | V34: 3.48 | X34: =IF(C34<>0,0,X35+O34) -> 338283.18 | Y34: =IF(C34<>0,X35,0) -> 0 | Z34: =IF(C34<>0,0,Z35+P34) -> 1437769.4 | AA34: =IF(C34<>0,Z35,0) -> 0 | AB34: =AB33+1 -> 33 | AC34: =IF(SUM(AG34:AX34)>J34,J34,SUM(AG34:AX34)) -> 7.32 | AD34: =IF(J34=0,0,IF(AC34>J34,1,AC34/J34)) -> 0.24343199 | AF34: =IFERROR(IF(C34=0,0,C34),0) -> 0 | AG34: 3.48 | AH34: 3.84
A35: =IF(LEN(F35)>3,"x",IF(N35<0,"x","")) -> x | C35: =MEDIÇÃO_GLOBAL!C35 -> 0 | D35: =MEDIÇÃO_GLOBAL!D35 -> 561100A | E35: =MEDIÇÃO_GLOBAL!E35 -> DER/PRC | F35: =MEDIÇÃO_GLOBAL!F35 -> Pintura de ligação com RR-1C - exclusive emulsão | G35: =MEDIÇÃO_GLOBAL!G35 -> m2 | H35: =Dados_GLOBAL_Inicial!S35 -> 25069.86 | J35: =SUM(H35:I35) -> 25069.86 | K35: =AD35 -> 0.24319561 | L35: =IF(total=0,0,ROUND(P35/total,4)) -> 0.002 | M35: =IF(J35=0,0,IF(K35>100%,"excesso",IF(ISNUMBER(K35),ROUND(K35*L35,4),IF(K35="<excesso",ROUND(100%*L35,4),0)))) -> 0.0005 | N35: =IF(IFERROR(VALUE(MEDIÇÃO_GLOBAL!N35),0)=0,0,MEDIÇÃO_GLOBAL!N35) -> 0.34 | O35: =IF(K35>100%,P35,IF(ISBLANK(J35),0,IF((V35)="c",ROUNDUP(K35*P35,2),IF((V35)="b",ROUNDDOWN(K35*P35,2),ROUND(K35*P35,2))))) -> 2072.94 | P35: =IF(Dados_Obra!$H$37=1,Dados_GLOBAL_Inicial!M35,IF((W35)="c",ROUNDUP(J35*N35,2),IF((W35)="b",ROUNDDOWN(J35*N35,2),ROUND(J35*N35,2)))) -> 8523.75 | Q35: =P35-O35 -> 6450.81 | S35: =IF(I35>0,ROUND(I35*N35,2),0) -> 0 | T35: =IF(I35<0,ROUND(I35*N35,2),0) -> 0 | V35: 2895.04 | X35: =IF(C35<>0,0,X36+O35) -> 293829.7 | Y35: =IF(C35<>0,X36,0) -> 0 | Z35: =IF(C35<>0,0,Z36+P35) -> 1255157.9 | AA35: =IF(C35<>0,Z36,0) -> 0 | AB35: =AB34+1 -> 34 | AC35: =IF(SUM(AG35:AX35)>J35,J35,SUM(AG35:AX35)) -> 6096.88 | AD35: =IF(J35=0,0,IF(AC35>J35,1,AC35/J35)) -> 0.24319561 | AF35: =IFERROR(IF(C35=0,0,C35),0) -> 0 | AG35: 2895.04 | AH35: 3201.84
A36: =IF(LEN(F36)>3,"x",IF(N36<0,"x","")) -> x | C36: =MEDIÇÃO_GLOBAL!C36 -> 0 | D36: =MEDIÇÃO_GLOBAL!D36 -> 589420B | E36: =MEDIÇÃO_GLOBAL!E36 -> DER/PRC | F36: =MEDIÇÃO_GLOBAL!F36 -> Fornecimento de emulsão RR-1C - pintura de ligação | G36: =MEDIÇÃO_GLOBAL!G36 -> ton | H36: =Dados_GLOBAL_Inicial!S36 -> 12.54 | J36: =SUM(H36:I36) -> 12.54 | K36: =AD36 -> 0.24162679 | L36: =IF(total=0,0,ROUND(P36/total,4)) -> 0.0106 | M36: =IF(J36=0,0,IF(K36>100%,"excesso",IF(ISNUMBER(K36),ROUND(K36*L36,4),IF(K36="<excesso",ROUND(100%*L36,4),0)))) -> 0.0026 | N36: =IF(IFERROR(VALUE(MEDIÇÃO_GLOBAL!N36),0)=0,0,MEDIÇÃO_GLOBAL!N36) -> 3607.33 | O36: =IF(K36>100%,P36,IF(ISBLANK(J36),0,IF((V36)="c",ROUNDUP(K36*P36,2),IF((V36)="b",ROUNDDOWN(K36*P36,2),ROUND(K36*P36,2))))) -> 10930.21 | P36: =IF(Dados_Obra!$H$37=1,Dados_GLOBAL_Inicial!M36,IF((W36)="c",ROUNDUP(J36*N36,2),IF((W36)="b",ROUNDDOWN(J36*N36,2),ROUND(J36*N36,2)))) -> 45235.91 | Q36: =P36-O36 -> 34305.7 | S36: =IF(I36>0,ROUND(I36*N36,2),0) -> 0 | T36: =IF(I36<0,ROUND(I36*N36,2),0) -> 0 | V36: 1.44 | X36: =IF(C36<>0,0,X37+O36) -> 291756.76 | Y36: =IF(C36<>0,X37,0) -> 0 | Z36: =IF(C36<>0,0,Z37+P36) -> 1246634.2 | AA36: =IF(C36<>0,Z37,0) -> 0 | AB36: =AB35+1 -> 35 | AC36: =IF(SUM(AG36:AX36)>J36,J36,SUM(AG36:AX36)) -> 3.03 | AD36: =IF(J36=0,0,IF(AC36>J36,1,AC36/J36)) -> 0.24162679 | AF36: =IFERROR(IF(C36=0,0,C36),0) -> 0 | AG36: 1.44 | AH36: 1.59
A37: =IF(LEN(F37)>3,"x",IF(N37<0,"x","")) -> x | C37: =MEDIÇÃO_GLOBAL!C37 -> 0 | D37: =MEDIÇÃO_GLOBAL!D37 -> 570000C | E37: =MEDIÇÃO_GLOBAL!E37 -> DER/PRC | F37: =MEDIÇÃO_GLOBAL!F37 -> CBUQ - TRAÇO 1 - CAPA - Faixa "C" (Quantidade menor que 10.000 ton) | G37: =MEDIÇÃO_GLOBAL!G37 -> ton | H37: =Dados_GLOBAL_Inicial!S37 -> 2507 | J37: =SUM(H37:I37) -> 2507 | K37: =AD37 -> 0.24319505 | L37: =IF(total=0,0,ROUND(P37/total,4)) -> 0.1329 | M37: =IF(J37=0,0,IF(K37>100%,"excesso",IF(ISNUMBER(K37),ROUND(K37*L37,4),IF(K37="<excesso",ROUND(100%*L37,4),0)))) -> 0.0323 | N37: =IF(IFERROR(VALUE(MEDIÇÃO_GLOBAL!N37),0)=0,0,MEDIÇÃO_GLOBAL!N37) -> 225.3 | O37: =IF(K37>100%,P37,IF(ISBLANK(J37),0,IF((V37)="c",ROUNDUP(K37*P37,2),IF((V37)="b",ROUNDDOWN(K37*P37,2),ROUND(K37*P37,2))))) -> 137363.16 | P37: =IF(Dados_Obra!$H$37=1,Dados_GLOBAL_Inicial!M37,IF((W37)="c",ROUNDUP(J37*N37,2),IF((W37)="b",ROUNDDOWN(J37*N37,2),ROUND(J37*N37,2)))) -> 564827.1 | Q37: =P37-O37 -> 427463.94 | S37: =IF(I37>0,ROUND(I37*N37,2),0) -> 0 | T37: =IF(I37<0,ROUND(I37*N37,2),0) -> 0 | V37: 289.51 | X37: =IF(C37<>0,0,X38+O37) -> 280826.55 | Y37: =IF(C37<>0,X38,0) -> 0 | Z37: =IF(C37<>0,0,Z38+P37) -> 1201398.3 | AA37: =IF(C37<>0,Z38,0) -> 0 | AB37: =AB36+1 -> 36 | AC37: =IF(SUM(AG37:AX37)>J37,J37,SUM(AG37:AX37)) -> 609.69 | AD37: =IF(J37=0,0,IF(AC37>J37,1,AC37/J37)) -> 0.24319505 | AF37: =IFERROR(IF(C37=0,0,C37),0) -> 0 | AG37: 289.51 | AH37: 320.18
A38: =IF(LEN(F38)>3,"x",IF(N38<0,"x","")) -> x | C38: =MEDIÇÃO_GLOBAL!C38 -> 0 | D38: =MEDIÇÃO_GLOBAL!D38 -> 589000M | E38: =MEDIÇÃO_GLOBAL!E38 -> DER/PRC | F38: =MEDIÇÃO_GLOBAL!F38 -> Fornecimento de CAP - CBUQ (Quantidade menor que 10.000 ton) | G38: =MEDIÇÃO_GLOBAL!G38 -> ton | H38: =Dados_GLOBAL_Inicial!S38 -> 125.35 | J38: =SUM(H38:I38) -> 125.35 | K38: =AD38 -> 0.22536897 | L38: =IF(total=0,0,ROUND(P38/total,4)) -> 0.1498 | M38: =IF(J38=0,0,IF(K38>100%,"excesso",IF(ISNUMBER(K38),ROUND(K38*L38,4),IF(K38="<excesso",ROUND(100%*L38,4),0)))) -> 0.0338 | N38: =IF(IFERROR(VALUE(MEDIÇÃO_GLOBAL!N38),0)=0,0,MEDIÇÃO_GLOBAL!N38) -> 5078.35 | O38: =IF(K38>100%,P38,IF(ISBLANK(J38),0,IF((V38)="c",ROUNDUP(K38*P38,2),IF((V38)="b",ROUNDDOWN(K38*P38,2),ROUND(K38*P38,2))))) -> 143463.39 | P38: =IF(Dados_Obra!$H$37=1,Dados_GLOBAL_Inicial!M38,IF((W38)="c",ROUNDUP(J38*N38,2),IF((W38)="b",ROUNDDOWN(J38*N38,2),ROUND(J38*N38,2)))) -> 636571.17 | Q38: =P38-O38 -> 493107.78 | S38: =IF(I38>0,ROUND(I38*N38,2),0) -> 0 | T38: =IF(I38<0,ROUND(I38*N38,2),0) -> 0 | V38: 14.48 | X38: =IF(C38<>0,0,X39+O38) -> 143463.39 | Y38: =IF(C38<>0,X39,0) -> 0 | Z38: =IF(C38<>0,0,Z39+P38) -> 636571.17 | AA38: =IF(C38<>0,Z39,0) -> 0 | AB38: =AB37+1 -> 37 | AC38: =IF(SUM(AG38:AX38)>J38,J38,SUM(AG38:AX38)) -> 28.25 | AD38: =IF(J38=0,0,IF(AC38>J38,1,AC38/J38)) -> 0.22536897 | AF38: =IFERROR(IF(C38=0,0,C38),0) -> 0 | AG38: 13.23 | AH38: 15.02
A39: =IF(LEN(F39)>3,"x",IF(N39<0,"x","")) -> x | C39: =MEDIÇÃO_GLOBAL!C39 -> 6 | D39: =MEDIÇÃO_GLOBAL!D39 | E39: =MEDIÇÃO_GLOBAL!E39 -> 557 | F39: =MEDIÇÃO_GLOBAL!F39 -> MEIO-FIO E SARJETA | G39: =MEDIÇÃO_GLOBAL!G39 | H39: =Dados_GLOBAL_Inicial!S39 | J39: =SUM(H39:I39) -> 0 | K39: =AD39 -> 0 | L39: =IF(total=0,0,ROUND(P39/total,4)) -> 0 | M39: =IF(J39=0,0,IF(K39>100%,"excesso",IF(ISNUMBER(K39),ROUND(K39*L39,4),IF(K39="<excesso",ROUND(100%*L39,4),0)))) -> 0 | N39: =IF(IFERROR(VALUE(MEDIÇÃO_GLOBAL!N39),0)=0,0,MEDIÇÃO_GLOBAL!N39) -> 0 | O39: =IF(K39>100%,P39,IF(ISBLANK(J39),0,IF((V39)="c",ROUNDUP(K39*P39,2),IF((V39)="b",ROUNDDOWN(K39*P39,2),ROUND(K39*P39,2))))) -> 0 | P39: =IF(Dados_Obra!$H$37=1,Dados_GLOBAL_Inicial!M39,IF((W39)="c",ROUNDUP(J39*N39,2),IF((W39)="b",ROUNDDOWN(J39*N39,2),ROUND(J39*N39,2)))) -> 0 | Q39: =P39-O39 -> 0 | S39: =IF(I39>0,ROUND(I39*N39,2),0) -> 0 | T39: =IF(I39<0,ROUND(I39*N39,2),0) -> 0 | V39: 0 | X39: =IF(C39<>0,0,X40+O39) -> 0 | Y39: =IF(C39<>0,X40,0) -> 69483.04 | Z39: =IF(C39<>0,0,Z40+P39) -> 0 | AA39: =IF(C39<>0,Z40,0) -> 266996.42 | AB39: =AB38+1 -> 38 | AC39: =IF(SUM(AG39:AX39)>J39,J39,SUM(AG39:AX39)) -> 0 | AD39: =IF(J39=0,0,IF(AC39>J39,1,AC39/J39)) -> 0 | AF39: =IFERROR(IF(C39=0,0,C39),0) -> 6 | AG39: 0
A40: =IF(LEN(F40)>3,"x",IF(N40<0,"x","")) -> x | C40: =MEDIÇÃO_GLOBAL!C40 -> 0 | D40: =MEDIÇÃO_GLOBAL!D40 -> PAV-071 | E40: =MEDIÇÃO_GLOBAL!E40 -> PMC | F40: =MEDIÇÃO_GLOBAL!F40 -> Arrancamento de Meio-Fio | G40: =MEDIÇÃO_GLOBAL!G40 -> m | H40: =Dados_GLOBAL_Inicial!S40 -> 2912.26 | J40: =SUM(H40:I40) -> 2912.26 | K40: =AD40 -> 0.41540934 | L40: =IF(total=0,0,ROUND(P40/total,4)) -> 0.0156 | M40: =IF(J40=0,0,IF(K40>100%,"excesso",IF(ISNUMBER(K40),ROUND(K40*L40,4),IF(K40="<excesso",ROUND(100%*L40,4),0)))) -> 0.0065 | N40: =IF(IFERROR(VALUE(MEDIÇÃO_GLOBAL!N40),0)=0,0,MEDIÇÃO_GLOBAL!N40) -> 22.79 | O40: =IF(K40>100%,P40,IF(ISBLANK(J40),0,IF((V40)="c",ROUNDUP(K40*P40,2),IF((V40)="b",ROUNDDOWN(K40*P40,2),ROUND(K40*P40,2))))) -> 27570.89 | P40: =IF(Dados_Obra!$H$37=1,Dados_GLOBAL_Inicial!M40,IF((W40)="c",ROUNDUP(J40*N40,2),IF((W40)="b",ROUNDDOWN(J40*N40,2),ROUND(J40*N40,2)))) -> 66370.41 | Q40: =P40-O40 -> 38799.52 | S40: =IF(I40>0,ROUND(I40*N40,2),0) -> 0 | T40: =IF(I40<0,ROUND(I40*N40,2),0) -> 0 | V40: 849.78 | X40: =IF(C40<>0,0,X41+O40) -> 69483.04 | Y40: =IF(C40<>0,X41,0) -> 0 | Z40: =IF(C40<>0,0,Z41+P40) -> 266996.42 | AA40: =IF(C40<>0,Z41,0) -> 0 | AB40: =AB39+1 -> 39 | AC40: =IF(SUM(AG40:AX40)>J40,J40,SUM(AG40:AX40)) -> 1209.78 | AD40: =IF(J40=0,0,IF(AC40>J40,1,AC40/J40)) -> 0.41540934 | AF40: =IFERROR(IF(C40=0,0,C40),0) -> 0 | AG40: 849.78 | AH40: 360
A41: =IF(LEN(F41)>3,"x",IF(N41<0,"x","")) -> x | C41: =MEDIÇÃO_GLOBAL!C41 -> 0 | D41: =MEDIÇÃO_GLOBAL!D41 -> 810200 | E41: =MEDIÇÃO_GLOBAL!E41 -> DER | F41: =MEDIÇÃO_GLOBAL!F41 -> Meio-Fio com Sarjeta DER - Tipo 2 - (0,042 m3) - Moldado "in loco" | G41: =MEDIÇÃO_GLOBAL!G41 -> m | H41: =Dados_GLOBAL_Inicial!S41 -> 5738.73 | J41: =SUM(H41:I41) -> 5738.73 | K41: =AD41 -> 0.20890685 | L41: =IF(total=0,0,ROUND(P41/total,4)) -> 0.0472 | M41: =IF(J41=0,0,IF(K41>100%,"excesso",IF(ISNUMBER(K41),ROUND(K41*L41,4),IF(K41="<excesso",ROUND(100%*L41,4),0)))) -> 0.0099 | N41: =IF(IFERROR(VALUE(MEDIÇÃO_GLOBAL!N41),0)=0,0,MEDIÇÃO_GLOBAL!N41) -> 34.96 | O41: =IF(K41>100%,P41,IF(ISBLANK(J41),0,IF((V41)="c",ROUNDUP(K41*P41,2),IF((V41)="b",ROUNDDOWN(K41*P41,2),ROUND(K41*P41,2))))) -> 41912.15 | P41: =IF(Dados_Obra!$H$37=1,Dados_GLOBAL_Inicial!M41,IF((W41)="c",ROUNDUP(J41*N41,2),IF((W41)="b",ROUNDDOWN(J41*N41,2),ROUND(J41*N41,2)))) -> 200626.01 | Q41: =P41-O41 -> 158713.86 | S41: =IF(I41>0,ROUND(I41*N41,2),0) -> 0 | T41: =IF(I41<0,ROUND(I41*N41,2),0) -> 0 | V41: 730 | X41: =IF(C41<>0,0,X42+O41) -> 41912.15 | Y41: =IF(C41<>0,X42,0) -> 0 | Z41: =IF(C41<>0,0,Z42+P41) -> 200626.01 | AA41: =IF(C41<>0,Z42,0) -> 0 | AB41: =AB40+1 -> 40 | AC41: =IF(SUM(AG41:AX41)>J41,J41,SUM(AG41:AX41)) -> 1198.86 | AD41: =IF(J41=0,0,IF(AC41>J41,1,AC41/J41)) -> 0.20890685 | AF41: =IFERROR(IF(C41=0,0,C41),0) -> 0 | AG41: 730 | AH41: 468.86
A42: =IF(LEN(F42)>3,"x",IF(N42<0,"x","")) -> x | C42: =MEDIÇÃO_GLOBAL!C42 -> 7 | D42: =MEDIÇÃO_GLOBAL!D42 | E42: =MEDIÇÃO_GLOBAL!E42 -> 558 | F42: =MEDIÇÃO_GLOBAL!F42 -> SERVIÇOS DE URBANIZAÇÃO | G42: =MEDIÇÃO_GLOBAL!G42 | H42: =Dados_GLOBAL_Inicial!S42 | J42: =SUM(H42:I42) -> 0 | K42: =AD42 -> 0 | L42: =IF(total=0,0,ROUND(P42/total,4)) -> 0 | M42: =IF(J42=0,0,IF(K42>100%,"excesso",IF(ISNUMBER(K42),ROUND(K42*L42,4),IF(K42="<excesso",ROUND(100%*L42,4),0)))) -> 0 | N42: =IF(IFERROR(VALUE(MEDIÇÃO_GLOBAL!N42),0)=0,0,MEDIÇÃO_GLOBAL!N42) -> 0 | O42: =IF(K42>100%,P42,IF(ISBLANK(J42),0,IF((V42)="c",ROUNDUP(K42*P42,2),IF((V42)="b",ROUNDDOWN(K42*P42,2),ROUND(K42*P42,2))))) -> 0 | P42: =IF(Dados_Obra!$H$37=1,Dados_GLOBAL_Inicial!M42,IF((W42)="c",ROUNDUP(J42*N42,2),IF((W42)="b",ROUNDDOWN(J42*N42,2),ROUND(J42*N42,2)))) -> 0 | Q42: =P42-O42 -> 0 | S42: =IF(I42>0,ROUND(I42*N42,2),0) -> 0 | T42: =IF(I42<0,ROUND(I42*N42,2),0) -> 0 | V42: 0 | X42: =IF(C42<>0,0,X43+O42) -> 0 | Y42: =IF(C42<>0,X43,0) -> 9644.16 | Z42: =IF(C42<>0,0,Z43+P42) -> 0 | AA42: =IF(C42<>0,Z43,0) -> 697054.92 | AB42: =AB41+1 -> 41 | AC42: =IF(SUM(AG42:AX42)>J42,J42,SUM(AG42:AX42)) -> 0 | AD42: =IF(J42=0,0,IF(AC42>J42,1,AC42/J42)) -> 0 | AF42: =IFERROR(IF(C42=0,0,C42),0) -> 7 | AG42: 0
A43: =IF(LEN(F43)>3,"x",IF(N43<0,"x","")) -> x | C43: =MEDIÇÃO_GLOBAL!C43 -> 0 | D43: =MEDIÇÃO_GLOBAL!D43 -> 605000D | E43: =MEDIÇÃO_GLOBAL!E43 -> DER/PRC | F43: =MEDIÇÃO_GLOBAL!F43 -> Calçada Concreto ( e = 6,00 cm ) | G43: =MEDIÇÃO_GLOBAL!G43 -> m2 | H43: =Dados_GLOBAL_Inicial!S43 -> 7270.68 | J43: =SUM(H43:I43) -> 7270.68 | K43: =AD43 -> 0.038715773 | L43: =IF(total=0,0,ROUND(P43/total,4)) -> 0.0562 | M43: =IF(J43=0,0,IF(K43>100%,"excesso",IF(ISNUMBER(K43),ROUND(K43*L43,4),IF(K43="<excesso",ROUND(100%*L43,4),0)))) -> 0.0022 | N43: =IF(IFERROR(VALUE(MEDIÇÃO_GLOBAL!N43),0)=0,0,MEDIÇÃO_GLOBAL!N43) -> 32.84 | O43: =IF(K43>100%,P43,IF(ISBLANK(J43),0,IF((V43)="c",ROUNDUP(K43*P43,2),IF((V43)="b",ROUNDDOWN(K43*P43,2),ROUND(K43*P43,2))))) -> 9244.13 | P43: =IF(Dados_Obra!$H$37=1,Dados_GLOBAL_Inicial!M43,IF((W43)="c",ROUNDUP(J43*N43,2),IF((W43)="b",ROUNDDOWN(J43*N43,2),ROUND(J43*N43,2)))) -> 238769.13 | Q43: =P43-O43 -> 229525 | S43: =IF(I43>0,ROUND(I43*N43,2),0) -> 0 | T43: =IF(I43<0,ROUND(I43*N43,2),0) -> 0 | V43: 0 | X43: =IF(C43<>0,0,X44+O43) -> 9644.16 | Y43: =IF(C43<>0,X44,0) -> 0 | Z43: =IF(C43<>0,0,Z44+P43) -> 697054.92 | AA43: =IF(C43<>0,Z44,0) -> 0 | AB43: =AB42+1 -> 42 | AC43: =IF(SUM(AG43:AX43)>J43,J43,SUM(AG43:AX43)) -> 281.49 | AD43: =IF(J43=0,0,IF(AC43>J43,1,AC43/J43)) -> 0.038715773 | AF43: =IFERROR(IF(C43=0,0,C43),0) -> 0 | AG43: 0 | AH43: 281.49
A44: =IF(LEN(F44)>3,"x",IF(N44<0,"x","")) -> x | C44: =MEDIÇÃO_GLOBAL!C44 -> 0 | D44: =MEDIÇÃO_GLOBAL!D44 -> 98510 | E44: =MEDIÇÃO_GLOBAL!E44 -> SINAPI | F44: =MEDIÇÃO_GLOBAL!F44 -> Plantio de Árvore com altura até 2m | G44: =MEDIÇÃO_GLOBAL!G44 -> un | H44: =Dados_GLOBAL_Inicial!S44 -> 420 | J44: =SUM(H44:I44) -> 420 | K44: =AD44 -> 0 | L44: =IF(total=0,0,ROUND(P44/total,4)) -> 0.0075 | M44: =IF(J44=0,0,IF(K44>100%,"excesso",IF(ISNUMBER(K44),ROUND(K44*L44,4),IF(K44="<excesso",ROUND(100%*L44,4),0)))) -> 0 | N44: =IF(IFERROR(VALUE(MEDIÇÃO_GLOBAL!N44),0)=0,0,MEDIÇÃO_GLOBAL!N44) -> 75.88 | O44: =IF(K44>100%,P44,IF(ISBLANK(J44),0,IF((V44)="c",ROUNDUP(K44*P44,2),IF((V44)="b",ROUNDDOWN(K44*P44,2),ROUND(K44*P44,2))))) -> 0 | P44: =IF(Dados_Obra!$H$37=1,Dados_GLOBAL_Inicial!M44,IF((W44)="c",ROUNDUP(J44*N44,2),IF((W44)="b",ROUNDDOWN(J44*N44,2),ROUND(J44*N44,2)))) -> 31869.6 | Q44: =P44-O44 -> 31869.6 | S44: =IF(I44>0,ROUND(I44*N44,2),0) -> 0 | T44: =IF(I44<0,ROUND(I44*N44,2),0) -> 0 | V44: 0 | X44: =IF(C44<>0,0,X45+O44) -> 400.03 | Y44: =IF(C44<>0,X45,0) -> 0 | Z44: =IF(C44<>0,0,Z45+P44) -> 458285.79 | AA44: =IF(C44<>0,Z45,0) -> 0 | AB44: =AB43+1 -> 43 | AC44: =IF(SUM(AG44:AX44)>J44,J44,SUM(AG44:AX44)) -> 0 | AD44: =IF(J44=0,0,IF(AC44>J44,1,AC44/J44)) -> 0 | AF44: =IFERROR(IF(C44=0,0,C44),0) -> 0 | AG44: 0 | AH44: 0
A45: =IF(LEN(F45)>3,"x",IF(N45<0,"x","")) -> x | C45: =MEDIÇÃO_GLOBAL!C45 -> 0 | D45: =MEDIÇÃO_GLOBAL!D45 -> 98504 | E45: =MEDIÇÃO_GLOBAL!E45 -> SINAPI | F45: =MEDIÇÃO_GLOBAL!F45 -> Plantio de Grama em placas | G45: =MEDIÇÃO_GLOBAL!G45 -> m2 | H45: =Dados_GLOBAL_Inicial!S45 -> 7593.81 | J45: =SUM(H45:I45) -> 7593.81 | K45: =AD45 -> 0 | L45: =IF(total=0,0,ROUND(P45/total,4)) -> 0.0199 | M45: =IF(J45=0,0,IF(K45>100%,"excesso",IF(ISNUMBER(K45),ROUND(K45*L45,4),IF(K45="<excesso",ROUND(100%*L45,4),0)))) -> 0 | N45: =IF(IFERROR(VALUE(MEDIÇÃO_GLOBAL!N45),0)=0,0,MEDIÇÃO_GLOBAL!N45) -> 11.11 | O45: =IF(K45>100%,P45,IF(ISBLANK(J45),0,IF((V45)="c",ROUNDUP(K45*P45,2),IF((V45)="b",ROUNDDOWN(K45*P45,2),ROUND(K45*P45,2))))) -> 0 | P45: =IF(Dados_Obra!$H$37=1,Dados_GLOBAL_Inicial!M45,IF((W45)="c",ROUNDUP(J45*N45,2),IF((W45)="b",ROUNDDOWN(J45*N45,2),ROUND(J45*N45,2)))) -> 84367.23 | Q45: =P45-O45 -> 84367.23 | S45: =IF(I45>0,ROUND(I45*N45,2),0) -> 0 | T45: =IF(I45<0,ROUND(I45*N45,2),0) -> 0 | V45: 0 | X45: =IF(C45<>0,0,X46+O45) -> 400.03 | Y45: =IF(C45<>0,X46,0) -> 0 | Z45: =IF(C45<>0,0,Z46+P45) -> 426416.19 | AA45: =IF(C45<>0,Z46,0) -> 0 | AB45: =AB44+1 -> 44 | AC45: =IF(SUM(AG45:AX45)>J45,J45,SUM(AG45:AX45)) -> 0 | AD45: =IF(J45=0,0,IF(AC45>J45,1,AC45/J45)) -> 0 | AF45: =IFERROR(IF(C45=0,0,C45),0) -> 0 | AG45: 0 | AH45: 0
A46: =IF(LEN(F46)>3,"x",IF(N46<0,"x","")) -> x | C46: =MEDIÇÃO_GLOBAL!C46 -> 0 | D46: =MEDIÇÃO_GLOBAL!D46 -> 605000G | E46: =MEDIÇÃO_GLOBAL!E46 -> DER/PRC | F46: =MEDIÇÃO_GLOBAL!F46 -> Rampa para PNE com Piso Tátil (NBR 9050) - Modelo 02 - 5,94 m2 | G46: =MEDIÇÃO_GLOBAL!G46 -> un | H46: =Dados_GLOBAL_Inicial!S46 -> 138 | J46: =SUM(H46:I46) -> 138 | K46: =AD46 -> 0.0072463768 | L46: =IF(total=0,0,ROUND(P46/total,4)) -> 0.013 | M46: =IF(J46=0,0,IF(K46>100%,"excesso",IF(ISNUMBER(K46),ROUND(K46*L46,4),IF(K46="<excesso",ROUND(100%*L46,4),0)))) -> 0.0001 | N46: =IF(IFERROR(VALUE(MEDIÇÃO_GLOBAL!N46),0)=0,0,MEDIÇÃO_GLOBAL!N46) -> 400.03 | O46: =IF(K46>100%,P46,IF(ISBLANK(J46),0,IF((V46)="c",ROUNDUP(K46*P46,2),IF((V46)="b",ROUNDDOWN(K46*P46,2),ROUND(K46*P46,2))))) -> 400.03 | P46: =IF(Dados_Obra!$H$37=1,Dados_GLOBAL_Inicial!M46,IF((W46)="c",ROUNDUP(J46*N46,2),IF((W46)="b",ROUNDDOWN(J46*N46,2),ROUND(J46*N46,2)))) -> 55204.14 | Q46: =P46-O46 -> 54804.11 | S46: =IF(I46>0,ROUND(I46*N46,2),0) -> 0 | T46: =IF(I46<0,ROUND(I46*N46,2),0) -> 0 | V46: 0 | X46: =IF(C46<>0,0,X47+O46) -> 400.03 | Y46: =IF(C46<>0,X47,0) -> 0 | Z46: =IF(C46<>0,0,Z47+P46) -> 342048.96 | AA46: =IF(C46<>0,Z47,0) -> 0 | AB46: =AB45+1 -> 45 | AC46: =IF(SUM(AG46:AX46)>J46,J46,SUM(AG46:AX46)) -> 1 | AD46: =IF(J46=0,0,IF(AC46>J46,1,AC46/J46)) -> 0.0072463768 | AF46: =IFERROR(IF(C46=0,0,C46),0) -> 0 | AG46: 0 | AH46: 1
A47: =IF(LEN(F47)>3,"x",IF(N47<0,"x","")) -> x | C47: =MEDIÇÃO_GLOBAL!C47 -> 0 | D47: =MEDIÇÃO_GLOBAL!D47 -> 834907 | E47: =MEDIÇÃO_GLOBAL!E47 -> DER | F47: =MEDIÇÃO_GLOBAL!F47 -> Fornecimento e assentamento de piso tátil de concreto alerta/direcional 40x40cm vermelho | G47: =MEDIÇÃO_GLOBAL!G47 -> m2 | H47: =Dados_GLOBAL_Inicial!S47 -> 2699.97 | J47: =SUM(H47:I47) -> 2699.97 | K47: =AD47 -> 0 | L47: =IF(total=0,0,ROUND(P47/total,4)) -> 0.0675 | M47: =IF(J47=0,0,IF(K47>100%,"excesso",IF(ISNUMBER(K47),ROUND(K47*L47,4),IF(K47="<excesso",ROUND(100%*L47,4),0)))) -> 0 | N47: =IF(IFERROR(VALUE(MEDIÇÃO_GLOBAL!N47),0)=0,0,MEDIÇÃO_GLOBAL!N47) -> 106.24 | O47: =IF(K47>100%,P47,IF(ISBLANK(J47),0,IF((V47)="c",ROUNDUP(K47*P47,2),IF((V47)="b",ROUNDDOWN(K47*P47,2),ROUND(K47*P47,2))))) -> 0 | P47: =IF(Dados_Obra!$H$37=1,Dados_GLOBAL_Inicial!M47,IF((W47)="c",ROUNDUP(J47*N47,2),IF((W47)="b",ROUNDDOWN(J47*N47,2),ROUND(J47*N47,2)))) -> 286844.82 | Q47: =P47-O47 -> 286844.82 | S47: =IF(I47>0,ROUND(I47*N47,2),0) -> 0 | T47: =IF(I47<0,ROUND(I47*N47,2),0) -> 0 | V47: 0 | X47: =IF(C47<>0,0,X48+O47) -> 0 | Y47: =IF(C47<>0,X48,0) -> 0 | Z47: =IF(C47<>0,0,Z48+P47) -> 286844.82 | AA47: =IF(C47<>0,Z48,0) -> 0 | AB47: =AB46+1 -> 46 | AC47: =IF(SUM(AG47:AX47)>J47,J47,SUM(AG47:AX47)) -> 0 | AD47: =IF(J47=0,0,IF(AC47>J47,1,AC47/J47)) -> 0 | AF47: =IFERROR(IF(C47=0,0,C47),0) -> 0 | AG47: 0 | AH47: 0
A48: =IF(LEN(F48)>3,"x",IF(N48<0,"x","")) -> x | C48: =MEDIÇÃO_GLOBAL!C48 -> 8 | D48: =MEDIÇÃO_GLOBAL!D48 | E48: =MEDIÇÃO_GLOBAL!E48 -> 552 | F48: =MEDIÇÃO_GLOBAL!F48 -> SINALIZAÇÃO DE TRÂNSITO | G48: =MEDIÇÃO_GLOBAL!G48 | H48: =Dados_GLOBAL_Inicial!S48 | J48: =SUM(H48:I48) -> 0 | K48: =AD48 -> 0 | L48: =IF(total=0,0,ROUND(P48/total,4)) -> 0 | M48: =IF(J48=0,0,IF(K48>100%,"excesso",IF(ISNUMBER(K48),ROUND(K48*L48,4),IF(K48="<excesso",ROUND(100%*L48,4),0)))) -> 0 | N48: =IF(IFERROR(VALUE(MEDIÇÃO_GLOBAL!N48),0)=0,0,MEDIÇÃO_GLOBAL!N48) -> 0 | O48: =IF(K48>100%,P48,IF(ISBLANK(J48),0,IF((V48)="c",ROUNDUP(K48*P48,2),IF((V48)="b",ROUNDDOWN(K48*P48,2),ROUND(K48*P48,2))))) -> 0 | P48: =IF(Dados_Obra!$H$37=1,Dados_GLOBAL_Inicial!M48,IF((W48)="c",ROUNDUP(J48*N48,2),IF((W48)="b",ROUNDDOWN(J48*N48,2),ROUND(J48*N48,2)))) -> 0 | Q48: =P48-O48 -> 0 | S48: =IF(I48>0,ROUND(I48*N48,2),0) -> 0 | T48: =IF(I48<0,ROUND(I48*N48,2),0) -> 0 | V48: 0 | X48: =IF(C48<>0,0,X49+O48) -> 0 | Y48: =IF(C48<>0,X49,0) -> 0 | Z48: =IF(C48<>0,0,Z49+P48) -> 0 | AA48: =IF(C48<>0,Z49,0) -> 94823.39 | AB48: =AB47+1 -> 47 | AC48: =IF(SUM(AG48:AX48)>J48,J48,SUM(AG48:AX48)) -> 0 | AD48: =IF(J48=0,0,IF(AC48>J48,1,AC48/J48)) -> 0 | AF48: =IFERROR(IF(C48=0,0,C48),0) -> 8 | AG48: 0
A49: =IF(LEN(F49)>3,"x",IF(N49<0,"x","")) -> x | C49: =MEDIÇÃO_GLOBAL!C49 -> 0 | D49: =MEDIÇÃO_GLOBAL!D49 -> 822000 | E49: =MEDIÇÃO_GLOBAL!E49 -> DER | F49: =MEDIÇÃO_GLOBAL!F49 -> Faixa de Sinalização Horizontal c/tinta resina acrílica base solvente- (0,034 m2/m2) | G49: =MEDIÇÃO_GLOBAL!G49 -> m2 | H49: =Dados_GLOBAL_Inicial!S49 -> 1244.16 | J49: =SUM(H49:I49) -> 1244.16 | K49: =AD49 -> 0 | L49: =IF(total=0,0,ROUND(P49/total,4)) -> 0.0077 | M49: =IF(J49=0,0,IF(K49>100%,"excesso",IF(ISNUMBER(K49),ROUND(K49*L49,4),IF(K49="<excesso",ROUND(100%*L49,4),0)))) -> 0 | N49: =IF(IFERROR(VALUE(MEDIÇÃO_GLOBAL!N49),0)=0,0,MEDIÇÃO_GLOBAL!N49) -> 26.19 | O49: =IF(K49>100%,P49,IF(ISBLANK(J49),0,IF((V49)="c",ROUNDUP(K49*P49,2),IF((V49)="b",ROUNDDOWN(K49*P49,2),ROUND(K49*P49,2))))) -> 0 | P49: =IF(Dados_Obra!$H$37=1,Dados_GLOBAL_Inicial!M49,IF((W49)="c",ROUNDUP(J49*N49,2),IF((W49)="b",ROUNDDOWN(J49*N49,2),ROUND(J49*N49,2)))) -> 32584.55 | Q49: =P49-O49 -> 32584.55 | S49: =IF(I49>0,ROUND(I49*N49,2),0) -> 0 | T49: =IF(I49<0,ROUND(I49*N49,2),0) -> 0 | V49: 0 | X49: =IF(C49<>0,0,X50+O49) -> 0 | Y49: =IF(C49<>0,X50,0) -> 0 | Z49: =IF(C49<>0,0,Z50+P49) -> 94823.39 | AA49: =IF(C49<>0,Z50,0) -> 0 | AB49: =AB48+1 -> 48 | AC49: =IF(SUM(AG49:AX49)>J49,J49,SUM(AG49:AX49)) -> 0 | AD49: =IF(J49=0,0,IF(AC49>J49,1,AC49/J49)) -> 0 | AF49: =IFERROR(IF(C49=0,0,C49),0) -> 0 | AG49: 0 | AH49: 0
A50: =IF(LEN(F50)>3,"x",IF(N50<0,"x","")) -> x | C50: =MEDIÇÃO_GLOBAL!C50 -> 0 | D50: =MEDIÇÃO_GLOBAL!D50 -> 820000F | E50: =MEDIÇÃO_GLOBAL!E50 -> DER/PRC | F50: =MEDIÇÃO_GLOBAL!F50 -> Placa sinalização refletiva-círculo (0,1964 m2/ud) + suporte METÁLICO | G50: =MEDIÇÃO_GLOBAL!G50 -> un | H50: =Dados_GLOBAL_Inicial!S50 -> 34 | J50: =SUM(H50:I50) -> 34 | K50: =AD50 -> 0 | L50: =IF(total=0,0,ROUND(P50/total,4)) -> 0.004 | M50: =IF(J50=0,0,IF(K50>100%,"excesso",IF(ISNUMBER(K50),ROUND(K50*L50,4),IF(K50="<excesso",ROUND(100%*L50,4),0)))) -> 0 | N50: =IF(IFERROR(VALUE(MEDIÇÃO_GLOBAL!N50),0)=0,0,MEDIÇÃO_GLOBAL!N50) -> 494.27 | O50: =IF(K50>100%,P50,IF(ISBLANK(J50),0,IF((V50)="c",ROUNDUP(K50*P50,2),IF((V50)="b",ROUNDDOWN(K50*P50,2),ROUND(K50*P50,2))))) -> 0 | P50: =IF(Dados_Obra!$H$37=1,Dados_GLOBAL_Inicial!M50,IF((W50)="c",ROUNDUP(J50*N50,2),IF((W50)="b",ROUNDDOWN(J50*N50,2),ROUND(J50*N50,2)))) -> 16805.18 | Q50: =P50-O50 -> 16805.18 | S50: =IF(I50>0,ROUND(I50*N50,2),0) -> 0 | T50: =IF(I50<0,ROUND(I50*N50,2),0) -> 0 | V50: 0 | X50: =IF(C50<>0,0,X51+O50) -> 0 | Y50: =IF(C50<>0,X51,0) -> 0 | Z50: =IF(C50<>0,0,Z51+P50) -> 62238.84 | AA50: =IF(C50<>0,Z51,0) -> 0 | AB50: =AB49+1 -> 49 | AC50: =IF(SUM(AG50:AX50)>J50,J50,SUM(AG50:AX50)) -> 0 | AD50: =IF(J50=0,0,IF(AC50>J50,1,AC50/J50)) -> 0 | AF50: =IFERROR(IF(C50=0,0,C50),0) -> 0 | AG50: 0 | AH50: 0
A51: =IF(LEN(F51)>3,"x",IF(N51<0,"x","")) -> x | C51: =MEDIÇÃO_GLOBAL!C51 -> 0 | D51: =MEDIÇÃO_GLOBAL!D51 -> 820000H | E51: =MEDIÇÃO_GLOBAL!E51 -> DER/PRC | F51: =MEDIÇÃO_GLOBAL!F51 -> Placa sinalização refletiva-octógono (0,2160 m2/ud) + suporte METÁLICO | G51: =MEDIÇÃO_GLOBAL!G51 -> un | H51: =Dados_GLOBAL_Inicial!S51 -> 45 | J51: =SUM(H51:I51) -> 45 | K51: =AD51 -> 0 | L51: =IF(total=0,0,ROUND(P51/total,4)) -> 0.0053 | M51: =IF(J51=0,0,IF(K51>100%,"excesso",IF(ISNUMBER(K51),ROUND(K51*L51,4),IF(K51="<excesso",ROUND(100%*L51,4),0)))) -> 0 | N51: =IF(IFERROR(VALUE(MEDIÇÃO_GLOBAL!N51),0)=0,0,MEDIÇÃO_GLOBAL!N51) -> 504.38 | O51: =IF(K51>100%,P51,IF(ISBLANK(J51),0,IF((V51)="c",ROUNDUP(K51*P51,2),IF((V51)="b",ROUNDDOWN(K51*P51,2),ROUND(K51*P51,2))))) -> 0 | P51: =IF(Dados_Obra!$H$37=1,Dados_GLOBAL_Inicial!M51,IF((W51)="c",ROUNDUP(J51*N51,2),IF((W51)="b",ROUNDDOWN(J51*N51,2),ROUND(J51*N51,2)))) -> 22697.1 | Q51: =P51-O51 -> 22697.1 | S51: =IF(I51>0,ROUND(I51*N51,2),0) -> 0 | T51: =IF(I51<0,ROUND(I51*N51,2),0) -> 0 | V51: 0 | X51: =IF(C51<>0,0,X52+O51) -> 0 | Y51: =IF(C51<>0,X52,0) -> 0 | Z51: =IF(C51<>0,0,Z52+P51) -> 45433.66 | AA51: =IF(C51<>0,Z52,0) -> 0 | AB51: =AB50+1 -> 50 | AC51: =IF(SUM(AG51:AX51)>J51,J51,SUM(AG51:AX51)) -> 0 | AD51: =IF(J51=0,0,IF(AC51>J51,1,AC51/J51)) -> 0 | AF51: =IFERROR(IF(C51=0,0,C51),0) -> 0 | AG51: 0 | AH51: 0
A52: =IF(LEN(F52)>3,"x",IF(N52<0,"x","")) -> x | C52: =MEDIÇÃO_GLOBAL!C52 -> 0 | D52: =MEDIÇÃO_GLOBAL!D52 -> 820000J | E52: =MEDIÇÃO_GLOBAL!E52 -> DER/PRC | F52: =MEDIÇÃO_GLOBAL!F52 -> Placa sinalização refletiva-retangular dupla (duas de-0,20x060) em L (0,2400 m2/ud) + suporte METÁLICO | G52: =MEDIÇÃO_GLOBAL!G52 -> un | H52: =Dados_GLOBAL_Inicial!S52 -> 44 | J52: =SUM(H52:I52) -> 44 | K52: =AD52 -> 0 | L52: =IF(total=0,0,ROUND(P52/total,4)) -> 0.0053 | M52: =IF(J52=0,0,IF(K52>100%,"excesso",IF(ISNUMBER(K52),ROUND(K52*L52,4),IF(K52="<excesso",ROUND(100%*L52,4),0)))) -> 0 | N52: =IF(IFERROR(VALUE(MEDIÇÃO_GLOBAL!N52),0)=0,0,MEDIÇÃO_GLOBAL!N52) -> 516.74 | O52: =IF(K52>100%,P52,IF(ISBLANK(J52),0,IF((V52)="c",ROUNDUP(K52*P52,2),IF((V52)="b",ROUNDDOWN(K52*P52,2),ROUND(K52*P52,2))))) -> 0 | P52: =IF(Dados_Obra!$H$37=1,Dados_GLOBAL_Inicial!M52,IF((W52)="c",ROUNDUP(J52*N52,2),IF((W52)="b",ROUNDDOWN(J52*N52,2),ROUND(J52*N52,2)))) -> 22736.56 | Q52: =P52-O52 -> 22736.56 | S52: =IF(I52>0,ROUND(I52*N52,2),0) -> 0 | T52: =IF(I52<0,ROUND(I52*N52,2),0) -> 0 | V52: 0 | X52: =IF(C52<>0,0,X53+O52) -> 0 | Y52: =IF(C52<>0,X53,0) -> 0 | Z52: =IF(C52<>0,0,Z53+P52) -> 22736.56 | AA52: =IF(C52<>0,Z53,0) -> 0 | AB52: =AB51+1 -> 51 | AC52: =IF(SUM(AG52:AX52)>J52,J52,SUM(AG52:AX52)) -> 0 | AD52: =IF(J52=0,0,IF(AC52>J52,1,AC52/J52)) -> 0 | AF52: =IFERROR(IF(C52=0,0,C52),0) -> 0 | AG52: 0 | AH52: 0
A53: =IF(LEN(F53)>3,"x",IF(N53<0,"x","")) -> x | C53: =MEDIÇÃO_GLOBAL!C53 -> 9 | D53: =MEDIÇÃO_GLOBAL!D53 | E53: =MEDIÇÃO_GLOBAL!E53 -> 553 | F53: =MEDIÇÃO_GLOBAL!F53 -> ENSAIOS TECNOLÓGICOS | G53: =MEDIÇÃO_GLOBAL!G53 | H53: =Dados_GLOBAL_Inicial!S53 | J53: =SUM(H53:I53) -> 0 | K53: =AD53 -> 0 | L53: =IF(total=0,0,ROUND(P53/total,4)) -> 0 | M53: =IF(J53=0,0,IF(K53>100%,"excesso",IF(ISNUMBER(K53),ROUND(K53*L53,4),IF(K53="<excesso",ROUND(100%*L53,4),0)))) -> 0 | N53: =IF(IFERROR(VALUE(MEDIÇÃO_GLOBAL!N53),0)=0,0,MEDIÇÃO_GLOBAL!N53) -> 0 | O53: =IF(K53>100%,P53,IF(ISBLANK(J53),0,IF((V53)="c",ROUNDUP(K53*P53,2),IF((V53)="b",ROUNDDOWN(K53*P53,2),ROUND(K53*P53,2))))) -> 0 | P53: =IF(Dados_Obra!$H$37=1,Dados_GLOBAL_Inicial!M53,IF((W53)="c",ROUNDUP(J53*N53,2),IF((W53)="b",ROUNDDOWN(J53*N53,2),ROUND(J53*N53,2)))) -> 0 | Q53: =P53-O53 -> 0 | S53: =IF(I53>0,ROUND(I53*N53,2),0) -> 0 | T53: =IF(I53<0,ROUND(I53*N53,2),0) -> 0 | V53: 0 | X53: =IF(C53<>0,0,X54+O53) -> 0 | Y53: =IF(C53<>0,X54,0) -> 17045.02 | Z53: =IF(C53<>0,0,Z54+P53) -> 0 | AA53: =IF(C53<>0,Z54,0) -> 56907.57 | AB53: =AB52+1 -> 52 | AC53: =IF(SUM(AG53:AX53)>J53,J53,SUM(AG53:AX53)) -> 0 | AD53: =IF(J53=0,0,IF(AC53>J53,1,AC53/J53)) -> 0 | AF53: =IFERROR(IF(C53=0,0,C53),0) -> 9 | AG53: 0
A54: =IF(LEN(F54)>3,"x",IF(N54<0,"x","")) -> x | C54: =MEDIÇÃO_GLOBAL!C54 -> 0 | D54: =MEDIÇÃO_GLOBAL!D54 | E54: =MEDIÇÃO_GLOBAL!E54 | F54: =MEDIÇÃO_GLOBAL!F54 -> (Os custos com mobilização e desmobilização de equipe e equipamentos para a extração de amostras para os ensaios tecnológicos, exceto da capa asfáltica, serão de responsabilidade da empresa executora da obra.) | G54: =MEDIÇÃO_GLOBAL!G54 | H54: =Dados_GLOBAL_Inicial!S54 | J54: =SUM(H54:I54) -> 0 | K54: =AD54 -> 0 | L54: =IF(total=0,0,ROUND(P54/total,4)) -> 0 | M54: =IF(J54=0,0,IF(K54>100%,"excesso",IF(ISNUMBER(K54),ROUND(K54*L54,4),IF(K54="<excesso",ROUND(100%*L54,4),0)))) -> 0 | N54: =IF(IFERROR(VALUE(MEDIÇÃO_GLOBAL!N54),0)=0,0,MEDIÇÃO_GLOBAL!N54) -> 0 | O54: =IF(K54>100%,P54,IF(ISBLANK(J54),0,IF((V54)="c",ROUNDUP(K54*P54,2),IF((V54)="b",ROUNDDOWN(K54*P54,2),ROUND(K54*P54,2))))) -> 0 | P54: =IF(Dados_Obra!$H$37=1,Dados_GLOBAL_Inicial!M54,IF((W54)="c",ROUNDUP(J54*N54,2),IF((W54)="b",ROUNDDOWN(J54*N54,2),ROUND(J54*N54,2)))) -> 0 | Q54: =P54-O54 -> 0 | S54: =IF(I54>0,ROUND(I54*N54,2),0) -> 0 | T54: =IF(I54<0,ROUND(I54*N54,2),0) -> 0 | V54: 0 | X54: =IF(C54<>0,0,X55+O54) -> 17045.02 | Y54: =IF(C54<>0,X55,0) -> 0 | Z54: =IF(C54<>0,0,Z55+P54) -> 56907.57 | AA54: =IF(C54<>0,Z55,0) -> 0 | AB54: =AB53+1 -> 53 | AC54: =IF(SUM(AG54:AX54)>J54,J54,SUM(AG54:AX54)) -> 0 | AD54: =IF(J54=0,0,IF(AC54>J54,1,AC54/J54)) -> 0 | AF54: =IFERROR(IF(C54=0,0,C54),0) -> 0 | AG54: 0
A55: =IF(LEN(F55)>3,"x",IF(N55<0,"x","")) -> x | C55: =MEDIÇÃO_GLOBAL!C55 -> 0 | D55: =MEDIÇÃO_GLOBAL!D55 -> 09.02.11B | E55: =MEDIÇÃO_GLOBAL!E55 -> DAER/PRC | F55: =MEDIÇÃO_GLOBAL!F55 -> Ensaio de Massa Específica - In Situ - Método Frasco de Areia (Grau de Compactação) - Regularização e Compactação do Subleito | G55: =MEDIÇÃO_GLOBAL!G55 -> un | H55: =Dados_GLOBAL_Inicial!S55 -> 35 | J55: =SUM(H55:I55) -> 35 | K55: =AD55 -> 0.25714286 | L55: =IF(total=0,0,ROUND(P55/total,4)) -> 0.0012 | M55: =IF(J55=0,0,IF(K55>100%,"excesso",IF(ISNUMBER(K55),ROUND(K55*L55,4),IF(K55="<excesso",ROUND(100%*L55,4),0)))) -> 0.0003 | N55: =IF(IFERROR(VALUE(MEDIÇÃO_GLOBAL!N55),0)=0,0,MEDIÇÃO_GLOBAL!N55) -> 151.7 | O55: =IF(K55>100%,P55,IF(ISBLANK(J55),0,IF((V55)="c",ROUNDUP(K55*P55,2),IF((V55)="b",ROUNDDOWN(K55*P55,2),ROUND(K55*P55,2))))) -> 1365.3 | P55: =IF(Dados_Obra!$H$37=1,Dados_GLOBAL_Inicial!M55,IF((W55)="c",ROUNDUP(J55*N55,2),IF((W55)="b",ROUNDDOWN(J55*N55,2),ROUND(J55*N55,2)))) -> 5309.5 | Q55: =P55-O55 -> 3944.2 | S55: =IF(I55>0,ROUND(I55*N55,2),0) -> 0 | T55: =IF(I55<0,ROUND(I55*N55,2),0) -> 0 | V55: 6 | X55: =IF(C55<>0,0,X56+O55) -> 17045.02 | Y55: =IF(C55<>0,X56,0) -> 0 | Z55: =IF(C55<>0,0,Z56+P55) -> 56907.57 | AA55: =IF(C55<>0,Z56,0) -> 0 | AB55: =AB54+1 -> 54 | AC55: =IF(SUM(AG55:AX55)>J55,J55,SUM(AG55:AX55)) -> 9 | AD55: =IF(J55=0,0,IF(AC55>J55,1,AC55/J55)) -> 0.25714286 | AF55: =IFERROR(IF(C55=0,0,C55),0) -> 0 | AG55: 6 | AH55: 3
A56: =IF(LEN(F56)>3,"x",IF(N56<0,"x","")) -> x | C56: =MEDIÇÃO_GLOBAL!C56 -> 0 | D56: =MEDIÇÃO_GLOBAL!D56 -> 09.02.11D | E56: =MEDIÇÃO_GLOBAL!E56 -> DAER/PRC | F56: =MEDIÇÃO_GLOBAL!F56 -> Ensaio de Massa Específica - In Situ - Método Frasco de Areia (Grau de Compactação) - Base | G56: =MEDIÇÃO_GLOBAL!G56 -> un | H56: =Dados_GLOBAL_Inicial!S56 -> 35 | J56: =SUM(H56:I56) -> 35 | K56: =AD56 -> 0.25714286 | L56: =IF(total=0,0,ROUND(P56/total,4)) -> 0.0012 | M56: =IF(J56=0,0,IF(K56>100%,"excesso",IF(ISNUMBER(K56),ROUND(K56*L56,4),IF(K56="<excesso",ROUND(100%*L56,4),0)))) -> 0.0003 | N56: =IF(IFERROR(VALUE(MEDIÇÃO_GLOBAL!N56),0)=0,0,MEDIÇÃO_GLOBAL!N56) -> 151.7 | O56: =IF(K56>100%,P56,IF(ISBLANK(J56),0,IF((V56)="c",ROUNDUP(K56*P56,2),IF((V56)="b",ROUNDDOWN(K56*P56,2),ROUND(K56*P56,2))))) -> 1365.3 | P56: =IF(Dados_Obra!$H$37=1,Dados_GLOBAL_Inicial!M56,IF((W56)="c",ROUNDUP(J56*N56,2),IF((W56)="b",ROUNDDOWN(J56*N56,2),ROUND(J56*N56,2)))) -> 5309.5 | Q56: =P56-O56 -> 3944.2 | S56: =IF(I56>0,ROUND(I56*N56,2),0) -> 0 | T56: =IF(I56<0,ROUND(I56*N56,2),0) -> 0 | V56: 4 | X56: =IF(C56<>0,0,X57+O56) -> 15679.72 | Y56: =IF(C56<>0,X57,0) -> 0 | Z56: =IF(C56<>0,0,Z57+P56) -> 51598.07 | AA56: =IF(C56<>0,Z57,0) -> 0 | AB56: =AB55+1 -> 55 | AC56: =IF(SUM(AG56:AX56)>J56,J56,SUM(AG56:AX56)) -> 9 | AD56: =IF(J56=0,0,IF(AC56>J56,1,AC56/J56)) -> 0.25714286 | AF56: =IFERROR(IF(C56=0,0,C56),0) -> 0 | AG56: 4 | AH56: 5
A57: =IF(LEN(F57)>3,"x",IF(N57<0,"x","")) -> x | C57: =MEDIÇÃO_GLOBAL!C57 -> 0 | D57: =MEDIÇÃO_GLOBAL!D57 -> 09.02.01 | E57: =MEDIÇÃO_GLOBAL!E57 -> DAER | F57: =MEDIÇÃO_GLOBAL!F57 -> Ensaio de Granulometria do Agregado | G57: =MEDIÇÃO_GLOBAL!G57 -> un | H57: =Dados_GLOBAL_Inicial!S57 -> 35 | J57: =SUM(H57:I57) -> 35 | K57: =AD57 -> 0.25714286 | L57: =IF(total=0,0,ROUND(P57/total,4)) -> 0.0013 | M57: =IF(J57=0,0,IF(K57>100%,"excesso",IF(ISNUMBER(K57),ROUND(K57*L57,4),IF(K57="<excesso",ROUND(100%*L57,4),0)))) -> 0.0003 | N57: =IF(IFERROR(VALUE(MEDIÇÃO_GLOBAL!N57),0)=0,0,MEDIÇÃO_GLOBAL!N57) -> 156.41 | O57: =IF(K57>100%,P57,IF(ISBLANK(J57),0,IF((V57)="c",ROUNDUP(K57*P57,2),IF((V57)="b",ROUNDDOWN(K57*P57,2),ROUND(K57*P57,2))))) -> 1407.69 | P57: =IF(Dados_Obra!$H$37=1,Dados_GLOBAL_Inicial!M57,IF((W57)="c",ROUNDUP(J57*N57,2),IF((W57)="b",ROUNDDOWN(J57*N57,2),ROUND(J57*N57,2)))) -> 5474.35 | Q57: =P57-O57 -> 4066.66 | S57: =IF(I57>0,ROUND(I57*N57,2),0) -> 0 | T57: =IF(I57<0,ROUND(I57*N57,2),0) -> 0 | V57: 4 | X57: =IF(C57<>0,0,X58+O57) -> 14314.42 | Y57: =IF(C57<>0,X58,0) -> 0 | Z57: =IF(C57<>0,0,Z58+P57) -> 46288.57 | AA57: =IF(C57<>0,Z58,0) -> 0 | AB57: =AB56+1 -> 56 | AC57: =IF(SUM(AG57:AX57)>J57,J57,SUM(AG57:AX57)) -> 9 | AD57: =IF(J57=0,0,IF(AC57>J57,1,AC57/J57)) -> 0.25714286 | AF57: =IFERROR(IF(C57=0,0,C57),0) -> 0 | AG57: 4 | AH57: 5
A58: =IF(LEN(F58)>3,"x",IF(N58<0,"x","")) -> x | C58: =MEDIÇÃO_GLOBAL!C58 -> 0 | D58: =MEDIÇÃO_GLOBAL!D58 -> 74022/27 | E58: =MEDIÇÃO_GLOBAL!E58 -> SINAPI | F58: =MEDIÇÃO_GLOBAL!F58 -> Ensaio de Controle de Taxa de Aplicação de Ligante Betuminoso | G58: =MEDIÇÃO_GLOBAL!G58 -> un | H58: =Dados_GLOBAL_Inicial!S58 -> 70 | J58: =SUM(H58:I58) -> 70 | K58: =AD58 -> 0.25714286 | L58: =IF(total=0,0,ROUND(P58/total,4)) -> 0.0018 | M58: =IF(J58=0,0,IF(K58>100%,"excesso",IF(ISNUMBER(K58),ROUND(K58*L58,4),IF(K58="<excesso",ROUND(100%*L58,4),0)))) -> 0.0005 | N58: =IF(IFERROR(VALUE(MEDIÇÃO_GLOBAL!N58),0)=0,0,MEDIÇÃO_GLOBAL!N58) -> 110.76 | O58: =IF(K58>100%,P58,IF(ISBLANK(J58),0,IF((V58)="c",ROUNDUP(K58*P58,2),IF((V58)="b",ROUNDDOWN(K58*P58,2),ROUND(K58*P58,2))))) -> 1993.68 | P58: =IF(Dados_Obra!$H$37=1,Dados_GLOBAL_Inicial!M58,IF((W58)="c",ROUNDUP(J58*N58,2),IF((W58)="b",ROUNDDOWN(J58*N58,2),ROUND(J58*N58,2)))) -> 7753.2 | Q58: =P58-O58 -> 5759.52 | S58: =IF(I58>0,ROUND(I58*N58,2),0) -> 0 | T58: =IF(I58<0,ROUND(I58*N58,2),0) -> 0 | V58: 8 | X58: =IF(C58<>0,0,X59+O58) -> 12906.73 | Y58: =IF(C58<>0,X59,0) -> 0 | Z58: =IF(C58<>0,0,Z59+P58) -> 40814.22 | AA58: =IF(C58<>0,Z59,0) -> 0 | AB58: =AB57+1 -> 57 | AC58: =IF(SUM(AG58:AX58)>J58,J58,SUM(AG58:AX58)) -> 18 | AD58: =IF(J58=0,0,IF(AC58>J58,1,AC58/J58)) -> 0.25714286 | AF58: =IFERROR(IF(C58=0,0,C58),0) -> 0 | AG58: 8 | AH58: 10
A59: =IF(LEN(F59)>3,"x",IF(N59<0,"x","")) -> x | C59: =MEDIÇÃO_GLOBAL!C59 -> 0 | D59: =MEDIÇÃO_GLOBAL!D59 -> 09.04.04 | E59: =MEDIÇÃO_GLOBAL!E59 -> DAER | F59: =MEDIÇÃO_GLOBAL!F59 -> Ensaio de Percentagem de Betume - Misturas Betuminosas | G59: =MEDIÇÃO_GLOBAL!G59 -> un | H59: =Dados_GLOBAL_Inicial!S59 -> 35 | J59: =SUM(H59:I59) -> 35 | K59: =AD59 -> 0.25714286 | L59: =IF(total=0,0,ROUND(P59/total,4)) -> 0.0015 | M59: =IF(J59=0,0,IF(K59>100%,"excesso",IF(ISNUMBER(K59),ROUND(K59*L59,4),IF(K59="<excesso",ROUND(100%*L59,4),0)))) -> 0.0004 | N59: =IF(IFERROR(VALUE(MEDIÇÃO_GLOBAL!N59),0)=0,0,MEDIÇÃO_GLOBAL!N59) -> 185.79 | O59: =IF(K59>100%,P59,IF(ISBLANK(J59),0,IF((V59)="c",ROUNDUP(K59*P59,2),IF((V59)="b",ROUNDDOWN(K59*P59,2),ROUND(K59*P59,2))))) -> 1672.11 | P59: =IF(Dados_Obra!$H$37=1,Dados_GLOBAL_Inicial!M59,IF((W59)="c",ROUNDUP(J59*N59,2),IF((W59)="b",ROUNDDOWN(J59*N59,2),ROUND(J59*N59,2)))) -> 6502.65 | Q59: =P59-O59 -> 4830.54 | S59: =IF(I59>0,ROUND(I59*N59,2),0) -> 0 | T59: =IF(I59<0,ROUND(I59*N59,2),0) -> 0 | V59: 4 | X59: =IF(C59<>0,0,X60+O59) -> 10913.05 | Y59: =IF(C59<>0,X60,0) -> 0 | Z59: =IF(C59<>0,0,Z60+P59) -> 33061.02 | AA59: =IF(C59<>0,Z60,0) -> 0 | AB59: =AB58+1 -> 58 | AC59: =IF(SUM(AG59:AX59)>J59,J59,SUM(AG59:AX59)) -> 9 | AD59: =IF(J59=0,0,IF(AC59>J59,1,AC59/J59)) -> 0.25714286 | AF59: =IFERROR(IF(C59=0,0,C59),0) -> 0 | AG59: 4 | AH59: 5
A60: =IF(LEN(F60)>3,"x",IF(N60<0,"x","")) -> x | C60: =MEDIÇÃO_GLOBAL!C60 -> 0 | D60: =MEDIÇÃO_GLOBAL!D60 -> 74022/53 | E60: =MEDIÇÃO_GLOBAL!E60 -> SINAPI | F60: =MEDIÇÃO_GLOBAL!F60 -> Ensaio de Controle do Grau de Compactação da Mistura Asfáltica | G60: =MEDIÇÃO_GLOBAL!G60 -> un | H60: =Dados_GLOBAL_Inicial!S60 -> 35 | J60: =SUM(H60:I60) -> 35 | K60: =AD60 -> 0.25714286 | L60: =IF(total=0,0,ROUND(P60/total,4)) -> 0.0012 | M60: =IF(J60=0,0,IF(K60>100%,"excesso",IF(ISNUMBER(K60),ROUND(K60*L60,4),IF(K60="<excesso",ROUND(100%*L60,4),0)))) -> 0.0003 | N60: =IF(IFERROR(VALUE(MEDIÇÃO_GLOBAL!N60),0)=0,0,MEDIÇÃO_GLOBAL!N60) -> 142.41 | O60: =IF(K60>100%,P60,IF(ISBLANK(J60),0,IF((V60)="c",ROUNDUP(K60*P60,2),IF((V60)="b",ROUNDDOWN(K60*P60,2),ROUND(K60*P60,2))))) -> 1281.69 | P60: =IF(Dados_Obra!$H$37=1,Dados_GLOBAL_Inicial!M60,IF((W60)="c",ROUNDUP(J60*N60,2),IF((W60)="b",ROUNDDOWN(J60*N60,2),ROUND(J60*N60,2)))) -> 4984.35 | Q60: =P60-O60 -> 3702.66 | S60: =IF(I60>0,ROUND(I60*N60,2),0) -> 0 | T60: =IF(I60<0,ROUND(I60*N60,2),0) -> 0 | V60: 4 | X60: =IF(C60<>0,0,X61+O60) -> 9240.94 | Y60: =IF(C60<>0,X61,0) -> 0 | Z60: =IF(C60<>0,0,Z61+P60) -> 26558.37 | AA60: =IF(C60<>0,Z61,0) -> 0 | AB60: =AB59+1 -> 59 | AC60: =IF(SUM(AG60:AX60)>J60,J60,SUM(AG60:AX60)) -> 9 | AD60: =IF(J60=0,0,IF(AC60>J60,1,AC60/J60)) -> 0.25714286 | AF60: =IFERROR(IF(C60=0,0,C60),0) -> 0 | AG60: 4 | AH60: 5
A61: =IF(LEN(F61)>3,"x",IF(N61<0,"x","")) -> x | C61: =MEDIÇÃO_GLOBAL!C61 -> 0 | D61: =MEDIÇÃO_GLOBAL!D61 -> 09.05.02 | E61: =MEDIÇÃO_GLOBAL!E61 -> DAER | F61: =MEDIÇÃO_GLOBAL!F61 -> Ensaio de Densidade do Material Betuminoso | G61: =MEDIÇÃO_GLOBAL!G61 -> un | H61: =Dados_GLOBAL_Inicial!S61 -> 35 | J61: =SUM(H61:I61) -> 35 | K61: =AD61 -> 0.25714286 | L61: =IF(total=0,0,ROUND(P61/total,4)) -> 0.0004 | M61: =IF(J61=0,0,IF(K61>100%,"excesso",IF(ISNUMBER(K61),ROUND(K61*L61,4),IF(K61="<excesso",ROUND(100%*L61,4),0)))) -> 0.0001 | N61: =IF(IFERROR(VALUE(MEDIÇÃO_GLOBAL!N61),0)=0,0,MEDIÇÃO_GLOBAL!N61) -> 50.9 | O61: =IF(K61>100%,P61,IF(ISBLANK(J61),0,IF((V61)="c",ROUNDUP(K61*P61,2),IF((V61)="b",ROUNDDOWN(K61*P61,2),ROUND(K61*P61,2))))) -> 458.1 | P61: =IF(Dados_Obra!$H$37=1,Dados_GLOBAL_Inicial!M61,IF((W61)="c",ROUNDUP(J61*N61,2),IF((W61)="b",ROUNDDOWN(J61*N61,2),ROUND(J61*N61,2)))) -> 1781.5 | Q61: =P61-O61 -> 1323.4 | S61: =IF(I61>0,ROUND(I61*N61,2),0) -> 0 | T61: =IF(I61<0,ROUND(I61*N61,2),0) -> 0 | V61: 4 | X61: =IF(C61<>0,0,X62+O61) -> 7959.25 | Y61: =IF(C61<>0,X62,0) -> 0 | Z61: =IF(C61<>0,0,Z62+P61) -> 21574.02 | AA61: =IF(C61<>0,Z62,0) -> 0 | AB61: =AB60+1 -> 60 | AC61: =IF(SUM(AG61:AX61)>J61,J61,SUM(AG61:AX61)) -> 9 | AD61: =IF(J61=0,0,IF(AC61>J61,1,AC61/J61)) -> 0.25714286 | AF61: =IFERROR(IF(C61=0,0,C61),0) -> 0 | AG61: 4 | AH61: 5
A62: =IF(LEN(F62)>3,"x",IF(N62<0,"x","")) -> x | C62: =MEDIÇÃO_GLOBAL!C62 -> 0 | D62: =MEDIÇÃO_GLOBAL!D62 -> 09.04.03 | E62: =MEDIÇÃO_GLOBAL!E62 -> DAER | F62: =MEDIÇÃO_GLOBAL!F62 -> Ensaio de tracao por compressao diametral - misturas betuminosas | G62: =MEDIÇÃO_GLOBAL!G62 -> un | H62: =Dados_GLOBAL_Inicial!S62 -> 35 | J62: =SUM(H62:I62) -> 35 | K62: =AD62 -> 0.25714286 | L62: =IF(total=0,0,ROUND(P62/total,4)) -> 0.0009 | M62: =IF(J62=0,0,IF(K62>100%,"excesso",IF(ISNUMBER(K62),ROUND(K62*L62,4),IF(K62="<excesso",ROUND(100%*L62,4),0)))) -> 0.0002 | N62: =IF(IFERROR(VALUE(MEDIÇÃO_GLOBAL!N62),0)=0,0,MEDIÇÃO_GLOBAL!N62) -> 104.77 | O62: =IF(K62>100%,P62,IF(ISBLANK(J62),0,IF((V62)="c",ROUNDUP(K62*P62,2),IF((V62)="b",ROUNDDOWN(K62*P62,2),ROUND(K62*P62,2))))) -> 942.93 | P62: =IF(Dados_Obra!$H$37=1,Dados_GLOBAL_Inicial!M62,IF((W62)="c",ROUNDUP(J62*N62,2),IF((W62)="b",ROUNDDOWN(J62*N62,2),ROUND(J62*N62,2)))) -> 3666.95 | Q62: =P62-O62 -> 2724.02 | S62: =IF(I62>0,ROUND(I62*N62,2),0) -> 0 | T62: =IF(I62<0,ROUND(I62*N62,2),0) -> 0 | V62: 4 | X62: =IF(C62<>0,0,X63+O62) -> 7501.15 | Y62: =IF(C62<>0,X63,0) -> 0 | Z62: =IF(C62<>0,0,Z63+P62) -> 19792.52 | AA62: =IF(C62<>0,Z63,0) -> 0 | AB62: =AB61+1 -> 61 | AC62: =IF(SUM(AG62:AX62)>J62,J62,SUM(AG62:AX62)) -> 9 | AD62: =IF(J62=0,0,IF(AC62>J62,1,AC62/J62)) -> 0.25714286 | AF62: =IFERROR(IF(C62=0,0,C62),0) -> 0 | AG62: 4 | AH62: 5
A63: =IF(LEN(F63)>3,"x",IF(N63<0,"x","")) -> x | C63: =MEDIÇÃO_GLOBAL!C63 -> 0 | D63: =MEDIÇÃO_GLOBAL!D63 -> 09.04.01 | E63: =MEDIÇÃO_GLOBAL!E63 -> DAER | F63: =MEDIÇÃO_GLOBAL!F63 -> Extração de corpo de prova de concreto asfáltico com sonda rotativa | G63: =MEDIÇÃO_GLOBAL!G63 -> un | H63: =Dados_GLOBAL_Inicial!S63 -> 35 | J63: =SUM(H63:I63) -> 35 | K63: =AD63 -> 0.25714286 | L63: =IF(total=0,0,ROUND(P63/total,4)) -> 0.0009 | M63: =IF(J63=0,0,IF(K63>100%,"excesso",IF(ISNUMBER(K63),ROUND(K63*L63,4),IF(K63="<excesso",ROUND(100%*L63,4),0)))) -> 0.0002 | N63: =IF(IFERROR(VALUE(MEDIÇÃO_GLOBAL!N63),0)=0,0,MEDIÇÃO_GLOBAL!N63) -> 103.45 | O63: =IF(K63>100%,P63,IF(ISBLANK(J63),0,IF((V63)="c",ROUNDUP(K63*P63,2),IF((V63)="b",ROUNDDOWN(K63*P63,2),ROUND(K63*P63,2))))) -> 931.05 | P63: =IF(Dados_Obra!$H$37=1,Dados_GLOBAL_Inicial!M63,IF((W63)="c",ROUNDUP(J63*N63,2),IF((W63)="b",ROUNDDOWN(J63*N63,2),ROUND(J63*N63,2)))) -> 3620.75 | Q63: =P63-O63 -> 2689.7 | S63: =IF(I63>0,ROUND(I63*N63,2),0) -> 0 | T63: =IF(I63<0,ROUND(I63*N63,2),0) -> 0 | V63: 4 | X63: =IF(C63<>0,0,X64+O63) -> 6558.22 | Y63: =IF(C63<>0,X64,0) -> 0 | Z63: =IF(C63<>0,0,Z64+P63) -> 16125.57 | AA63: =IF(C63<>0,Z64,0) -> 0 | AB63: =AB62+1 -> 62 | AC63: =IF(SUM(AG63:AX63)>J63,J63,SUM(AG63:AX63)) -> 9 | AD63: =IF(J63=0,0,IF(AC63>J63,1,AC63/J63)) -> 0.25714286 | AF63: =IFERROR(IF(C63=0,0,C63),0) -> 0 | AG63: 4 | AH63: 5
A64: =IF(LEN(F64)>3,"x",IF(N64<0,"x","")) -> x | C64: =MEDIÇÃO_GLOBAL!C64 -> 0 | D64: =MEDIÇÃO_GLOBAL!D64 -> 09.01.18 | E64: =MEDIÇÃO_GLOBAL!E64 -> DAER | F64: =MEDIÇÃO_GLOBAL!F64 -> Mobilização e desmobilização de equipamento e equipe para extração de corpos de prova da capa asfáltica. | G64: =MEDIÇÃO_GLOBAL!G64 -> gb | H64: =Dados_GLOBAL_Inicial!S64 -> 2 | J64: =SUM(H64:I64) -> 2 | K64: =AD64 -> 0.45 | L64: =IF(total=0,0,ROUND(P64/total,4)) -> 0.0029 | M64: =IF(J64=0,0,IF(K64>100%,"excesso",IF(ISNUMBER(K64),ROUND(K64*L64,4),IF(K64="<excesso",ROUND(100%*L64,4),0)))) -> 0.0013 | N64: =IF(IFERROR(VALUE(MEDIÇÃO_GLOBAL!N64),0)=0,0,MEDIÇÃO_GLOBAL!N64) -> 6252.41 | O64: =IF(K64>100%,P64,IF(ISBLANK(J64),0,IF((V64)="c",ROUNDUP(K64*P64,2),IF((V64)="b",ROUNDDOWN(K64*P64,2),ROUND(K64*P64,2))))) -> 5627.17 | P64: =IF(Dados_Obra!$H$37=1,Dados_GLOBAL_Inicial!M64,IF((W64)="c",ROUNDUP(J64*N64,2),IF((W64)="b",ROUNDDOWN(J64*N64,2),ROUND(J64*N64,2)))) -> 12504.82 | Q64: =P64-O64 -> 6877.65 | S64: =IF(I64>0,ROUND(I64*N64,2),0) -> 0 | T64: =IF(I64<0,ROUND(I64*N64,2),0) -> 0 | V64: 0.6 | X64: =IF(C64<>0,0,X65+O64) -> 5627.17 | Y64: =IF(C64<>0,X65,0) -> 0 | Z64: =IF(C64<>0,0,Z65+P64) -> 12504.82 | AA64: =IF(C64<>0,Z65,0) -> 0 | AB64: =AB63+1 -> 63 | AC64: =IF(SUM(AG64:AX64)>J64,J64,SUM(AG64:AX64)) -> 0.9 | AD64: =IF(J64=0,0,IF(AC64>J64,1,AC64/J64)) -> 0.45 | AF64: =IFERROR(IF(C64=0,0,C64),0) -> 0 | AG64: 0.6 | AH64: 0.3
A65: =IF(LEN(F65)>3,"x",IF(N65<0,"x","")) | C65: =MEDIÇÃO_GLOBAL!C65 -> 0 | D65: =MEDIÇÃO_GLOBAL!D65 -> 0 | E65: =MEDIÇÃO_GLOBAL!E65 | F65: =MEDIÇÃO_GLOBAL!F65 -> 0 | G65: =MEDIÇÃO_GLOBAL!G65 -> 0 | H65: =Dados_GLOBAL_Inicial!S65 -> 0 | J65: =SUM(H65:I65) -> 0 | K65: =AD65 -> 0 | L65: =IF(total=0,0,ROUND(P65/total,4)) -> 0 | M65: =IF(J65=0,0,IF(K65>100%,"excesso",IF(ISNUMBER(K65),ROUND(K65*L65,4),IF(K65="<excesso",ROUND(100%*L65,4),0)))) -> 0 | N65: =IF(IFERROR(VALUE(MEDIÇÃO_GLOBAL!N65),0)=0,0,MEDIÇÃO_GLOBAL!N65) -> 0 | O65: =IF(K65>100%,P65,IF(ISBLANK(J65),0,IF((V65)="c",ROUNDUP(K65*P65,2),IF((V65)="b",ROUNDDOWN(K65*P65,2),ROUND(K65*P65,2))))) -> 0 | P65: =IF(Dados_Obra!$H$37=1,Dados_GLOBAL_Inicial!M65,IF((W65)="c",ROUNDUP(J65*N65,2),IF((W65)="b",ROUNDDOWN(J65*N65,2),ROUND(J65*N65,2)))) -> 0 | Q65: =P65-O65 -> 0 | S65: =IF(I65>0,ROUND(I65*N65,2),0) -> 0 | T65: =IF(I65<0,ROUND(I65*N65,2),0) -> 0 | X65: =IF(C65<>0,0,X66+O65) -> 0 | Y65: =IF(C65<>0,X66,0) -> 0 | Z65: =IF(C65<>0,0,Z66+P65) -> 0 | AA65: =IF(C65<>0,Z66,0) -> 0 | AB65: =AB64+1 -> 64 | AC65: =IF(SUM(AG65:AX65)>J65,J65,SUM(AG65:AX65)) -> 0 | AD65: =IF(J65=0,0,IF(AC65>J65,1,AC65/J65)) -> 0 | AF65: =IFERROR(IF(C65=0,0,C65),0) -> 0
A66: =IF(LEN(F66)>3,"x",IF(N66<0,"x","")) | C66: =MEDIÇÃO_GLOBAL!C66 -> 0 | D66: =MEDIÇÃO_GLOBAL!D66 -> 0 | E66: =MEDIÇÃO_GLOBAL!E66 | F66: =MEDIÇÃO_GLOBAL!F66 -> 0 | G66: =MEDIÇÃO_GLOBAL!G66 -> 0 | H66: =Dados_GLOBAL_Inicial!S66 -> 0 | J66: =SUM(H66:I66) -> 0 | K66: =AD66 -> 0 | L66: =IF(total=0,0,ROUND(P66/total,4)) -> 0 | M66: =IF(J66=0,0,IF(K66>100%,"excesso",IF(ISNUMBER(K66),ROUND(K66*L66,4),IF(K66="<excesso",ROUND(100%*L66,4),0)))) -> 0 | N66: =IF(IFERROR(VALUE(MEDIÇÃO_GLOBAL!N66),0)=0,0,MEDIÇÃO_GLOBAL!N66) -> 0 | O66: =IF(K66>100%,P66,IF(ISBLANK(J66),0,IF((V66)="c",ROUNDUP(K66*P66,2),IF((V66)="b",ROUNDDOWN(K66*P66,2),ROUND(K66*P66,2))))) -> 0 | P66: =IF(Dados_Obra!$H$37=1,Dados_GLOBAL_Inicial!M66,IF((W66)="c",ROUNDUP(J66*N66,2),IF((W66)="b",ROUNDDOWN(J66*N66,2),ROUND(J66*N66,2)))) -> 0 | Q66: =P66-O66 -> 0 | S66: =IF(I66>0,ROUND(I66*N66,2),0) -> 0 | T66: =IF(I66<0,ROUND(I66*N66,2),0) -> 0 | X66: =IF(C66<>0,0,X67+O66) -> 0 | Y66: =IF(C66<>0,X67,0) -> 0 | Z66: =IF(C66<>0,0,Z67+P66) -> 0 | AA66: =IF(C66<>0,Z67,0) -> 0 | AB66: =AB65+1 -> 65 | AC66: =IF(SUM(AG66:AX66)>J66,J66,SUM(AG66:AX66)) -> 0 | AD66: =IF(J66=0,0,IF(AC66>J66,1,AC66/J66)) -> 0 | AF66: =IFERROR(IF(C66=0,0,C66),0) -> 0
A67: =IF(LEN(F67)>3,"x",IF(N67<0,"x","")) | C67: =MEDIÇÃO_GLOBAL!C67 -> 0 | D67: =MEDIÇÃO_GLOBAL!D67 -> 0 | E67: =MEDIÇÃO_GLOBAL!E67 | F67: =MEDIÇÃO_GLOBAL!F67 -> 0 | G67: =MEDIÇÃO_GLOBAL!G67 -> 0 | H67: =Dados_GLOBAL_Inicial!S67 -> 0 | J67: =SUM(H67:I67) -> 0 | K67: =AD67 -> 0 | L67: =IF(total=0,0,ROUND(P67/total,4)) -> 0 | M67: =IF(J67=0,0,IF(K67>100%,"excesso",IF(ISNUMBER(K67),ROUND(K67*L67,4),IF(K67="<excesso",ROUND(100%*L67,4),0)))) -> 0 | N67: =IF(IFERROR(VALUE(MEDIÇÃO_GLOBAL!N67),0)=0,0,MEDIÇÃO_GLOBAL!N67) -> 0 | O67: =IF(K67>100%,P67,IF(ISBLANK(J67),0,IF((V67)="c",ROUNDUP(K67*P67,2),IF((V67)="b",ROUNDDOWN(K67*P67,2),ROUND(K67*P67,2))))) -> 0 | P67: =IF(Dados_Obra!$H$37=1,Dados_GLOBAL_Inicial!M67,IF((W67)="c",ROUNDUP(J67*N67,2),IF((W67)="b",ROUNDDOWN(J67*N67,2),ROUND(J67*N67,2)))) -> 0 | Q67: =P67-O67 -> 0 | S67: =IF(I67>0,ROUND(I67*N67,2),0) -> 0 | T67: =IF(I67<0,ROUND(I67*N67,2),0) -> 0 | X67: =IF(C67<>0,0,X68+O67) -> 0 | Y67: =IF(C67<>0,X68,0) -> 0 | Z67: =IF(C67<>0,0,Z68+P67) -> 0 | AA67: =IF(C67<>0,Z68,0) -> 0 | AB67: =AB66+1 -> 66 | AC67: =IF(SUM(AG67:AX67)>J67,J67,SUM(AG67:AX67)) -> 0 | AD67: =IF(J67=0,0,IF(AC67>J67,1,AC67/J67)) -> 0 | AF67: =IFERROR(IF(C67=0,0,C67),0) -> 0
A68: =IF(LEN(F68)>3,"x",IF(N68<0,"x","")) | C68: =MEDIÇÃO_GLOBAL!C68 -> 0 | D68: =MEDIÇÃO_GLOBAL!D68 -> 0 | E68: =MEDIÇÃO_GLOBAL!E68 | F68: =MEDIÇÃO_GLOBAL!F68 -> 0 | G68: =MEDIÇÃO_GLOBAL!G68 -> 0 | H68: =Dados_GLOBAL_Inicial!S68 -> 0 | J68: =SUM(H68:I68) -> 0 | K68: =AD68 -> 0 | L68: =IF(total=0,0,ROUND(P68/total,4)) -> 0 | M68: =IF(J68=0,0,IF(K68>100%,"excesso",IF(ISNUMBER(K68),ROUND(K68*L68,4),IF(K68="<excesso",ROUND(100%*L68,4),0)))) -> 0 | N68: =IF(IFERROR(VALUE(MEDIÇÃO_GLOBAL!N68),0)=0,0,MEDIÇÃO_GLOBAL!N68) -> 0 | O68: =IF(K68>100%,P68,IF(ISBLANK(J68),0,IF((V68)="c",ROUNDUP(K68*P68,2),IF((V68)="b",ROUNDDOWN(K68*P68,2),ROUND(K68*P68,2))))) -> 0 | P68: =IF(Dados_Obra!$H$37=1,Dados_GLOBAL_Inicial!M68,IF((W68)="c",ROUNDUP(J68*N68,2),IF((W68)="b",ROUNDDOWN(J68*N68,2),ROUND(J68*N68,2)))) -> 0 | Q68: =P68-O68 -> 0 | S68: =IF(I68>0,ROUND(I68*N68,2),0) -> 0 | T68: =IF(I68<0,ROUND(I68*N68,2),0) -> 0 | X68: =IF(C68<>0,0,X69+O68) -> 0 | Y68: =IF(C68<>0,X69,0) -> 0 | Z68: =IF(C68<>0,0,Z69+P68) -> 0 | AA68: =IF(C68<>0,Z69,0) -> 0 | AB68: =AB67+1 -> 67 | AC68: =IF(SUM(AG68:AX68)>J68,J68,SUM(AG68:AX68)) -> 0 | AD68: =IF(J68=0,0,IF(AC68>J68,1,AC68/J68)) -> 0 | AF68: =IFERROR(IF(C68=0,0,C68),0) -> 0
A69: =IF(LEN(F69)>3,"x",IF(N69<0,"x","")) | C69: =MEDIÇÃO_GLOBAL!C69 -> 0 | D69: =MEDIÇÃO_GLOBAL!D69 -> 0 | E69: =MEDIÇÃO_GLOBAL!E69 | F69: =MEDIÇÃO_GLOBAL!F69 -> 0 | G69: =MEDIÇÃO_GLOBAL!G69 -> 0 | H69: =Dados_GLOBAL_Inicial!S69 -> 0 | J69: =SUM(H69:I69) -> 0 | K69: =AD69 -> 0 | L69: =IF(total=0,0,ROUND(P69/total,4)) -> 0 | M69: =IF(J69=0,0,IF(K69>100%,"excesso",IF(ISNUMBER(K69),ROUND(K69*L69,4),IF(K69="<excesso",ROUND(100%*L69,4),0)))) -> 0 | N69: =IF(IFERROR(VALUE(MEDIÇÃO_GLOBAL!N69),0)=0,0,MEDIÇÃO_GLOBAL!N69) -> 0 | O69: =IF(K69>100%,P69,IF(ISBLANK(J69),0,IF((V69)="c",ROUNDUP(K69*P69,2),IF((V69)="b",ROUNDDOWN(K69*P69,2),ROUND(K69*P69,2))))) -> 0 | P69: =IF(Dados_Obra!$H$37=1,Dados_GLOBAL_Inicial!M69,IF((W69)="c",ROUNDUP(J69*N69,2),IF((W69)="b",ROUNDDOWN(J69*N69,2),ROUND(J69*N69,2)))) -> 0 | Q69: =P69-O69 -> 0 | S69: =IF(I69>0,ROUND(I69*N69,2),0) -> 0 | T69: =IF(I69<0,ROUND(I69*N69,2),0) -> 0 | X69: =IF(C69<>0,0,X70+O69) -> 0 | Y69: =IF(C69<>0,X70,0) -> 0 | Z69: =IF(C69<>0,0,Z70+P69) -> 0 | AA69: =IF(C69<>0,Z70,0) -> 0 | AB69: =AB68+1 -> 68 | AC69: =IF(SUM(AG69:AX69)>J69,J69,SUM(AG69:AX69)) -> 0 | AD69: =IF(J69=0,0,IF(AC69>J69,1,AC69/J69)) -> 0 | AF69: =IFERROR(IF(C69=0,0,C69),0) -> 0
A70: =IF(LEN(F70)>3,"x",IF(N70<0,"x","")) | C70: =MEDIÇÃO_GLOBAL!C70 -> 0 | D70: =MEDIÇÃO_GLOBAL!D70 -> 0 | E70: =MEDIÇÃO_GLOBAL!E70 | F70: =MEDIÇÃO_GLOBAL!F70 -> 0 | G70: =MEDIÇÃO_GLOBAL!G70 -> 0 | H70: =Dados_GLOBAL_Inicial!S70 -> 0 | J70: =SUM(H70:I70) -> 0 | K70: =AD70 -> 0 | L70: =IF(total=0,0,ROUND(P70/total,4)) -> 0 | M70: =IF(J70=0,0,IF(K70>100%,"excesso",IF(ISNUMBER(K70),ROUND(K70*L70,4),IF(K70="<excesso",ROUND(100%*L70,4),0)))) -> 0 | N70: =IF(IFERROR(VALUE(MEDIÇÃO_GLOBAL!N70),0)=0,0,MEDIÇÃO_GLOBAL!N70) -> 0 | O70: =IF(K70>100%,P70,IF(ISBLANK(J70),0,IF((V70)="c",ROUNDUP(K70*P70,2),IF((V70)="b",ROUNDDOWN(K70*P70,2),ROUND(K70*P70,2))))) -> 0 | P70: =IF(Dados_Obra!$H$37=1,Dados_GLOBAL_Inicial!M70,IF((W70)="c",ROUNDUP(J70*N70,2),IF((W70)="b",ROUNDDOWN(J70*N70,2),ROUND(J70*N70,2)))) -> 0 | Q70: =P70-O70 -> 0 | S70: =IF(I70>0,ROUND(I70*N70,2),0) -> 0 | T70: =IF(I70<0,ROUND(I70*N70,2),0) -> 0 | X70: =IF(C70<>0,0,X71+O70) -> 0 | Y70: =IF(C70<>0,X71,0) -> 0 | Z70: =IF(C70<>0,0,Z71+P70) -> 0 | AA70: =IF(C70<>0,Z71,0) -> 0 | AB70: =AB69+1 -> 69 | AC70: =IF(SUM(AG70:AX70)>J70,J70,SUM(AG70:AX70)) -> 0 | AD70: =IF(J70=0,0,IF(AC70>J70,1,AC70/J70)) -> 0 | AF70: =IFERROR(IF(C70=0,0,C70),0) -> 0
A71: =IF(LEN(F71)>3,"x",IF(N71<0,"x","")) | C71: =MEDIÇÃO_GLOBAL!C71 -> 0 | D71: =MEDIÇÃO_GLOBAL!D71 -> 0 | E71: =MEDIÇÃO_GLOBAL!E71 | F71: =MEDIÇÃO_GLOBAL!F71 -> 0 | G71: =MEDIÇÃO_GLOBAL!G71 -> 0 | H71: =Dados_GLOBAL_Inicial!S71 -> 0 | J71: =SUM(H71:I71) -> 0 | K71: =AD71 -> 0 | L71: =IF(total=0,0,ROUND(P71/total,4)) -> 0 | M71: =IF(J71=0,0,IF(K71>100%,"excesso",IF(ISNUMBER(K71),ROUND(K71*L71,4),IF(K71="<excesso",ROUND(100%*L71,4),0)))) -> 0 | N71: =IF(IFERROR(VALUE(MEDIÇÃO_GLOBAL!N71),0)=0,0,MEDIÇÃO_GLOBAL!N71) -> 0 | O71: =IF(K71>100%,P71,IF(ISBLANK(J71),0,IF((V71)="c",ROUNDUP(K71*P71,2),IF((V71)="b",ROUNDDOWN(K71*P71,2),ROUND(K71*P71,2))))) -> 0 | P71: =IF(Dados_Obra!$H$37=1,Dados_GLOBAL_Inicial!M71,IF((W71)="c",ROUNDUP(J71*N71,2),IF((W71)="b",ROUNDDOWN(J71*N71,2),ROUND(J71*N71,2)))) -> 0 | Q71: =P71-O71 -> 0 | S71: =IF(I71>0,ROUND(I71*N71,2),0) -> 0 | T71: =IF(I71<0,ROUND(I71*N71,2),0) -> 0 | X71: =IF(C71<>0,0,X72+O71) -> 0 | Y71: =IF(C71<>0,X72,0) -> 0 | Z71: =IF(C71<>0,0,Z72+P71) -> 0 | AA71: =IF(C71<>0,Z72,0) -> 0 | AB71: =AB70+1 -> 70 | AC71: =IF(SUM(AG71:AX71)>J71,J71,SUM(AG71:AX71)) -> 0 | AD71: =IF(J71=0,0,IF(AC71>J71,1,AC71/J71)) -> 0 | AF71: =IFERROR(IF(C71=0,0,C71),0) -> 0
A72: =IF(LEN(F72)>3,"x",IF(N72<0,"x","")) | C72: =MEDIÇÃO_GLOBAL!C72 -> 0 | D72: =MEDIÇÃO_GLOBAL!D72 -> 0 | E72: =MEDIÇÃO_GLOBAL!E72 | F72: =MEDIÇÃO_GLOBAL!F72 -> 0 | G72: =MEDIÇÃO_GLOBAL!G72 -> 0 | H72: =Dados_GLOBAL_Inicial!S72 -> 0 | J72: =SUM(H72:I72) -> 0 | K72: =AD72 -> 0 | L72: =IF(total=0,0,ROUND(P72/total,4)) -> 0 | M72: =IF(J72=0,0,IF(K72>100%,"excesso",IF(ISNUMBER(K72),ROUND(K72*L72,4),IF(K72="<excesso",ROUND(100%*L72,4),0)))) -> 0 | N72: =IF(IFERROR(VALUE(MEDIÇÃO_GLOBAL!N72),0)=0,0,MEDIÇÃO_GLOBAL!N72) -> 0 | O72: =IF(K72>100%,P72,IF(ISBLANK(J72),0,IF((V72)="c",ROUNDUP(K72*P72,2),IF((V72)="b",ROUNDDOWN(K72*P72,2),ROUND(K72*P72,2))))) -> 0 | P72: =IF(Dados_Obra!$H$37=1,Dados_GLOBAL_Inicial!M72,IF((W72)="c",ROUNDUP(J72*N72,2),IF((W72)="b",ROUNDDOWN(J72*N72,2),ROUND(J72*N72,2)))) -> 0 | Q72: =P72-O72 -> 0 | S72: =IF(I72>0,ROUND(I72*N72,2),0) -> 0 | T72: =IF(I72<0,ROUND(I72*N72,2),0) -> 0 | X72: =IF(C72<>0,0,X73+O72) -> 0 | Y72: =IF(C72<>0,X73,0) -> 0 | Z72: =IF(C72<>0,0,Z73+P72) -> 0 | AA72: =IF(C72<>0,Z73,0) -> 0 | AB72: =AB71+1 -> 71 | AC72: =IF(SUM(AG72:AX72)>J72,J72,SUM(AG72:AX72)) -> 0 | AD72: =IF(J72=0,0,IF(AC72>J72,1,AC72/J72)) -> 0 | AF72: =IFERROR(IF(C72=0,0,C72),0) -> 0
A73: =IF(LEN(F73)>3,"x",IF(N73<0,"x","")) | C73: =MEDIÇÃO_GLOBAL!C73 -> 0 | D73: =MEDIÇÃO_GLOBAL!D73 -> 0 | E73: =MEDIÇÃO_GLOBAL!E73 | F73: =MEDIÇÃO_GLOBAL!F73 -> 0 | G73: =MEDIÇÃO_GLOBAL!G73 -> 0 | H73: =Dados_GLOBAL_Inicial!S73 -> 0 | J73: =SUM(H73:I73) -> 0 | K73: =AD73 -> 0 | L73: =IF(total=0,0,ROUND(P73/total,4)) -> 0 | M73: =IF(J73=0,0,IF(K73>100%,"excesso",IF(ISNUMBER(K73),ROUND(K73*L73,4),IF(K73="<excesso",ROUND(100%*L73,4),0)))) -> 0 | N73: =IF(IFERROR(VALUE(MEDIÇÃO_GLOBAL!N73),0)=0,0,MEDIÇÃO_GLOBAL!N73) -> 0 | O73: =IF(K73>100%,P73,IF(ISBLANK(J73),0,IF((V73)="c",ROUNDUP(K73*P73,2),IF((V73)="b",ROUNDDOWN(K73*P73,2),ROUND(K73*P73,2))))) -> 0 | P73: =IF(Dados_Obra!$H$37=1,Dados_GLOBAL_Inicial!M73,IF((W73)="c",ROUNDUP(J73*N73,2),IF((W73)="b",ROUNDDOWN(J73*N73,2),ROUND(J73*N73,2)))) -> 0 | Q73: =P73-O73 -> 0 | S73: =IF(I73>0,ROUND(I73*N73,2),0) -> 0 | T73: =IF(I73<0,ROUND(I73*N73,2),0) -> 0 | X73: =IF(C73<>0,0,X74+O73) -> 0 | Y73: =IF(C73<>0,X74,0) -> 0 | Z73: =IF(C73<>0,0,Z74+P73) -> 0 | AA73: =IF(C73<>0,Z74,0) -> 0 | AB73: =AB72+1 -> 72 | AC73: =IF(SUM(AG73:AX73)>J73,J73,SUM(AG73:AX73)) -> 0 | AD73: =IF(J73=0,0,IF(AC73>J73,1,AC73/J73)) -> 0 | AF73: =IFERROR(IF(C73=0,0,C73),0) -> 0
A74: =IF(LEN(F74)>3,"x",IF(N74<0,"x","")) | C74: =MEDIÇÃO_GLOBAL!C74 -> 0 | D74: =MEDIÇÃO_GLOBAL!D74 -> 0 | E74: =MEDIÇÃO_GLOBAL!E74 | F74: =MEDIÇÃO_GLOBAL!F74 -> 0 | G74: =MEDIÇÃO_GLOBAL!G74 -> 0 | H74: =Dados_GLOBAL_Inicial!S74 -> 0 | J74: =SUM(H74:I74) -> 0 | K74: =AD74 -> 0 | L74: =IF(total=0,0,ROUND(P74/total,4)) -> 0 | M74: =IF(J74=0,0,IF(K74>100%,"excesso",IF(ISNUMBER(K74),ROUND(K74*L74,4),IF(K74="<excesso",ROUND(100%*L74,4),0)))) -> 0 | N74: =IF(IFERROR(VALUE(MEDIÇÃO_GLOBAL!N74),0)=0,0,MEDIÇÃO_GLOBAL!N74) -> 0 | O74: =IF(K74>100%,P74,IF(ISBLANK(J74),0,IF((V74)="c",ROUNDUP(K74*P74,2),IF((V74)="b",ROUNDDOWN(K74*P74,2),ROUND(K74*P74,2))))) -> 0 | P74: =IF(Dados_Obra!$H$37=1,Dados_GLOBAL_Inicial!M74,IF((W74)="c",ROUNDUP(J74*N74,2),IF((W74)="b",ROUNDDOWN(J74*N74,2),ROUND(J74*N74,2)))) -> 0 | Q74: =P74-O74 -> 0 | S74: =IF(I74>0,ROUND(I74*N74,2),0) -> 0 | T74: =IF(I74<0,ROUND(I74*N74,2),0) -> 0 | X74: =IF(C74<>0,0,X75+O74) -> 0 | Y74: =IF(C74<>0,X75,0) -> 0 | Z74: =IF(C74<>0,0,Z75+P74) -> 0 | AA74: =IF(C74<>0,Z75,0) -> 0 | AB74: =AB73+1 -> 73 | AC74: =IF(SUM(AG74:AX74)>J74,J74,SUM(AG74:AX74)) -> 0 | AD74: =IF(J74=0,0,IF(AC74>J74,1,AC74/J74)) -> 0 | AF74: =IFERROR(IF(C74=0,0,C74),0) -> 0
A75: =IF(LEN(F75)>3,"x",IF(N75<0,"x","")) | C75: =MEDIÇÃO_GLOBAL!C75 -> 0 | D75: =MEDIÇÃO_GLOBAL!D75 -> 0 | E75: =MEDIÇÃO_GLOBAL!E75 | F75: =MEDIÇÃO_GLOBAL!F75 -> 0 | G75: =MEDIÇÃO_GLOBAL!G75 -> 0 | H75: =Dados_GLOBAL_Inicial!S75 -> 0 | J75: =SUM(H75:I75) -> 0 | K75: =AD75 -> 0 | L75: =IF(total=0,0,ROUND(P75/total,4)) -> 0 | M75: =IF(J75=0,0,IF(K75>100%,"excesso",IF(ISNUMBER(K75),ROUND(K75*L75,4),IF(K75="<excesso",ROUND(100%*L75,4),0)))) -> 0 | N75: =IF(IFERROR(VALUE(MEDIÇÃO_GLOBAL!N75),0)=0,0,MEDIÇÃO_GLOBAL!N75) -> 0 | O75: =IF(K75>100%,P75,IF(ISBLANK(J75),0,IF((V75)="c",ROUNDUP(K75*P75,2),IF((V75)="b",ROUNDDOWN(K75*P75,2),ROUND(K75*P75,2))))) -> 0 | P75: =IF(Dados_Obra!$H$37=1,Dados_GLOBAL_Inicial!M75,IF((W75)="c",ROUNDUP(J75*N75,2),IF((W75)="b",ROUNDDOWN(J75*N75,2),ROUND(J75*N75,2)))) -> 0 | Q75: =P75-O75 -> 0 | S75: =IF(I75>0,ROUND(I75*N75,2),0) -> 0 | T75: =IF(I75<0,ROUND(I75*N75,2),0) -> 0 | X75: =IF(C75<>0,0,X76+O75) -> 0 | Y75: =IF(C75<>0,X76,0) -> 0 | Z75: =IF(C75<>0,0,Z76+P75) -> 0 | AA75: =IF(C75<>0,Z76,0) -> 0 | AB75: =AB74+1 -> 74 | AC75: =IF(SUM(AG75:AX75)>J75,J75,SUM(AG75:AX75)) -> 0 | AD75: =IF(J75=0,0,IF(AC75>J75,1,AC75/J75)) -> 0 | AF75: =IFERROR(IF(C75=0,0,C75),0) -> 0
A76: =IF(LEN(F76)>3,"x",IF(N76<0,"x","")) | C76: =MEDIÇÃO_GLOBAL!C76 -> 0 | D76: =MEDIÇÃO_GLOBAL!D76 -> 0 | E76: =MEDIÇÃO_GLOBAL!E76 | F76: =MEDIÇÃO_GLOBAL!F76 -> 0 | G76: =MEDIÇÃO_GLOBAL!G76 -> 0 | H76: =Dados_GLOBAL_Inicial!S76 -> 0 | J76: =SUM(H76:I76) -> 0 | K76: =AD76 -> 0 | L76: =IF(total=0,0,ROUND(P76/total,4)) -> 0 | M76: =IF(J76=0,0,IF(K76>100%,"excesso",IF(ISNUMBER(K76),ROUND(K76*L76,4),IF(K76="<excesso",ROUND(100%*L76,4),0)))) -> 0 | N76: =IF(IFERROR(VALUE(MEDIÇÃO_GLOBAL!N76),0)=0,0,MEDIÇÃO_GLOBAL!N76) -> 0 | O76: =IF(K76>100%,P76,IF(ISBLANK(J76),0,IF((V76)="c",ROUNDUP(K76*P76,2),IF((V76)="b",ROUNDDOWN(K76*P76,2),ROUND(K76*P76,2))))) -> 0 | P76: =IF(Dados_Obra!$H$37=1,Dados_GLOBAL_Inicial!M76,IF((W76)="c",ROUNDUP(J76*N76,2),IF((W76)="b",ROUNDDOWN(J76*N76,2),ROUND(J76*N76,2)))) -> 0 | Q76: =P76-O76 -> 0 | S76: =IF(I76>0,ROUND(I76*N76,2),0) -> 0 | T76: =IF(I76<0,ROUND(I76*N76,2),0) -> 0 | X76: =IF(C76<>0,0,X77+O76) -> 0 | Y76: =IF(C76<>0,X77,0) -> 0 | Z76: =IF(C76<>0,0,Z77+P76) -> 0 | AA76: =IF(C76<>0,Z77,0) -> 0 | AB76: =AB75+1 -> 75 | AC76: =IF(SUM(AG76:AX76)>J76,J76,SUM(AG76:AX76)) -> 0 | AD76: =IF(J76=0,0,IF(AC76>J76,1,AC76/J76)) -> 0 | AF76: =IFERROR(IF(C76=0,0,C76),0) -> 0
... A713: =IF(LEN(F713)>3,"x",IF(N713<0,"x","")) | C713: =MEDIÇÃO_GLOBAL!C713 -> 0 | D713: =MEDIÇÃO_GLOBAL!D713 -> 0 | E713: =MEDIÇÃO_GLOBAL!E713 | F713: =MEDIÇÃO_GLOBAL!F713 -> 0 | G713: =MEDIÇÃO_GLOBAL!G713 -> 0 | H713: =Dados_GLOBAL_Inicial!S713 -> 0 | J713: =SUM(H713:I713) -> 0 | K713: =AD713 -> 0 | L713: =IF(total=0,0,ROUND(P713/total,4)) -> 0 | M713: =IF(J713=0,0,IF(K713>100%,"excesso",IF(ISNUMBER(K713),ROUND(K713*L713,4),IF(K713="<excesso",ROUND(100%*L713,4),0)))) -> 0 | N713: =IF(IFERROR(VALUE(MEDIÇÃO_GLOBAL!N713),0)=0,0,MEDIÇÃO_GLOBAL!N713) -> 0 | O713: =IF(K713>100%,P713,IF(ISBLANK(J713),0,IF((V713)="c",ROUNDUP(K713*P713,2),IF((V713)="b",ROUNDDOWN(K713*P713,2),ROUND(K713*P713,2))))) -> 0 | P713: =IF(Dados_Obra!$H$37=1,Dados_GLOBAL_Inicial!M713,IF((W713)="c",ROUNDUP(J713*N713,2),IF((W713)="b",ROUNDDOWN(J713*N713,2),ROUND(J713*N713,2)))) -> 0 | Q713: =P713-O713 -> 0 | S713: =IF(I713>0,ROUND(I713*N713,2),0) -> 0 | T713: =IF(I713<0,ROUND(I713*N713,2),0) -> 0 | X713: =IF(C713<>0,0,X714+O713) -> 0 | Y713: =IF(C713<>0,X714,0) -> 0 | Z713: =IF(C713<>0,0,Z714+P713) -> 0 | AA713: =IF(C713<>0,Z714,0) -> 0 | AB713: =AB712+1 -> 712 | AC713: =IF(SUM(AG713:AX713)>J713,J713,SUM(AG713:AX713)) -> 0 | AD713: =IF(J713=0,0,IF(AC713>J713,1,AC713/J713)) -> 0 | AF713: =IFERROR(IF(C713=0,0,C713),0) -> 0
A714: x | F714: =CONCATENATE("TOTAL: ",$C$9,": ") -> TOTAL: GLOBAL - LOTE 1: | G714: % PREVISTO : | J714: =IF(O714=0,0,RESUMO_GLOBAL!$K$46/RESUMO_GLOBAL!$U$49) -> 0.11753609 | K714: % EXECUTADO : | M714: =IF(O714=0,0,O714/total) -> 0.19803892 | N714: SOMAS | O714: =SUM(O10:O713) -> 841665.4 | P714: =SUM(P10:P713) -> 4250000 | Q714: =SUM(Q10:Q713) -> 3408334.6 | V714: 0 | W714: 0 | Y714: =SUM(Y10:Y713) -> 841665.4 | AA714: =SUM(AA10:AA713) -> 4250000 | AB714: =AB713+1 -> 713
A715: x | I715: 0 | AB715: =AB714+1 -> 714
A716: x | C716: OBSERVAÇÕES : | N716: Valor Total do Contrato: | P716: =IF(Dados_Obra!$H$37=1,Dados_Obra!$M$35,'MEDIÇÃO_OBJETO (1)'!P714) -> 4250000 | AB716: =AB715+1 -> 715
A717: x | N717: Medição Acumulada: | P717: =O714 -> 841665.4 | AB717: =AB716+1 -> 716
A718: x | N718: =IF(Dados_Obra!$H$37=1,"Total Anterior: ","") -> Total Anterior: | P718: =IF(Dados_Obra!$H$37=1,RESUMO_GLOBAL!Q49,0) -> 508166.42
A719: x | N719: =IF(Dados_Obra!$H$37=1,"Valor e % executado desta Medição :","R$ Acumul. e % executado :") -> Valor e % executado desta Medição : | P719: =IF(P717-P718=0,"** ZERADA **",P717-P718) -> 333498.98 | Q719: =IF(P719="** ZERADA **",0,P719/P716) -> 0.078470348
A720: x | C720: RESPONSÁVEIS PELAS INFORMAÇÕES ( Assinaturas/ Carimbos ):
A721: x
A722: x
A723: x

Sheet MEDIÇÃO_GLOBAL
A1: =Dados_GLOBAL_Inicial!$A$1 -> Versão da planilha: 06 de 22/05/2025 - 14:40h | F1: =CONCATENATE("PREFEITURA MUNICIPAL DE ",F4) -> PREFEITURA MUNICIPAL DE SANTA TEREZA DO OESTE | N1: ESTADO DO PARANÁ | DF1: =DE1+1 -> 1 | DG1: =DF1+1 -> 2 | DH1: =DG1+1 -> 3 | DI1: =DH1+1 -> 4 | DJ1: =DI1+1 -> 5 | DK1: =DJ1+1 -> 6 | DL1: =DK1+1 -> 7 | DM1: =DL1+1 -> 8 | ... DX1: =DW1+1 -> 19
N2: REGIONAL | O2: {=VLOOKUP(Dados_Obra!$F$3,PREFEITURAS!$A$1:$K$401,COLUMN(PREFEITURAS!K:K),FALSE)} -> Cascavel | P2: ASSOCIAÇÃO | Q2: {=VLOOKUP(Dados_Obra!$F$3,PREFEITURAS!$A$1:$K$401,COLUMN(PREFEITURAS!J:J),FALSE)} -> Amop | W2: Informar qual foi a última MEDIÇÃO/ETAPA ACUMULADA PAGA?
K3: LICITADO PELA LEI Nº 14.133 / 2021 | L3: Mês | M3: =VLOOKUP(MONTH($Q$3),RESUMO_GLOBAL!$C$89:$D$100,2,FALSE) -> Mar | N3: MEDIÇÃO PARCELA | O3: 2 | P3: DATA | Q3: 46107 | W3: Até quais MEDIÇÕES / ETAPAS a serem PAGAS nesta medição? | Z3: 1
C4: MUNICÍPIO: | F4: =Dados_Obra!B3 -> SANTA TEREZA DO OESTE | J4: CÓDIGO SAM MUNIC.: | K4: =VLOOKUP(Dados_Obra!F3,PREFEITURAS!$A$2:$D$400,4,FALSE) -> 292 | L4: SAM | M4: =Dados_Obra!L4 -> 53 | N4: CONTRATO EMPREITADA: | P4: ORDEM DE SERVIÇO: | S4: Valores do Aditivo | Y4: MEDIÇÃO: | Z4: =IF(O3<>CONCATENATE(LEFT(O3,1),"ª"),CONCATENATE(O3,"ª"),O3) -> 2ª | DF4: =Z2 -> 0 | DG4: Última Etapa PAGA
C5: SUBPROJETO: | F5: =Dados_Obra!F5 -> PAVIMENTAÇÃO DE VIAS URBANAS | L5: Lote | M5: =Dados_Obra!L5 -> 1 | N5: Nº | O5: =Dados_Obra!Q29 -> 256/2025 | P5: Nº | Q5: =Dados_Obra!Q33 -> 0 | S5: Total Aditivo | T5: =S8+T8 -> 0 | Y5: PRAZO DE EXECUÇÃO: | Z5: =Dados_Obra!K29 -> 46136 | BP5: CÁLCULO DOS VALORES FINANCEIROS POR ETAPAS REALIZADO | CK5: CÁLCULO DOS VALORES ACUMULADOS POR ETAPAS | DG5: CÁLCULO DOS VALORES ACUMULADOS DOS GRANDES ITENS POR ETAPAS
C6: FIRMA EMPREITERA: | F6: =Dados_Obra!B23 -> DUBAI CONSTRUÇÕES E PAVIMENTAÇÕES LTDA | J6: CNPJ: | K6: =Dados_Obra!L23 -> 57.902.002/0001-93 | N6: DATA: | O6: =Dados_Obra!Q30 -> 45926 | P6: DATA | Q6: =Dados_Obra!Q34 -> 0 | S6: Acréscimos | T6: Supressões | Y6: PRAZO DE VIGÊNCIA: | Z6: =Dados_Obra!K30 -> 46346 | AF6: 1 | AG6: =AF6+1 -> 2 | AH6: =AG6+1 -> 3 | AI6: =AH6+1 -> 4 | AJ6: =AI6+1 -> 5 | AK6: =AJ6+1 -> 6 | AL6: =AK6+1 -> 7 | AM6: =AL6+1 -> 8 | AN6: =AM6+1 -> 9 | ... AW6: =AV6+1 -> 18 | BO6: TOTAL | BP6: =AF6 -> 1 | BQ6: =AG6 -> 2 | BR6: =AH6 -> 3 | BS6: =AI6 -> 4 | BT6: =AJ6 -> 5 | BU6: =AK6 -> 6 | BV6: =AL6 -> 7 | BW6: =AM6 -> 8 | ... CG6: =AW6 -> 18 | CK6: =BP6 -> 1 | CL6: =BQ6 -> 2 | CM6: =BR6 -> 3 | CN6: =BS6 -> 4 | CO6: =BT6 -> 5 | CP6: =BU6 -> 6 | CQ6: =BV6 -> 7 | CR6: =BW6 -> 8 | ... DB6: =CG6 -> 18 | DE6: 1 | DG6: =CK6 -> 1 | DH6: =CL6 -> 2 | DI6: =CM6 -> 3 | DJ6: =CN6 -> 4 | DK6: =CO6 -> 5 | DL6: =CP6 -> 6 | DM6: =CQ6 -> 7 | DN6: =CR6 -> 8 | ... DX6: =DB6 -> 18
A7: FILTRO | C7: MEDIÇÃO DOS SERVIÇOS | N7: ORÇAMENTO | S7: =IF(MEDIÇÃO_GLOBAL!$P$716=0,0,ROUND(S8/MEDIÇÃO_GLOBAL!$P$716,6)) -> 0 | T7: =IF(MEDIÇÃO_GLOBAL!$P$716=0,0,ROUND(T8/MEDIÇÃO_GLOBAL!$P$716,6)) -> 0 | W7: CONTROLE | AB7: Nº Município | AC7: =Dados_Obra!F3 -> 333 | AF7: MEDIÇÃO DAS QUANTIDADES EXECUTADAS PELA EMPRESA = GLOBAL | BN7: Soma Dif. | BO7: MEDIDO | BP7: =CONCATENATE(BP6,"ª MED") -> 1ª MED | BQ7: =CONCATENATE(BQ6,"ª MED") -> 2ª MED | BR7: =CONCATENATE(BR6,"ª MED") -> 3ª MED | BS7: =CONCATENATE(BS6,"ª MED") -> 4ª MED | BT7: =CONCATENATE(BT6,"ª MED") -> 5ª MED | BU7: =CONCATENATE(BU6,"ª MED") -> 6ª MED | BV7: =CONCATENATE(BV6,"ª MED") -> 7ª MED | BW7: =CONCATENATE(BW6,"ª MED") -> 8ª MED | ... CG7: =CONCATENATE(CG6,"ª MED") -> 18ª MED | CK7: =BP7 -> 1ª MED | CL7: =BQ7 -> 2ª MED | CM7: =BR7 -> 3ª MED | CN7: =BS7 -> 4ª MED | CO7: =BT7 -> 5ª MED | CP7: =BU7 -> 6ª MED | CQ7: =BV7 -> 7ª MED | CR7: =BW7 -> 8ª MED | ... DB7: =CG7 -> 18ª MED | DE7: =DE6+1 -> 2 | DG7: =CK7 -> 1ª MED | DH7: =CL7 -> 2ª MED | DI7: =CM7 -> 3ª MED | DJ7: =CN7 -> 4ª MED | DK7: =CO7 -> 5ª MED | DL7: =CP7 -> 6ª MED | DM7: =CQ7 -> 7ª MED | DN7: =CR7 -> 8ª MED | ... DX7: =DB7 -> 18ª MED | DY7: VALOR
A8: itens do projeto | C8: Nº | D8: CÓDIGO | E8: ORIGEM | F8: DISCRIMINAÇÃO DO SERVIÇOS | G8: Unid | H8: Quantid. Licitada | I8: Diferença | J8: =IF(SUM(I10:I71)<>0,"Quantid. ADITADA","Quantid. LICITADA") -> Quantid. LICITADA | K8: % Exe- cutada | L8: Coef. De Influên. (ABC) | M8: % Total | N8: Custo Unitário | O8: Valor Medido | P8: Total Contrato | Q8: Saldo Contrato | S8: =SUM(S10:S713) -> 0 | T8: =SUM(T10:T713) -> 0 | W8: Ítem - Medição Acumulada | X8: Sub - Totais Medição | Y8: Ítem-Contrato Acumulado | Z8: Sub - Totais Contratuais | AB8: Quantid. Executada Acumulada | AC8: % Executada | AE8: GRANDES ITENS | AF8: =CONCATENATE(AF6,"ª MEDIÇÃO Executada") -> 1ª MEDIÇÃO Executada | AG8: =CONCATENATE(AG6,"ª MEDIÇÃO Executada") -> 2ª MEDIÇÃO Executada | AH8: =CONCATENATE(AH6,"ª MEDIÇÃO Executada") -> 3ª MEDIÇÃO Executada | AI8: =CONCATENATE(AI6,"ª MEDIÇÃO Executada") -> 4ª MEDIÇÃO Executada | AJ8: =CONCATENATE(AJ6,"ª MEDIÇÃO Executada") -> 5ª MEDIÇÃO Executada | AK8: =CONCATENATE(AK6,"ª MEDIÇÃO Executada") -> 6ª MEDIÇÃO Executada | AL8: =CONCATENATE(AL6,"ª MEDIÇÃO Executada") -> 7ª MEDIÇÃO Executada | AM8: =CONCATENATE(AM6,"ª MEDIÇÃO Executada") -> 8ª MEDIÇÃO Executada | ... AW8: =CONCATENATE(AW6,"ª MEDIÇÃO Executada") -> 18ª MEDIÇÃO Executada | BN8: =SUM(BN10:BN714) -> -1447.16 | BO8: =SUM(BO10:BO714) -> 843112.56 | DE8: =DE7+1 -> 3 | DY8: FINAL
A9: x | B9: 0 | C9: =CONCATENATE("GLOBAL - LOTE ",M5) -> GLOBAL - LOTE 1 | W9: =IF(ISBLANK(J9),0,W10+O9) -> 0 | X9: =IF(ISBLANK(J9),W10,0) -> 0 | Y9: =IF(ISBLANK(J9),0,Y10+P9) -> 0 | Z9: =IF(ISBLANK(J9),Y10,0) -> 0 | BP9: Ajustar manualmente quando necessário para chegar nos valores das medições do SAM | DE9: =DE8+1 -> 4
A10: x | B10: =Dados_GLOBAL_Inicial!E10 -> 0 | C10: =IF(IFERROR(VALUE(Dados_GLOBAL_Inicial!F10),0)=0,0,Dados_GLOBAL_Inicial!F10) -> 1 | D10: =Dados_GLOBAL_Inicial!G10 | E10: =IF(IFERROR(VLOOKUP(F10,Cod_Gde_Itens!$A$1:$B$80,2,FALSE),0)>549,IFERROR(VLOOKUP(F10,Cod_Gde_Itens!$A$1:$B$80,2,FALSE),0),IF(Dados_GLOBAL_Inicial!H10=0,"",Dados_GLOBAL_Inicial!H10)) -> 550 | F10: =Dados_GLOBAL_Inicial!I10 -> SERVIÇOS PRELIMINARES | G10: =Dados_GLOBAL_Inicial!J10 | H10: =Dados_GLOBAL_Inicial!K10 | I10: =SUM('MEDIÇÃO_OBJETO (1)'!I10) -> 0 | J10: =SUM(H10:I10) -> 0 | K10: =AC10 -> 0 | L10: =IF(total=0,0,IF((A10)="c",ROUNDUP(P10/total,4),IF((A10)="b",ROUNDDOWN(P10/total,4),ROUND(P10/total,4)))) -> 0 | M10: =IF(J10=0,0,IF(K10>100%,"excesso",IF(ISNUMBER(K10),ROUND(K10*L10,4),IF(K10="<excesso",ROUND(100%*L10,4),0)))) -> 0 | N10: =IF(IFERROR(VALUE(Dados_GLOBAL_Inicial!L10),0)=0,0,Dados_GLOBAL_Inicial!L10) -> 0 | P10: =Dados_GLOBAL_Inicial!M10 -> 0 | Q10: =P10-O10 -> 0 | S10: =SUM('MEDIÇÃO_OBJETO (1)'!S10) -> 0 | T10: =SUM('MEDIÇÃO_OBJETO (1)'!T10) -> 0 | W10: =IF(C10<>0,0,W11+O10) -> 0 | X10: =IF(C10<>0,W11,0) -> 5812.42 | Y10: =IF(C10<>0,0,Y11+P10) -> 0 | Z10: =IF(C10<>0,Y11,0) -> 40363.22 | AB10: =SUM(AF10:AW10) -> 0 | AC10: =IF(J10=0,0,AB10/J10) -> 0 | AE10: =IFERROR(IF(C10=0,0,C10),0) -> 1 | AF10: =SUM('MEDIÇÃO_OBJETO (1)'!AG10) -> 0 | AG10: =SUM('MEDIÇÃO_OBJETO (1)'!AH10) -> 0 | AH10: =SUM('MEDIÇÃO_OBJETO (1)'!AI10) -> 0 | AI10: =SUM('MEDIÇÃO_OBJETO (1)'!AJ10) -> 0 | AJ10: =SUM('MEDIÇÃO_OBJETO (1)'!AK10) -> 0 | AK10: =SUM('MEDIÇÃO_OBJETO (1)'!AL10) -> 0 | AL10: =SUM('MEDIÇÃO_OBJETO (1)'!AM10) -> 0 | AM10: =SUM('MEDIÇÃO_OBJETO (1)'!AN10) -> 0 | ... AW10: =SUM('MEDIÇÃO_OBJETO (1)'!AX10) -> 0 | BO10: =IFERROR(SUM(BP10:CG10),0) -> 0 | BP10: =IF(RESUMO_GLOBAL!$X$53="a",ROUND(AF10*$N10,RESUMO_GLOBAL!$X$54),IF(RESUMO_GLOBAL!$X$53="t",TRUNC(AF10*$N10,RESUMO_GLOBAL!$X$54),AF10*$N10)) -> 0 | BQ10: =IF(RESUMO_GLOBAL!$X$53="a",ROUND(AG10*$N10,RESUMO_GLOBAL!$X$54),IF(RESUMO_GLOBAL!$X$53="t",TRUNC(AG10*$N10,RESUMO_GLOBAL!$X$54),AG10*$N10)) -> 0 | BR10: =IF(RESUMO_GLOBAL!$X$53="a",ROUND(AH10*$N10,RESUMO_GLOBAL!$X$54),IF(RESUMO_GLOBAL!$X$53="t",TRUNC(AH10*$N10,RESUMO_GLOBAL!$X$54),AH10*$N10)) -> 0 | BS10: =IF(RESUMO_GLOBAL!$X$53="a",ROUND(AI10*$N10,RESUMO_GLOBAL!$X$54),IF(RESUMO_GLOBAL!$X$53="t",TRUNC(AI10*$N10,RESUMO_GLOBAL!$X$54),AI10*$N10)) -> 0 | BT10: =IF(RESUMO_GLOBAL!$X$53="a",ROUND(AJ10*$N10,RESUMO_GLOBAL!$X$54),IF(RESUMO_GLOBAL!$X$53="t",TRUNC(AJ10*$N10,RESUMO_GLOBAL!$X$54),AJ10*$N10)) -> 0 | BU10: =IF(RESUMO_GLOBAL!$X$53="a",ROUND(AK10*$N10,RESUMO_GLOBAL!$X$54),IF(RESUMO_GLOBAL!$X$53="t",TRUNC(AK10*$N10,RESUMO_GLOBAL!$X$54),AK10*$N10)) -> 0 | BV10: =IF(RESUMO_GLOBAL!$X$53="a",ROUND(AL10*$N10,RESUMO_GLOBAL!$X$54),IF(RESUMO_GLOBAL!$X$53="t",TRUNC(AL10*$N10,RESUMO_GLOBAL!$X$54),AL10*$N10)) -> 0 | BW10: =IF(RESUMO_GLOBAL!$X$53="a",ROUND(AM10*$N10,RESUMO_GLOBAL!$X$54),IF(RESUMO_GLOBAL!$X$53="t",TRUNC(AM10*$N10,RESUMO_GLOBAL!$X$54),AM10*$N10)) -> 0 | ... CG10: =IF(RESUMO_GLOBAL!$X$53="a",ROUND(AW10*$N10,RESUMO_GLOBAL!$X$54),IF(RESUMO_GLOBAL!$X$53="t",TRUNC(AW10*$N10,RESUMO_GLOBAL!$X$54),AW10*$N10)) -> 0 | CK10: =IF($C10<>0,0,SUM(CK11,BP10)) -> 0 | CL10: =IF($C10<>0,0,SUM(CL11,BQ10)) -> 0 | CM10: =IF($C10<>0,0,SUM(CM11,BR10)) -> 0 | CN10: =IF($C10<>0,0,SUM(CN11,BS10)) -> 0 | CO10: =IF($C10<>0,0,SUM(CO11,BT10)) -> 0 | CP10: =IF($C10<>0,0,SUM(CP11,BU10)) -> 0 | CQ10: =IF($C10<>0,0,SUM(CQ11,BV10)) -> 0 | CR10: =IF($C10<>0,0,SUM(CR11,BW10)) -> 0 | ... DB10: =IF($C10<>0,0,SUM(DB11,CG10)) -> 0 | DE10: =DE9+1 -> 5 | DF10: =IF(C10<>0,C10,"") -> 1 | DG10: =IF($C10<>0,SUM($CK11:CK11),0) -> 2895.34 | DH10: =IF($C10<>0,SUM($CK11:CL11),0) -> 5812.42 | DI10: =IF($C10<>0,SUM($CK11:CM11),0) -> 5812.42 | DJ10: =IF($C10<>0,SUM($CK11:CN11),0) -> 5812.42 | DK10: =IF($C10<>0,SUM($CK11:CO11),0) -> 5812.42 | DL10: =IF($C10<>0,SUM($CK11:CP11),0) -> 5812.42 | DM10: =IF($C10<>0,SUM($CK11:CQ11),0) -> 5812.42 | DN10: =IF($C10<>0,SUM($CK11:CR11),0) -> 5812.42 | ... DX10: =IF($C10<>0,SUM($CK11:DB11),0) -> 5812.42 | DY10: =IF(DX10=0,"",DX10) -> 5812.42
A11: =IF(LEN(F11)>3,"x",IF(N11<0,"x","")) -> x | B11: =Dados_GLOBAL_Inicial!E11 -> 0 | C11: =IF(IFERROR(VALUE(Dados_GLOBAL_Inicial!F11),0)=0,0,Dados_GLOBAL_Inicial!F11) -> 0 | D11: =Dados_GLOBAL_Inicial!G11 -> 00051 | E11: =IF(IFERROR(VLOOKUP(F11,Cod_Gde_Itens!$A$1:$B$80,2,FALSE),0)>549,IFERROR(VLOOKUP(F11,Cod_Gde_Itens!$A$1:$B$80,2,FALSE),0),IF(Dados_GLOBAL_Inicial!H11=0,"",Dados_GLOBAL_Inicial!H11)) -> ORSE | F11: =Dados_GLOBAL_Inicial!I11 -> PLACA DE OBRA 4,00 X 2,00 M, EM CHAPA DE ACO GALVANIZADO, INCLUSIVE ARMAÇÃO EM MADEIRA E PONTALETES | G11: =Dados_GLOBAL_Inicial!J11 -> un | H11: =Dados_GLOBAL_Inicial!K11 -> 4 | I11: =SUM('MEDIÇÃO_OBJETO (1)'!I11) -> 0 | J11: =SUM(H11:I11) -> 4 | K11: =AC11 -> 0.25 | L11: =IF(total=0,0,IF((A11)="c",ROUNDUP(P11/total,4),IF((A11)="b",ROUNDDOWN(P11/total,4),ROUND(P11/total,4)))) -> 0.0027 | M11: =IF(J11=0,0,IF(K11>100%,"excesso",IF(ISNUMBER(K11),ROUND(K11*L11,4),IF(K11="<excesso",ROUND(100%*L11,4),0)))) -> 0.0007 | N11: =IF(IFERROR(VALUE(Dados_GLOBAL_Inicial!L11),0)=0,0,Dados_GLOBAL_Inicial!L11) -> 2895.34 | O11: =SUM('MEDIÇÃO_OBJETO (1)'!O11) -> 2895.34 | P11: =SUM('MEDIÇÃO_OBJETO (1)'!P11) -> 11581.36 | Q11: =P11-O11 -> 8686.02 | S11: =SUM('MEDIÇÃO_OBJETO (1)'!S11) -> 0 | T11: =SUM('MEDIÇÃO_OBJETO (1)'!T11) -> 0 | W11: =IF(C11<>0,0,W12+O11) -> 5812.42 | X11: =IF(C11<>0,W12,0) -> 0 | Y11: =IF(C11<>0,0,Y12+P11) -> 40363.22 | Z11: =IF(C11<>0,Y12,0) -> 0 | AB11: =SUM(AF11:AW11) -> 1 | AC11: =IF(J11=0,0,AB11/J11) -> 0.25 | AE11: =IFERROR(IF(C11=0,0,C11),0) -> 0 | AF11: =SUM('MEDIÇÃO_OBJETO (1)'!AG11) -> 1 | AG11: =SUM('MEDIÇÃO_OBJETO (1)'!AH11) -> 0 | AH11: =SUM('MEDIÇÃO_OBJETO (1)'!AI11) -> 0 | AI11: =SUM('MEDIÇÃO_OBJETO (1)'!AJ11) -> 0 | AJ11: =SUM('MEDIÇÃO_OBJETO (1)'!AK11) -> 0 | AK11: =SUM('MEDIÇÃO_OBJETO (1)'!AL11) -> 0 | AL11: =SUM('MEDIÇÃO_OBJETO (1)'!AM11) -> 0 | AM11: =SUM('MEDIÇÃO_OBJETO (1)'!AN11) -> 0 | ... AW11: =SUM('MEDIÇÃO_OBJETO (1)'!AX11) -> 0 | BN11: =O11-BO11 -> 0 | BO11: =IFERROR(SUM(BP11:CG11),0) -> 2895.34 | BP11: =IF(RESUMO_GLOBAL!$X$53="a",ROUND(AF11*$N11,RESUMO_GLOBAL!$X$54),IF(RESUMO_GLOBAL!$X$53="t",TRUNC(AF11*$N11,RESUMO_GLOBAL!$X$54),AF11*$N11)) -> 2895.34 | BQ11: =IF(RESUMO_GLOBAL!$X$53="a",ROUND(AG11*$N11,RESUMO_GLOBAL!$X$54),IF(RESUMO_GLOBAL!$X$53="t",TRUNC(AG11*$N11,RESUMO_GLOBAL!$X$54),AG11*$N11)) -> 0 | BR11: =IF(RESUMO_GLOBAL!$X$53="a",ROUND(AH11*$N11,RESUMO_GLOBAL!$X$54),IF(RESUMO_GLOBAL!$X$53="t",TRUNC(AH11*$N11,RESUMO_GLOBAL!$X$54),AH11*$N11)) -> 0 | BS11: =IF(RESUMO_GLOBAL!$X$53="a",ROUND(AI11*$N11,RESUMO_GLOBAL!$X$54),IF(RESUMO_GLOBAL!$X$53="t",TRUNC(AI11*$N11,RESUMO_GLOBAL!$X$54),AI11*$N11)) -> 0 | BT11: =IF(RESUMO_GLOBAL!$X$53="a",ROUND(AJ11*$N11,RESUMO_GLOBAL!$X$54),IF(RESUMO_GLOBAL!$X$53="t",TRUNC(AJ11*$N11,RESUMO_GLOBAL!$X$54),AJ11*$N11)) -> 0 | BU11: =IF(RESUMO_GLOBAL!$X$53="a",ROUND(AK11*$N11,RESUMO_GLOBAL!$X$54),IF(RESUMO_GLOBAL!$X$53="t",TRUNC(AK11*$N11,RESUMO_GLOBAL!$X$54),AK11*$N11)) -> 0 | BV11: =IF(RESUMO_GLOBAL!$X$53="a",ROUND(AL11*$N11,RESUMO_GLOBAL!$X$54),IF(RESUMO_GLOBAL!$X$53="t",TRUNC(AL11*$N11,RESUMO_GLOBAL!$X$54),AL11*$N11)) -> 0 | BW11: =IF(RESUMO_GLOBAL!$X$53="a",ROUND(AM11*$N11,RESUMO_GLOBAL!$X$54),IF(RESUMO_GLOBAL!$X$53="t",TRUNC(AM11*$N11,RESUMO_GLOBAL!$X$54),AM11*$N11)) -> 0 | ... CG11: =IF(RESUMO_GLOBAL!$X$53="a",ROUND(AW11*$N11,RESUMO_GLOBAL!$X$54),IF(RESUMO_GLOBAL!$X$53="t",TRUNC(AW11*$N11,RESUMO_GLOBAL!$X$54),AW11*$N11)) -> 0 | CK11: =IF($C11<>0,0,SUM(CK12,BP11)) -> 2895.34 | CL11: =IF($C11<>0,0,SUM(CL12,BQ11)) -> 2917.08 | CM11: =IF($C11<>0,0,SUM(CM12,BR11)) -> 0 | CN11: =IF($C11<>0,0,SUM(CN12,BS11)) -> 0 | CO11: =IF($C11<>0,0,SUM(CO12,BT11)) -> 0 | CP11: =IF($C11<>0,0,SUM(CP12,BU11)) -> 0 | CQ11: =IF($C11<>0,0,SUM(CQ12,BV11)) -> 0 | CR11: =IF($C11<>0,0,SUM(CR12,BW11)) -> 0 | ... DB11: =IF($C11<>0,0,SUM(DB12,CG11)) -> 0 | DE11: =DE10+1 -> 6 | DF11: =IF(C11<>0,C11,"") | DG11: =IF($C11<>0,SUM($CK12:CK12),0) -> 0 | DH11: =IF($C11<>0,SUM($CK12:CL12),0) -> 0 | DI11: =IF($C11<>0,SUM($CK12:CM12),0) -> 0 | DJ11: =IF($C11<>0,SUM($CK12:CN12),0) -> 0 | DK11: =IF($C11<>0,SUM($CK12:CO12),0) -> 0 | DL11: =IF($C11<>0,SUM($CK12:CP12),0) -> 0 | DM11: =IF($C11<>0,SUM($CK12:CQ12),0) -> 0 | DN11: =IF($C11<>0,SUM($CK12:CR12),0) -> 0 | ... DX11: =IF($C11<>0,SUM($CK12:DB12),0) -> 0 | DY11: =IF(DX11=0,"",DX11)
A12: =IF(LEN(F12)>3,"x",IF(N12<0,"x","")) -> x | B12: =Dados_GLOBAL_Inicial!E12 -> 0 | C12: =IF(IFERROR(VALUE(Dados_GLOBAL_Inicial!F12),0)=0,0,Dados_GLOBAL_Inicial!F12) -> 0 | D12: =Dados_GLOBAL_Inicial!G12 -> COMP 001 | E12: =IF(IFERROR(VLOOKUP(F12,Cod_Gde_Itens!$A$1:$B$80,2,FALSE),0)>549,IFERROR(VLOOKUP(F12,Cod_Gde_Itens!$A$1:$B$80,2,FALSE),0),IF(Dados_GLOBAL_Inicial!H12=0,"",Dados_GLOBAL_Inicial!H12)) -> PM_292 | F12: =Dados_GLOBAL_Inicial!I12 -> Transporde e destinação de resíduos Classe A com caminhão basculante - DTM 30 KM | G12: =Dados_GLOBAL_Inicial!J12 -> m3 | H12: =Dados_GLOBAL_Inicial!K12 -> 266.4 | I12: =SUM('MEDIÇÃO_OBJETO (1)'!I12) -> 0 | J12: =SUM(H12:I12) -> 266.4 | K12: =AC12 -> 0.10135135 | L12: =IF(total=0,0,IF((A12)="c",ROUNDUP(P12/total,4),IF((A12)="b",ROUNDDOWN(P12/total,4),ROUND(P12/total,4)))) -> 0.0068 | M12: =IF(J12=0,0,IF(K12>100%,"excesso",IF(ISNUMBER(K12),ROUND(K12*L12,4),IF(K12="<excesso",ROUND(100%*L12,4),0)))) -> 0.0007 | N12: =IF(IFERROR(VALUE(Dados_GLOBAL_Inicial!L12),0)=0,0,Dados_GLOBAL_Inicial!L12) -> 108.04 | O12: =SUM('MEDIÇÃO_OBJETO (1)'!O12) -> 2917.08 | P12: =SUM('MEDIÇÃO_OBJETO (1)'!P12) -> 28781.86 | Q12: =P12-O12 -> 25864.78 | S12: =SUM('MEDIÇÃO_OBJETO (1)'!S12) -> 0 | T12: =SUM('MEDIÇÃO_OBJETO (1)'!T12) -> 0 | W12: =IF(C12<>0,0,W13+O12) -> 2917.08 | X12: =IF(C12<>0,W13,0) -> 0 | Y12: =IF(C12<>0,0,Y13+P12) -> 28781.86 | Z12: =IF(C12<>0,Y13,0) -> 0 | AB12: =SUM(AF12:AW12) -> 27 | AC12: =IF(J12=0,0,AB12/J12) -> 0.10135135 | AE12: =IFERROR(IF(C12=0,0,C12),0) -> 0 | AF12: =SUM('MEDIÇÃO_OBJETO (1)'!AG12) -> 0 | AG12: =SUM('MEDIÇÃO_OBJETO (1)'!AH12) -> 27 | AH12: =SUM('MEDIÇÃO_OBJETO (1)'!AI12) -> 0 | AI12: =SUM('MEDIÇÃO_OBJETO (1)'!AJ12) -> 0 | AJ12: =SUM('MEDIÇÃO_OBJETO (1)'!AK12) -> 0 | AK12: =SUM('MEDIÇÃO_OBJETO (1)'!AL12) -> 0 | AL12: =SUM('MEDIÇÃO_OBJETO (1)'!AM12) -> 0 | AM12: =SUM('MEDIÇÃO_OBJETO (1)'!AN12) -> 0 | ... AW12: =SUM('MEDIÇÃO_OBJETO (1)'!AX12) -> 0 | BN12: =O12-BO12 -> 0 | BO12: =IFERROR(SUM(BP12:CG12),0) -> 2917.08 | BP12: =IF(RESUMO_GLOBAL!$X$53="a",ROUND(AF12*$N12,RESUMO_GLOBAL!$X$54),IF(RESUMO_GLOBAL!$X$53="t",TRUNC(AF12*$N12,RESUMO_GLOBAL!$X$54),AF12*$N12)) -> 0 | BQ12: =IF(RESUMO_GLOBAL!$X$53="a",ROUND(AG12*$N12,RESUMO_GLOBAL!$X$54),IF(RESUMO_GLOBAL!$X$53="t",TRUNC(AG12*$N12,RESUMO_GLOBAL!$X$54),AG12*$N12)) -> 2917.08 | BR12: =IF(RESUMO_GLOBAL!$X$53="a",ROUND(AH12*$N12,RESUMO_GLOBAL!$X$54),IF(RESUMO_GLOBAL!$X$53="t",TRUNC(AH12*$N12,RESUMO_GLOBAL!$X$54),AH12*$N12)) -> 0 | BS12: =IF(RESUMO_GLOBAL!$X$53="a",ROUND(AI12*$N12,RESUMO_GLOBAL!$X$54),IF(RESUMO_GLOBAL!$X$53="t",TRUNC(AI12*$N12,RESUMO_GLOBAL!$X$54),AI12*$N12)) -> 0 | BT12: =IF(RESUMO_GLOBAL!$X$53="a",ROUND(AJ12*$N12,RESUMO_GLOBAL!$X$54),IF(RESUMO_GLOBAL!$X$53="t",TRUNC(AJ12*$N12,RESUMO_GLOBAL!$X$54),AJ12*$N12)) -> 0 | BU12: =IF(RESUMO_GLOBAL!$X$53="a",ROUND(AK12*$N12,RESUMO_GLOBAL!$X$54),IF(RESUMO_GLOBAL!$X$53="t",TRUNC(AK12*$N12,RESUMO_GLOBAL!$X$54),AK12*$N12)) -> 0 | BV12: =IF(RESUMO_GLOBAL!$X$53="a",ROUND(AL12*$N12,RESUMO_GLOBAL!$X$54),IF(RESUMO_GLOBAL!$X$53="t",TRUNC(AL12*$N12,RESUMO_GLOBAL!$X$54),AL12*$N12)) -> 0 | BW12: =IF(RESUMO_GLOBAL!$X$53="a",ROUND(AM12*$N12,RESUMO_GLOBAL!$X$54),IF(RESUMO_GLOBAL!$X$53="t",TRUNC(AM12*$N12,RESUMO_GLOBAL!$X$54),AM12*$N12)) -> 0 | ... CG12: =IF(RESUMO_GLOBAL!$X$53="a",ROUND(AW12*$N12,RESUMO_GLOBAL!$X$54),IF(RESUMO_GLOBAL!$X$53="t",TRUNC(AW12*$N12,RESUMO_GLOBAL!$X$54),AW12*$N12)) -> 0 | CK12: =IF($C12<>0,0,SUM(CK13,BP12)) -> 0 | CL12: =IF($C12<>0,0,SUM(CL13,BQ12)) -> 2917.08 | CM12: =IF($C12<>0,0,SUM(CM13,BR12)) -> 0 | CN12: =IF($C12<>0,0,SUM(CN13,BS12)) -> 0 | CO12: =IF($C12<>0,0,SUM(CO13,BT12)) -> 0 | CP12: =IF($C12<>0,0,SUM(CP13,BU12)) -> 0 | CQ12: =IF($C12<>0,0,SUM(CQ13,BV12)) -> 0 | CR12: =IF($C12<>0,0,SUM(CR13,BW12)) -> 0 | ... DB12: =IF($C12<>0,0,SUM(DB13,CG12)) -> 0 | DE12: =DE11+1 -> 7 | DF12: =IF(C12<>0,C12,"") | DG12: =IF($C12<>0,SUM($CK13:CK13),0) -> 0 | DH12: =IF($C12<>0,SUM($CK13:CL13),0) -> 0 | DI12: =IF($C12<>0,SUM($CK13:CM13),0) -> 0 | DJ12: =IF($C12<>0,SUM($CK13:CN13),0) -> 0 | DK12: =IF($C12<>0,SUM($CK13:CO13),0) -> 0 | DL12: =IF($C12<>0,SUM($CK13:CP13),0) -> 0 | DM12: =IF($C12<>0,SUM($CK13:CQ13),0) -> 0 | DN12: =IF($C12<>0,SUM($CK13:CR13),0) -> 0 | ... DX12: =IF($C12<>0,SUM($CK13:DB13),0) -> 0 | DY12: =IF(DX12=0,"",DX12)
A13: =IF(LEN(F13)>3,"x",IF(N13<0,"x","")) -> x | B13: =Dados_GLOBAL_Inicial!E13 -> 0 | C13: =IF(IFERROR(VALUE(Dados_GLOBAL_Inicial!F13),0)=0,0,Dados_GLOBAL_Inicial!F13) -> 2 | D13: =Dados_GLOBAL_Inicial!G13 | E13: =IF(IFERROR(VLOOKUP(F13,Cod_Gde_Itens!$A$1:$B$80,2,FALSE),0)>549,IFERROR(VLOOKUP(F13,Cod_Gde_Itens!$A$1:$B$80,2,FALSE),0),IF(Dados_GLOBAL_Inicial!H13=0,"",Dados_GLOBAL_Inicial!H13)) -> 554 | F13: =Dados_GLOBAL_Inicial!I13 -> TERRAPLENAGEM | G13: =Dados_GLOBAL_Inicial!J13 | H13: =Dados_GLOBAL_Inicial!K13 | I13: =SUM('MEDIÇÃO_OBJETO (1)'!I13) -> 0 | J13: =SUM(H13:I13) -> 0 | K13: =AC13 -> 0 | L13: =IF(total=0,0,IF((A13)="c",ROUNDUP(P13/total,4),IF((A13)="b",ROUNDDOWN(P13/total,4),ROUND(P13/total,4)))) -> 0 | M13: =IF(J13=0,0,IF(K13>100%,"excesso",IF(ISNUMBER(K13),ROUND(K13*L13,4),IF(K13="<excesso",ROUND(100%*L13,4),0)))) -> 0 | N13: =IF(IFERROR(VALUE(Dados_GLOBAL_Inicial!L13),0)=0,0,Dados_GLOBAL_Inicial!L13) -> 0 | O13: =SUM('MEDIÇÃO_OBJETO (1)'!O13) -> 0 | P13: =SUM('MEDIÇÃO_OBJETO (1)'!P13) -> 0 | Q13: =P13-O13 -> 0 | S13: =SUM('MEDIÇÃO_OBJETO (1)'!S13) -> 0 | T13: =SUM('MEDIÇÃO_OBJETO (1)'!T13) -> 0 | W13: =IF(C13<>0,0,W14+O13) -> 0 | X13: =IF(C13<>0,W14,0) -> 77422.17 | Y13: =IF(C13<>0,0,Y14+P13) -> 0 | Z13: =IF(C13<>0,Y14,0) -> 130561.95 | AB13: =SUM(AF13:AW13) -> 0 | AC13: =IF(J13=0,0,AB13/J13) -> 0 | AE13: =IFERROR(IF(C13=0,0,C13),0) -> 2 | AF13: =SUM('MEDIÇÃO_OBJETO (1)'!AG13) -> 0 | AG13: =SUM('MEDIÇÃO_OBJETO (1)'!AH13) -> 0 | AH13: =SUM('MEDIÇÃO_OBJETO (1)'!AI13) -> 0 | AI13: =SUM('MEDIÇÃO_OBJETO (1)'!AJ13) -> 0 | AJ13: =SUM('MEDIÇÃO_OBJETO (1)'!AK13) -> 0 | AK13: =SUM('MEDIÇÃO_OBJETO (1)'!AL13) -> 0 | AL13: =SUM('MEDIÇÃO_OBJETO (1)'!AM13) -> 0 | AM13: =SUM('MEDIÇÃO_OBJETO (1)'!AN13) -> 0 | ... AW13: =SUM('MEDIÇÃO_OBJETO (1)'!AX13) -> 0 | BN13: =O13-BO13 -> 0 | BO13: =IFERROR(SUM(BP13:CG13),0) -> 0 | BP13: =IF(RESUMO_GLOBAL!$X$53="a",ROUND(AF13*$N13,RESUMO_GLOBAL!$X$54),IF(RESUMO_GLOBAL!$X$53="t",TRUNC(AF13*$N13,RESUMO_GLOBAL!$X$54),AF13*$N13)) -> 0 | BQ13: =IF(RESUMO_GLOBAL!$X$53="a",ROUND(AG13*$N13,RESUMO_GLOBAL!$X$54),IF(RESUMO_GLOBAL!$X$53="t",TRUNC(AG13*$N13,RESUMO_GLOBAL!$X$54),AG13*$N13)) -> 0 | BR13: =IF(RESUMO_GLOBAL!$X$53="a",ROUND(AH13*$N13,RESUMO_GLOBAL!$X$54),IF(RESUMO_GLOBAL!$X$53="t",TRUNC(AH13*$N13,RESUMO_GLOBAL!$X$54),AH13*$N13)) -> 0 | BS13: =IF(RESUMO_GLOBAL!$X$53="a",ROUND(AI13*$N13,RESUMO_GLOBAL!$X$54),IF(RESUMO_GLOBAL!$X$53="t",TRUNC(AI13*$N13,RESUMO_GLOBAL!$X$54),AI13*$N13)) -> 0 | BT13: =IF(RESUMO_GLOBAL!$X$53="a",ROUND(AJ13*$N13,RESUMO_GLOBAL!$X$54),IF(RESUMO_GLOBAL!$X$53="t",TRUNC(AJ13*$N13,RESUMO_GLOBAL!$X$54),AJ13*$N13)) -> 0 | BU13: =IF(RESUMO_GLOBAL!$X$53="a",ROUND(AK13*$N13,RESUMO_GLOBAL!$X$54),IF(RESUMO_GLOBAL!$X$53="t",TRUNC(AK13*$N13,RESUMO_GLOBAL!$X$54),AK13*$N13)) -> 0 | BV13: =IF(RESUMO_GLOBAL!$X$53="a",ROUND(AL13*$N13,RESUMO_GLOBAL!$X$54),IF(RESUMO_GLOBAL!$X$53="t",TRUNC(AL13*$N13,RESUMO_GLOBAL!$X$54),AL13*$N13)) -> 0 | BW13: =IF(RESUMO_GLOBAL!$X$53="a",ROUND(AM13*$N13,RESUMO_GLOBAL!$X$54),IF(RESUMO_GLOBAL!$X$53="t",TRUNC(AM13*$N13,RESUMO_GLOBAL!$X$54),AM13*$N13)) -> 0 | ... CG13: =IF(RESUMO_GLOBAL!$X$53="a",ROUND(AW13*$N13,RESUMO_GLOBAL!$X$54),IF(RESUMO_GLOBAL!$X$53="t",TRUNC(AW13*$N13,RESUMO_GLOBAL!$X$54),AW13*$N13)) -> 0 | CK13: =IF($C13<>0,0,SUM(CK14,BP13)) -> 0 | CL13: =IF($C13<>0,0,SUM(CL14,BQ13)) -> 0 | CM13: =IF($C13<>0,0,SUM(CM14,BR13)) -> 0 | CN13: =IF($C13<>0,0,SUM(CN14,BS13)) -> 0 | CO13: =IF($C13<>0,0,SUM(CO14,BT13)) -> 0 | CP13: =IF($C13<>0,0,SUM(CP14,BU13)) -> 0 | CQ13: =IF($C13<>0,0,SUM(CQ14,BV13)) -> 0 | CR13: =IF($C13<>0,0,SUM(CR14,BW13)) -> 0 | ... DB13: =IF($C13<>0,0,SUM(DB14,CG13)) -> 0 | DE13: =DE12+1 -> 8 | DF13: =IF(C13<>0,C13,"") -> 2 | DG13: =IF($C13<>0,SUM($CK14:CK14),0) -> 74085.81 | DH13: =IF($C13<>0,SUM($CK14:CL14),0) -> 78869.34 | DI13: =IF($C13<>0,SUM($CK14:CM14),0) -> 78869.34 | DJ13: =IF($C13<>0,SUM($CK14:CN14),0) -> 78869.34 | DK13: =IF($C13<>0,SUM($CK14:CO14),0) -> 78869.34 | DL13: =IF($C13<>0,SUM($CK14:CP14),0) -> 78869.34 | DM13: =IF($C13<>0,SUM($CK14:CQ14),0) -> 78869.34 | DN13: =IF($C13<>0,SUM($CK14:CR14),0) -> 78869.34 | ... DX13: =IF($C13<>0,SUM($CK14:DB14),0) -> 78869.34 | DY13: =IF(DX13=0,"",DX13) -> 78869.34
A14: =IF(LEN(F14)>3,"x",IF(N14<0,"x","")) -> x | B14: =Dados_GLOBAL_Inicial!E14 -> 0 | C14: =IF(IFERROR(VALUE(Dados_GLOBAL_Inicial!F14),0)=0,0,Dados_GLOBAL_Inicial!F14) -> 0 | D14: =Dados_GLOBAL_Inicial!G14 -> 400300 | E14: =IF(IFERROR(VLOOKUP(F14,Cod_Gde_Itens!$A$1:$B$80,2,FALSE),0)>549,IFERROR(VLOOKUP(F14,Cod_Gde_Itens!$A$1:$B$80,2,FALSE),0),IF(Dados_GLOBAL_Inicial!H14=0,"",Dados_GLOBAL_Inicial!H14)) -> DER | F14: =Dados_GLOBAL_Inicial!I14 -> Destocamento árvores diam. > 30cm | G14: =Dados_GLOBAL_Inicial!J14 -> un | H14: =Dados_GLOBAL_Inicial!K14 -> 124 | I14: =SUM('MEDIÇÃO_OBJETO (1)'!I14) -> 0 | J14: =SUM(H14:I14) -> 124 | K14: =AC14 -> 0.10483871 | L14: =IF(total=0,0,IF((A14)="c",ROUNDUP(P14/total,4),IF((A14)="b",ROUNDDOWN(P14/total,4),ROUND(P14/total,4)))) -> 0.0014 | M14: =IF(J14=0,0,IF(K14>100%,"excesso",IF(ISNUMBER(K14),ROUND(K14*L14,4),IF(K14="<excesso",ROUND(100%*L14,4),0)))) -> 0.0001 | N14: =IF(IFERROR(VALUE(Dados_GLOBAL_Inicial!L14),0)=0,0,Dados_GLOBAL_Inicial!L14) -> 47.2 | O14: =SUM('MEDIÇÃO_OBJETO (1)'!O14) -> 613.6 | P14: =SUM('MEDIÇÃO_OBJETO (1)'!P14) -> 5852.8 | Q14: =P14-O14 -> 5239.2 | S14: =SUM('MEDIÇÃO_OBJETO (1)'!S14) -> 0 | T14: =SUM('MEDIÇÃO_OBJETO (1)'!T14) -> 0 | W14: =IF(C14<>0,0,W15+O14) -> 77422.17 | X14: =IF(C14<>0,W15,0) -> 0 | Y14: =IF(C14<>0,0,Y15+P14) -> 130561.95 | Z14: =IF(C14<>0,Y15,0) -> 0 | AB14: =SUM(AF14:AW14) -> 13 | AC14: =IF(J14=0,0,AB14/J14) -> 0.10483871 | AE14: =IFERROR(IF(C14=0,0,C14),0) -> 0 | AF14: =SUM('MEDIÇÃO_OBJETO (1)'!AG14) -> 4 | AG14: =SUM('MEDIÇÃO_OBJETO (1)'!AH14) -> 9 | AH14: =SUM('MEDIÇÃO_OBJETO (1)'!AI14) -> 0 | AI14: =SUM('MEDIÇÃO_OBJETO (1)'!AJ14) -> 0 | AJ14: =SUM('MEDIÇÃO_OBJETO (1)'!AK14) -> 0 | AK14: =SUM('MEDIÇÃO_OBJETO (1)'!AL14) -> 0 | AL14: =SUM('MEDIÇÃO_OBJETO (1)'!AM14) -> 0 | AM14: =SUM('MEDIÇÃO_OBJETO (1)'!AN14) -> 0 | ... AW14: =SUM('MEDIÇÃO_OBJETO (1)'!AX14) -> 0 | BN14: =O14-BO14 -> 0 | BO14: =IFERROR(SUM(BP14:CG14),0) -> 613.6 | BP14: =IF(RESUMO_GLOBAL!$X$53="a",ROUND(AF14*$N14,RESUMO_GLOBAL!$X$54),IF(RESUMO_GLOBAL!$X$53="t",TRUNC(AF14*$N14,RESUMO_GLOBAL!$X$54),AF14*$N14)) -> 188.8 | BQ14: =IF(RESUMO_GLOBAL!$X$53="a",ROUND(AG14*$N14,RESUMO_GLOBAL!$X$54),IF(RESUMO_GLOBAL!$X$53="t",TRUNC(AG14*$N14,RESUMO_GLOBAL!$X$54),AG14*$N14)) -> 424.8 | BR14: =IF(RESUMO_GLOBAL!$X$53="a",ROUND(AH14*$N14,RESUMO_GLOBAL!$X$54),IF(RESUMO_GLOBAL!$X$53="t",TRUNC(AH14*$N14,RESUMO_GLOBAL!$X$54),AH14*$N14)) -> 0 | BS14: =IF(RESUMO_GLOBAL!$X$53="a",ROUND(AI14*$N14,RESUMO_GLOBAL!$X$54),IF(RESUMO_GLOBAL!$X$53="t",TRUNC(AI14*$N14,RESUMO_GLOBAL!$X$54),AI14*$N14)) -> 0 | BT14: =IF(RESUMO_GLOBAL!$X$53="a",ROUND(AJ14*$N14,RESUMO_GLOBAL!$X$54),IF(RESUMO_GLOBAL!$X$53="t",TRUNC(AJ14*$N14,RESUMO_GLOBAL!$X$54),AJ14*$N14)) -> 0 | BU14: =IF(RESUMO_GLOBAL!$X$53="a",ROUND(AK14*$N14,RESUMO_GLOBAL!$X$54),IF(RESUMO_GLOBAL!$X$53="t",TRUNC(AK14*$N14,RESUMO_GLOBAL!$X$54),AK14*$N14)) -> 0 | BV14: =IF(RESUMO_GLOBAL!$X$53="a",ROUND(AL14*$N14,RESUMO_GLOBAL!$X$54),IF(RESUMO_GLOBAL!$X$53="t",TRUNC(AL14*$N14,RESUMO_GLOBAL!$X$54),AL14*$N14)) -> 0 | BW14: =IF(RESUMO_GLOBAL!$X$53="a",ROUND(AM14*$N14,RESUMO_GLOBAL!$X$54),IF(RESUMO_GLOBAL!$X$53="t",TRUNC(AM14*$N14,RESUMO_GLOBAL!$X$54),AM14*$N14)) -> 0 | ... CG14: =IF(RESUMO_GLOBAL!$X$53="a",ROUND(AW14*$N14,RESUMO_GLOBAL!$X$54),IF(RESUMO_GLOBAL!$X$53="t",TRUNC(AW14*$N14,RESUMO_GLOBAL!$X$54),AW14*$N14)) -> 0 | CK14: =IF($C14<>0,0,SUM(CK15,BP14)) -> 74085.81 | CL14: =IF($C14<>0,0,SUM(CL15,BQ14)) -> 4783.53 | CM14: =IF($C14<>0,0,SUM(CM15,BR14)) -> 0 | CN14: =IF($C14<>0,0,SUM(CN15,BS14)) -> 0 | CO14: =IF($C14<>0,0,SUM(CO15,BT14)) -> 0 | CP14: =IF($C14<>0,0,SUM(CP15,BU14)) -> 0 | CQ14: =IF($C14<>0,0,SUM(CQ15,BV14)) -> 0 | CR14: =IF($C14<>0,0,SUM(CR15,BW14)) -> 0 | ... DB14: =IF($C14<>0,0,SUM(DB15,CG14)) -> 0 | DE14: =DE13+1 -> 9 | DF14: =IF(C14<>0,C14,"") | DG14: =IF($C14<>0,SUM($CK15:CK15),0) -> 0 | DH14: =IF($C14<>0,SUM($CK15:CL15),0) -> 0 | DI14: =IF($C14<>0,SUM($CK15:CM15),0) -> 0 | DJ14: =IF($C14<>0,SUM($CK15:CN15),0) -> 0 | DK14: =IF($C14<>0,SUM($CK15:CO15),0) -> 0 | DL14: =IF($C14<>0,SUM($CK15:CP15),0) -> 0 | DM14: =IF($C14<>0,SUM($CK15:CQ15),0) -> 0 | DN14: =IF($C14<>0,SUM($CK15:CR15),0) -> 0 | ... DX14: =IF($C14<>0,SUM($CK15:DB15),0) -> 0 | DY14: =IF(DX14=0,"",DX14)
A15: =IF(LEN(F15)>3,"x",IF(N15<0,"x","")) -> x | B15: =Dados_GLOBAL_Inicial!E15 -> 0 | C15: =IF(IFERROR(VALUE(Dados_GLOBAL_Inicial!F15),0)=0,0,Dados_GLOBAL_Inicial!F15) -> 0 | D15: =Dados_GLOBAL_Inicial!G15 -> 520100B | E15: =IF(IFERROR(VLOOKUP(F15,Cod_Gde_Itens!$A$1:$B$80,2,FALSE),0)>549,IFERROR(VLOOKUP(F15,Cod_Gde_Itens!$A$1:$B$80,2,FALSE),0),IF(Dados_GLOBAL_Inicial!H15=0,"",Dados_GLOBAL_Inicial!H15)) -> DER/PRC | F15: =Dados_GLOBAL_Inicial!I15 -> Escavação, Carga e Transp. 1ª Cat. | G15: =Dados_GLOBAL_Inicial!J15 -> m3 | H15: =Dados_GLOBAL_Inicial!K15 -> 7520.94 | I15: =SUM('MEDIÇÃO_OBJETO (1)'!I15) -> 0 | J15: =SUM(H15:I15) -> 7520.94 | K15: =AC15 -> 0.24982781 | L15: =IF(total=0,0,IF((A15)="c",ROUNDUP(P15/total,4),IF((A15)="b",ROUNDDOWN(P15/total,4),ROUND(P15/total,4)))) -> 0.015 | M15: =IF(J15=0,0,IF(K15>100%,"excesso",IF(ISNUMBER(K15),ROUND(K15*L15,4),IF(K15="<excesso",ROUND(100%*L15,4),0)))) -> 0.0037 | N15: =IF(IFERROR(VALUE(Dados_GLOBAL_Inicial!L15),0)=0,0,Dados_GLOBAL_Inicial!L15) -> 8.49 | O15: =SUM('MEDIÇÃO_OBJETO (1)'!O15) -> 15952.2 | P15: =SUM('MEDIÇÃO_OBJETO (1)'!P15) -> 63852.78 | Q15: =P15-O15 -> 47900.58 | S15: =SUM('MEDIÇÃO_OBJETO (1)'!S15) -> 0 | T15: =SUM('MEDIÇÃO_OBJETO (1)'!T15) -> 0 | W15: =IF(C15<>0,0,W16+O15) -> 76808.57 | X15: =IF(C15<>0,W16,0) -> 0 | Y15: =IF(C15<>0,0,Y16+P15) -> 124709.15 | Z15: =IF(C15<>0,Y16,0) -> 0 | AB15: =SUM(AF15:AW15) -> 1878.94 | AC15: =IF(J15=0,0,AB15/J15) -> 0.24982781 | AE15: =IFERROR(IF(C15=0,0,C15),0) -> 0 | AF15: =SUM('MEDIÇÃO_OBJETO (1)'!AG15) -> 1536 | AG15: =SUM('MEDIÇÃO_OBJETO (1)'!AH15) -> 342.94 | AH15: =SUM('MEDIÇÃO_OBJETO (1)'!AI15) -> 0 | AI15: =SUM('MEDIÇÃO_OBJETO (1)'!AJ15) -> 0 | AJ15: =SUM('MEDIÇÃO_OBJETO (1)'!AK15) -> 0 | AK15: =SUM('MEDIÇÃO_OBJETO (1)'!AL15) -> 0 | AL15: =SUM('MEDIÇÃO_OBJETO (1)'!AM15) -> 0 | AM15: =SUM('MEDIÇÃO_OBJETO (1)'!AN15) -> 0 | ... AW15: =SUM('MEDIÇÃO_OBJETO (1)'!AX15) -> 0 | BN15: =O15-BO15 -> -0.01 | BO15: =IFERROR(SUM(BP15:CG15),0) -> 15952.21 | BP15: =IF(RESUMO_GLOBAL!$X$53="a",ROUND(AF15*$N15,RESUMO_GLOBAL!$X$54),IF(RESUMO_GLOBAL!$X$53="t",TRUNC(AF15*$N15,RESUMO_GLOBAL!$X$54),AF15*$N15)) -> 13040.64 | BQ15: =IF(RESUMO_GLOBAL!$X$53="a",ROUNDUP(AG15*$N15,RESUMO_GLOBAL!$X$54),IF(RESUMO_GLOBAL!$X$53="t",TRUNC(AG15*$N15,RESUMO_GLOBAL!$X$54),AG15*$N15)) -> 2911.57 | BR15: =IF(RESUMO_GLOBAL!$X$53="a",ROUND(AH15*$N15,RESUMO_GLOBAL!$X$54),IF(RESUMO_GLOBAL!$X$53="t",TRUNC(AH15*$N15,RESUMO_GLOBAL!$X$54),AH15*$N15)) -> 0 | BS15: =IF(RESUMO_GLOBAL!$X$53="a",ROUND(AI15*$N15,RESUMO_GLOBAL!$X$54),IF(RESUMO_GLOBAL!$X$53="t",TRUNC(AI15*$N15,RESUMO_GLOBAL!$X$54),AI15*$N15)) -> 0 | BT15: =IF(RESUMO_GLOBAL!$X$53="a",ROUND(AJ15*$N15,RESUMO_GLOBAL!$X$54),IF(RESUMO_GLOBAL!$X$53="t",TRUNC(AJ15*$N15,RESUMO_GLOBAL!$X$54),AJ15*$N15)) -> 0 | BU15: =IF(RESUMO_GLOBAL!$X$53="a",ROUND(AK15*$N15,RESUMO_GLOBAL!$X$54),IF(RESUMO_GLOBAL!$X$53="t",TRUNC(AK15*$N15,RESUMO_GLOBAL!$X$54),AK15*$N15)) -> 0 | BV15: =IF(RESUMO_GLOBAL!$X$53="a",ROUND(AL15*$N15,RESUMO_GLOBAL!$X$54),IF(RESUMO_GLOBAL!$X$53="t",TRUNC(AL15*$N15,RESUMO_GLOBAL!$X$54),AL15*$N15)) -> 0 | BW15: =IF(RESUMO_GLOBAL!$X$53="a",ROUND(AM15*$N15,RESUMO_GLOBAL!$X$54),IF(RESUMO_GLOBAL!$X$53="t",TRUNC(AM15*$N15,RESUMO_GLOBAL!$X$54),AM15*$N15)) -> 0 | BX15: =IF(RESUMO_GLOBAL!$X$53="a",ROUND(AN15*$N15,RESUMO_GLOBAL!$X$54),IF(RESUMO_GLOBAL!$X$53="t",TRUNC(AN15*$N15,RESUMO_GLOBAL!$X$54),AN15*$N15)) -> 0 | BY15: =IF(RESUMO_GLOBAL!$X$53="a",ROUND(AO15*$N15,RESUMO_GLOBAL!$X$54),IF(RESUMO_GLOBAL!$X$53="t",TRUNC(AO15*$N15,RESUMO_GLOBAL!$X$54),AO15*$N15)) -> 0 | ... CG15: =IF(RESUMO_GLOBAL!$X$53="a",ROUND(AW15*$N15,RESUMO_GLOBAL!$X$54),IF(RESUMO_GLOBAL!$X$53="t",TRUNC(AW15*$N15,RESUMO_GLOBAL!$X$54),AW15*$N15)) -> 0 | CK15: =IF($C15<>0,0,SUM(CK16,BP15)) -> 73897.01 | CL15: =IF($C15<>0,0,SUM(CL16,BQ15)) -> 4358.73 | CM15: =IF($C15<>0,0,SUM(CM16,BR15)) -> 0 | CN15: =IF($C15<>0,0,SUM(CN16,BS15)) -> 0 | CO15: =IF($C15<>0,0,SUM(CO16,BT15)) -> 0 | CP15: =IF($C15<>0,0,SUM(CP16,BU15)) -> 0 | CQ15: =IF($C15<>0,0,SUM(CQ16,BV15)) -> 0 | CR15: =IF($C15<>0,0,SUM(CR16,BW15)) -> 0 | ... DB15: =IF($C15<>0,0,SUM(DB16,CG15)) -> 0 | DE15: =DE14+1 -> 10 | DF15: =IF(C15<>0,C15,"") | DG15: =IF($C15<>0,SUM($CK16:CK16),0) -> 0 | DH15: =IF($C15<>0,SUM($CK16:CL16),0) -> 0 | DI15: =IF($C15<>0,SUM($CK16:CM16),0) -> 0 | DJ15: =IF($C15<>0,SUM($CK16:CN16),0) -> 0 | DK15: =IF($C15<>0,SUM($CK16:CO16),0) -> 0 | DL15: =IF($C15<>0,SUM($CK16:CP16),0) -> 0 | DM15: =IF($C15<>0,SUM($CK16:CQ16),0) -> 0 | DN15: =IF($C15<>0,SUM($CK16:CR16),0) -> 0 | ... DX15: =IF($C15<>0,SUM($CK16:DB16),0) -> 0 | DY15: =IF(DX15=0,"",DX15)
